Workbook

Sheet DIMENSIONAMENTO ESTIMADO  
A1: SUGESTÃO DE DIMENSIONAMENTO ESTIMADO DE PESSOAL DA DIVISÃO DE NUTRIÇÃO
A3: SUGESTÃO DE DIMENSIONAMENTO ESTIMADO DE PESSOAL
A4: Categoria Profissional | B4: CBO | C4: NÚMERO POR PLANTÃO (A e B), 2 EQUIPES EM ESCALA 12X36 | M4: DIARISTAS | O4: TOTAL DE MO A CONTRATAR
C5: 06:00 às 18:00h | E5: 06:30 às 18:30h | G5: 08:30 às 20:30h | I5: 09:00 às 21:00h | K5: 19:00 às 07:00h | M5: 07:00 às 16:00h | N5: 08:00 às 17:00h
C6: A | D6: B | E6: A | F6: B | G6: A | H6: B | I6: A | J6: B | K6: A | L6: B
A7: Nutricionista RT de Produção | B7: 2237-10 | M7: 1 | O7: =SUM(C7:N7) -> 1
A8: Nutricionista Plantonista Grandes Refeições | B8: 2237-10 | C8: 1 | D8: 1 | I8: 1 | J8: 1 | O8: =SUM(C8:N8) -> 4
A9: Nutricionista Plantonista Pequenas Refeições, Lanches Padronizados, Dietas Líquidas e Semilíquidas e Pediatria | B9: 2237-10 | C9: 1 | D9: 1 | O9: =SUM(C9:N9) -> 2
A10: Nutricionista Planejamento | B10: 2237-10 | M10: 1 | O10: =SUM(C10:N10) -> 1
A11: Nutricionista do Controle de Qualidade/Auxiliar Chefia | B11: 2237-10 | M11: 1 | O11: =SUM(C11:N11) -> 1
A12: Nutricionista RT Lactário/Enteral/Banco de Leite | B12: 2237-10 | E12: 1 | F12: 1 | O12: =SUM(C12:N12) -> 2
A13: Tecnico em Nutrição* | B13: 3252-10 | E13: 5 | F13: 5 | K13: 1 | L13: 1 | M13: 2 | O13: =SUM(C13:N13) -> 14
A14: Assistente Administrativo | B14: 4110-05 | M14: 3 | O14: =SUM(C14:N14) -> 3
A15: Almoxarife | B15: 4141-05 | M15: 1 | O15: =SUM(C15:N15) -> 1
A16: Aux. de Almoxarife | B16: 4141-05 | C16: 1 | D16: 1 | E16: 1 | F16: 1 | G16: 1 | H16: 1 | O16: =SUM(C16:N16) -> 6
A17: Cozinheiro Lider | B17: 5132-14 | C17: 1 | D17: 1 | O17: =SUM(C17:N17) -> 2
A18: Magarefe | B18: 8485-20 | C18: 1 | D18: 1 | O18: =SUM(C18:N18) -> 2
A19: Cozinheiro | B19: 5132-15 | C19: 1 | D19: 1 | E19: 1 | F19: 1 | O19: =SUM(C19:N19) -> 4
A20: Copeiro Auxiliar de Cozinha ** | B20: 5135-05 | C20: 10 | D20: 10 | E20: 4 | F20: 4 | G20: 1 | H20: 1 | K20: 1 | L20: 1 | O20: =SUM(C20:N20) -> 32
A21: Copeiro de Distribuição*** | B21: 5134-25 | E21: 29 | F21: 29 | G21: 5 | H21: 5 | K21: 5 | L21: 5 | M21: 2 | O21: =SUM(C21:N21) -> 80
A22: Servente de Limpeza**** | B22: 5143-20 | C22: 2 | D22: 2 | E22: 7 | F22: 7 | G22: 1 | H22: 1 | I22: 2 | J22: 2 | K22: 1 | L22: 1 | O22: =SUM(C22:N22) -> 26
A23: Tecnico em Manutenção ***** | B23: 5143-10 | N23: 1 | O23: =SUM(C23:N23) -> 1
A24: Mecânico de Refrigeração ***** | B24: 7257-05 | N24: 1 | O24: =SUM(C24:N24) -> 1
A27: Motorista | B27: 7823-10 | E27: 1 | F27: 1 | O27: =SUM(C27:N27) -> 2
C28: =SUM(C7:C27) -> 18 | D28: =SUM(D7:D27) -> 18 | E28: =SUM(E7:E27) -> 49 | F28: =SUM(F7:F27) -> 49 | G28: =SUM(G7:G27) -> 8 | H28: =SUM(H7:H27) -> 8 | I28: =SUM(I7:I27) -> 3 | J28: =SUM(J7:J27) -> 3 | ... O28: =SUM(O7:O27) -> 185
A29: Subtotal

Sheet VALOR ESTIMADO
A2: VALOR ESTIMADO DO POSTO DIA
A3: Categoria Profissional | B3: CBO | C3: VALOR MENSAL | D3: VALOR ANUAL
A6: Servente de Limp Plant Diurno | B6: 5143-20 | C6: ='Serv Limp Plant Diurno'!C154 -> 120728.88 | D6: ='Serv Limp Plant Diurno'!C155 -> 1448746.6
A7: Servente de Limp Plant Noturno | B7: 5143-20 | C7: ='Serv Limp Plant Noturno'!C154 -> 11520.98 | D7: ='Serv Limp Plant Noturno'!C155 -> 138251.76
A8: Assistente Administrativo | B8: 4110-05 | C8: =C10 -> 31400.16 | D8: ='Ass Adm. Diarista '!C155 -> 247511.16
A9: Almoxarife | B9: 4141-05 | C9: ='Almoxarife Diarista'!C154 -> 5634.52 | D9: ='Almoxarife Diarista'!C155 -> 67614.24
A10: Aux. de Almoxarife | B10: 4141-05 | C10: ='Aux Almoxarife '!C154 -> 31400.16 | D10: ='Aux Almoxarife '!C155 -> 376801.92
A11: Cozinheiro Lider | B11: 5132-14 | C11: ='Cozinheiro Lider'!C154 -> 14839.68 | D11: ='Cozinheiro Lider'!C155 -> 178076.16
A12: Cozinheiro | B12: 5132-15 | C12: ='Cozinheiro '!C154 -> 22123.84 | D12: ='Cozinheiro '!C155 -> 265486.08
A13: Auxiliar de Cozinha | B13: 5135-05 | C13: ='Aux Cozinha '!C154 -> 157842 | D13: ='Aux Cozinha '!C155 -> 1894104
A14: Auxiliar de Cozinha Noturno | B14: 5135-05 | C14: ='Aux Cozinha Noturno'!C154 -> 12058.04 | D14: ='Aux Cozinha Noturno'!C155 -> 144696.48
A15: Copeiro Diarista | B15: 5134-25 | C15: ='Copeiro diarista '!C154 -> 10687.46 | D15: ='Copeiro diarista '!C155 -> 128249.52
A16: Copeiro Plantonista Noturno | B16: 5134-26 | C16: ='Copeiro Plant Noturno '!C154 -> 59797.6 | D16: ='Copeiro Plant Noturno '!C155 -> 717571.2
A17: Copeiro Plantonista Diurno | B17: 5134-27 | C17: ='Copeiro Plant diurno '!C154 -> 354424.84 | D17: ='Copeiro Plant diurno '!C155 -> 4253098.1
A18: Tecnico em Manutenção | B18: 5143-10 | C18: ='Tec. Manutenção'!C154 -> 9888.36 | D18: ='Tec. Manutenção'!C155 -> 118660.32
A19: Motorista | B19: 7823-10 | C19: ='Motorista '!C154 -> 14485.84 | D19: ='Motorista '!C155 -> 173830.08
A20: Nutricionista RT Lactário/Enteral/Banco de Leite | B20: 2237-10 | C20: =' Nutricionista RT SET FEC PLANT'!C154 -> 24761.44 | D20: =' Nutricionista RT SET FEC PLANT'!C155 -> 297137.28
A21: Nutricionista RT Chefia | B21: 2237-10 | C21: =' NUT RT CHEFIA DIARISTA'!C154 -> 14261.58 | D21: =' NUT RT CHEFIA DIARISTA'!C155 -> 171138.96
A22: Nutricionista Plantonista | B22: 2237-10 | C22: ='Nutricionista Plantonista'!C154 -> 69036.66 | D22: ='Nutricionista Plantonista'!C155 -> 828439.92
A23: Nutricionista Diarista | B23: 2237-10 | C23: ='Nutricionista Diarista '!C154 -> 24150.02 | D23: ='Nutricionista Diarista '!C155 -> 289800.24
A24: Tecnico em Nutrição Plant Noturno | B24: 3252-10 | C24: ='Tec em Nutrição Plant noturno'!C154 -> 12852.44 | D24: ='Tec em Nutrição Plant noturno'!C155 -> 154229.28
A25: Tecnico em Nutrição Plantonista Diurno | B25: 3252-10 | C25: ='Tecnico em Nutrição Plantonista'!C154 -> 55722 | D25: ='Tecnico em Nutrição Plantonista'!C155 -> 668664
A26: Tecnico em Nutrição Diarista | B26: 3252-10 | C26: ='Tecnico Nutrição Diarista'!C154 -> 11407.6 | D26: ='Tecnico Nutrição Diarista'!C155 -> 136891.2
A27: Mecânico de Refrigeração | B27: 7257-05 | C27: ='Mecânico de Refrigeração'!C154 -> 7115.83 | D27: ='Mecânico de Refrigeração'!C155 -> 85389.96
A30: Magarefe | B30: 8485-20 | C30: ='Magarefe plantonista '!C154 -> 10623.22 | D30: ='Magarefe plantonista '!C155 -> 127478.64
A31: TOTAL | C31: =SUM(C6:C30) -> 1086763.1 | D31: =SUM(D6:D30) -> 12911867

Sheet Serv Limp Plant Diurno
A2: PLANILHA 37 - SERVENTE DE LIMPEZA PLANTONISTA NOTURNO 20:00 às 08:00H
A4: Discriminação dos Serviços
A5: A | B5: Data de apresentação da proposta
A6: B | B6: Município | H6: Rio de Janeiro
A7: C | B7: Sindicato dosTrabalhadores nas Empresas de Refeições Coletivas, Refeições Rápidas (FAST FOOD) e Afins do Estado do Rio de Janeiro - SINDIREFEIÇÕES-RJ | H7: 2024
A8: D | B8: Nº de meses de execução contratual | H8: 12
A10: Identificação do Serviço
A11: Tipo de Serviço | C11: Unidade de Medida | E11: Quantidade total a contratar (em função da unidade de medida)
A12: Limpeza | C12: Nº Refeições | E12: 24
A14: Dados para composição dos custos referentes à mão-de-obra
A15: 1 | B15: Tipo de serviço (mesmo serviço com características distintas) | H15: Limpeza
A16: 2 | B16: Classificação Brasileira de Ocupações (CBO) | H16: 5143-20
A17: 3 | B17: Salário Nominativo da Categoria Profissional | H17: 1711.6
A18: 4 | B18: Categoria profissional (vinculada à execução contratual) | H18: Servente
A19: 5 | B19: Data base da categoria (dia/mês/ano) | H19: 45536
A21: MÓDULO 1 - COMPOSIÇÃO DA REMUNERAÇÃO
A22: 1 | B22: COMPOSIÇÃO DA REMUNERAÇÃO | H22: % | I22: VALOR (R$)
A23: A | B23: Salário Base | I23: 1711.6
A24: B | B24: Adicional Periculosidade | I24: 0
A25: C | B25: Adicional Insalubridade | H25: 0.2 | I25: =1412*H25 -> 282.4
A26: D | B26: Adicional Noturno | I26: 0
A27: E | B27: Adicional de Hora Noturna Reduzida | I27: 0
A28: F | B28: Outros (especificar) | I28: 0
A29: TOTAL DO MÓDULO 1 | I29: =TRUNC(SUM(I23:I28),2) -> 1994
A31: MÓDULO 2 – ENCARGOS E BENEFÍCIOS ANUAIS, MENSAIS E DIÁRIOS
A32: Submódulo 2.1 - 13º Salário, Férias e Adicional de Férias | H32: % | I32: VALOR (R$)
A33: A | B33: 13 (Décimo-terceiro) salário | H33: 0.0833 | I33: =$I$29*H33 -> 166.1002
A34: B | B34: Férias e Adicional de Férias | H34: 0.0278 | I34: =H34*I29 -> 55.4332
A35: TOTAL SUBMÓDULO 2.1 | H35: =TRUNC(SUM(H33:H34),4) -> 0.1111 | I35: =TRUNC(SUM(I33:I34),2) -> 221.53
J36: base 2.2 | K36: =I29+I35+I93 -> 2400.75
A37: Submódulo 2.2 - GPS, FGTS e Outras Contribuições | H37: % | I37: VALOR (R$) | J37: Total do mod 1+total submodulo 2.1+total mod 4
A38: A | B38: INSS | H38: 0.2 | I38: =H38*$K$36 -> 480.15
A39: B | B39: Salário Educação | H39: 0.025 | I39: =H39*$K$36 -> 60.01875
A40: C | B40: SAT (Seguro Acidente de Trabalho) | H40: =0.02*0.843 -> 0.01686 | I40: =H40*$K$36 -> 40.476645
A41: D | B41: SESC ou SESI | H41: 0.015 | I41: =H41*$K$36 -> 36.01125
A42: E | B42: SENAI - SENAC | H42: 0.01 | I42: =H42*$K$36 -> 24.0075
A43: F | B43: SEBRAE | H43: 0.006 | I43: =H43*$K$36 -> 14.4045
A44: G | B44: INCRA | H44: 0.002 | I44: =H44*$K$36 -> 4.8015
A45: H | B45: FGTS | H45: 0.08 | I45: =H45*$K$36 -> 192.06
A46: TOTAL SUBMÓDULO 2.2 | H46: =SUM(H38:H45) -> 0.35486 | I46: =TRUNC(SUM(I38:I45),2) -> 851.93
A48: Submódulo 2.3 - Benefícios Mensais e Diários | I48: VALOR (R$)
A49: A | B49: Transporte (onibus intermunicipal + barcas = $ 8,55) fonte ->www.cartaoriocard.com.br | H49: - | I49: =(8.55*2*16)-(I23*0.06) -> 170.904
A50: B | B50: Vale Compras (Cláusula 15 da CCT) | H50: - | I50: =265.2-31.1 -> 234.1
A51: C | B51: Taxa Negocial Sindicato Patronal (Cláusula 44 da CCT) | H51: - | I51: 5
A52: D | B52: Contribuição Assistencial Patronal (Cláusulas 42) | H52: - | I52: =(I23*2.7%)-(46.21*0.4) -> 27.7292
A53: E | B53: Contribuição Assistencial dos Empregados (Cláusula 41 da CCT) | H53: - | I53: =34.9 + (34.9/12) -> 37.808333
A54: F | B54: Benefício Assistencial (Cláusula 40 da CCT) | H54: - | I54: =31+(31/12) -> 33.583333
A55: G | B55: Outros - Gratificação Natalina (Cláusula 14 da CCT) | H55: - | I55: =(I50/2/12)-(15.55/12) -> 8.4583333
A56: TOTAL SUBMÓDULO 2.3 | I56: =SUM(I49:I55) -> 517.5832
A58: QUADRO-RESUMO DO MÓDULO 2 - ENCARGOS, BENEFÍCIOS ANUAIS, MENSAIS E DIÁRIOS
A59: Módulo 2 - Encargos, Benefícios Anuais, Mensais e Diários | I59: VALOR (R$)
A60: 2.1 | B60: 13º Salário, Férias e Adicional de Férias | I60: =I35 -> 221.53
A61: 2.2 | B61: GPS, FGTS e Outras Contribuições | I61: =I46 -> 851.93
A62: 2.3 | B62: Benefícios Mensais e Diários | I62: =I56 -> 517.5832
A63: TOTAL DO MÓDULO 2 | I63: =TRUNC(SUM(I60:I62),2) -> 1591.04
A65: MÓDULO 3 – PROVISÃO PARA RESCISÃO
A66: 3 | B66: PROVISÃO PARA RESCISÃO | H66: % | I66: VALOR (R$)
A67: A | B67: Aviso Prévio Indenizado | H67: 0.0042 | I67: =$I$29*H67 -> 8.3748
A68: B | B68: Incidência do FGTS sobre Aviso Prévio Indenizado | H68: =0.08*H67 -> 0.000336 | I68: =H68*I29 -> 0.669984
A69: C | B69: Multa do FGTS e Contribuição Social sobre o Aviso Prévio Indenizado | H69: =0.5*H68 -> 0.000168 | I69: =$I$29*H69 -> 0.334992
A70: D | B70: Aviso Prévio Trabalhado | H70: 0.0194 | I70: =$I$29*H70 -> 38.6836
A71: E | B71: Incidência de GPS, FGTS e outras contribuições sobre o Aviso Prévio Trabalhado (alterado pela IN 07/2018) | H71: =H46*H70 -> 0.006884284 | I71: =$I$29*H71 -> 13.727262
A72: F | B72: Multa do FGTS e Contribuição Social sobre o Aviso Prévio Trabalhado. | H72: =0.5*0.08*H70 -> 0.000776 | I72: =$I$29*H72 -> 1.547344
A73: TOTAL DO MÓDULO 3 | H73: =TRUNC(SUM(H67:H72),4) -> 0.0317 | I73: =TRUNC(SUM(I67:I72),2) -> 63.33
A75: MÓDULO 4 – CUSTO DE REPOSIÇÃO DO PROFISSIONAL AUSENTE
A76: Submódulo 4.1 - Ausências Legais | H76: % | I76: VALOR (R$)
A77: A | B77: Substituto na cobertura de Férias | H77: 0.0833 | I77: =$I$29*H77 -> 166.1002
A78: B | B78: Substituto na cobertura de Ausências Legais | H78: 0.0082 | I78: =$I$29*H78 -> 16.3508
A79: C | B79: Substituto na cobertura de Licença-Paternidade | H79: 0.0002 | I79: =$I$29*H79 -> 0.3988
A80: D | B80: Substituto na cobertura de Ausência por acidente de trabalho | H80: 0.0003 | I80: =$I$29*H80 -> 0.5982
A81: E | B81: Substituto na cobertura de Afastamento Maternidade | H81: 0.0061 | I81: =H81*K81 -> 1.7816327 | J81: base de cálculo | K81: =I33+I34+I51+I52+I53 -> 292.07093
A82: F | B82: Substituto na cobertura de Outras ausências (especificar) | H82: 0 | I82: =$I$29*H82 -> 0
A83: TOTAL SUBMÓDULO 4.1 | H83: =TRUNC(SUM(H77:H82),4) -> 0.0981 | I83: =TRUNC(SUM(I77:I82),2) -> 185.22
A85: Submódulo 4.2 - Intrajornada | H85: % | I85: VALOR (R$)
A86: A | B86: Substituto na cobertura de Intervalo para repouso ou alimentação | H86: 0 | I86: =$I$29*H86 -> 0
A87: TOTAL SUBMÓDULO 4.2 | H87: =TRUNC(SUM(H86),4) -> 0 | I87: =TRUNC(SUM(I86),2) -> 0
A89: QUADRO-RESUMO DO MÓDULO 4 - CUSTO DE REPOSIÇÃO DO PROFISSIONAL AUSENTE
A90: Módulo 4 - Custo de Reposição do Profissional Ausente | I90: VALOR (R$)
A91: 4.1 | B91: Substituto nas Ausências Legais | I91: =I83 -> 185.22
A92: 4.2 | B92: Substituto na intrajornada | I92: =I87 -> 0
A93: TOTAL DO MÓDULO 4 | I93: =TRUNC(SUM(I91:I92),2) -> 185.22
A95: MÓDULO 5 – INSUMOS DIVERSOS
A96: 5 | B96: INSUMOS DIVERSOS | I96: VALOR (R$)
A97: A | B97: Uniformes | H97: - | I97: =Uniformes!E77 -> 88.079014
A98: B | B98: Materiais (EPI´s) | H98: -
A99: C | B99: Equipamentos | H99: -
A100: D | B100: Outros (especificar) | H100: -
A101: TOTAL DO MÓDULO 5 | H101: - | I101: =TRUNC(SUM(I97:I100),2) -> 88.07
A103: MÓDULO 6 – CUSTOS INDIRETOS, TRIBUTOS E LUCRO
A104: 6 | B104: CUSTOS INDIRETOS, TRIBUTOS E LUCRO | H104: % | I104: VALOR (R$)
A105: A | B105: Custos Indiretos | H105: 0.03 | I105: =TRUNC(H105*I128,2) -> 117.64
A106: B | B106: Lucro | H106: 0.0679 | I106: =TRUNC(H106*(I105+I128),2) -> 274.26 | J106: =SUM(I105:I106) -> 391.9
A107: C | B107: TRIBUTOS
A108: C.1 | B108: PIS | H108: 0.0165 | I108: =TRUNC(H108*I117,2) -> 83
A109: C.2 | B109: COFINS | H109: 0.076 | I109: =TRUNC(H109*I117,2) -> 382.3
A110: C.3 | B110: ISS | H110: 0.05 | I110: =TRUNC(H110*I117,2) -> 251.51 | J110: =SUM(I108:I110) -> 716.81
A111: TOTAL DO MÓDULO 6 | H111: =SUM(H105:H110) -> 0.2404 | I111: =TRUNC(SUM(I105:I110),2) -> 1108.71
A113: a) | B113: To = Tributos % | H113: =TRUNC(H108+H109+H110,4) -> 0.1425
A115: b) | B115: Po = ( Total dos Módulos 1 a 5 ) + ( Custos indiretos ) + ( Lucro ) | I115: =TRUNC(I128+I105+I106,2) -> 4313.56
A117: c) | B117: P1 = Po / (1 - To) | I117: =TRUNC(I115/(1-H113),2) -> 5030.39
...

Sheet Serv Limp Plant Noturno
A2: PLANILHA 37 - SERVENTE DE LIMPEZA PLANTONISTA DIURNO
A4: Discriminação dos Serviços
A5: A | B5: Data de apresentação da proposta
A6: B | B6: Município | H6: Rio de Janeiro
A7: C | B7: Sindicato dosTrabalhadores nas Empresas de Refeições Coletivas, Refeições Rápidas (FAST FOOD) e Afins do Estado do Rio de Janeiro - SINDIREFEIÇÕES-RJ | H7: 2024
A8: D | B8: Nº de meses de execução contratual | H8: 12
A10: Identificação do Serviço
A11: Tipo de Serviço | C11: Unidade de Medida | E11: Quantidade total a contratar (em função da unidade de medida)
A12: Limpeza | C12: Nº Refeições | E12: 2
A14: Dados para composição dos custos referentes à mão-de-obra
A15: 1 | B15: Tipo de serviço (mesmo serviço com características distintas) | H15: Limpeza
A16: 2 | B16: Classificação Brasileira de Ocupações (CBO) | H16: 5143-20
A17: 3 | B17: Salário Nominativo da Categoria Profissional | H17: 1711.6
A18: 4 | B18: Categoria profissional (vinculada à execução contratual) | H18: Servente
A19: 5 | B19: Data base da categoria (dia/mês/ano) | H19: 45536
A21: MÓDULO 1 - COMPOSIÇÃO DA REMUNERAÇÃO
A22: 1 | B22: COMPOSIÇÃO DA REMUNERAÇÃO | H22: % | I22: VALOR (R$)
A23: A | B23: Salário Base | I23: 1711.6
A24: B | B24: Adicional Periculosidade | I24: 0
A25: C | B25: Adicional Insalubridade | H25: 0.2 | I25: =1412*H25 -> 282.4
A26: D | B26: Adicional Noturno | H26: 0.2 | I26: =I23*H26 -> 342.32
A27: E | B27: Adicional de Hora Noturna Reduzida | I27: 0
A28: F | B28: Outros (especificar) | I28: 0
A29: TOTAL DO MÓDULO 1 | I29: =TRUNC(SUM(I23:I28),2) -> 2336.32
A31: MÓDULO 2 – ENCARGOS E BENEFÍCIOS ANUAIS, MENSAIS E DIÁRIOS
A32: Submódulo 2.1 - 13º Salário, Férias e Adicional de Férias | H32: % | I32: VALOR (R$)
A33: A | B33: 13 (Décimo-terceiro) salário | H33: 0.0833 | I33: =$I$29*H33 -> 194.61546
A34: B | B34: Férias e Adicional de Férias | H34: 0.0278 | I34: =H34*I29 -> 64.949696
A35: TOTAL SUBMÓDULO 2.1 | H35: =TRUNC(SUM(H33:H34),4) -> 0.1111 | I35: =TRUNC(SUM(I33:I34),2) -> 259.56
J36: base 2.2 | K36: =I29+I35+I93 -> 2812.83
A37: Submódulo 2.2 - GPS, FGTS e Outras Contribuições | H37: % | I37: VALOR (R$) | J37: Total do mod 1+total submodulo 2.1+total mod 4
A38: A | B38: INSS | H38: 0.2 | I38: =H38*$K$36 -> 562.566
A39: B | B39: Salário Educação | H39: 0.025 | I39: =H39*$K$36 -> 70.32075
A40: C | B40: SAT (Seguro Acidente de Trabalho) | H40: =0.02*0.843 -> 0.01686 | I40: =H40*$K$36 -> 47.424314
A41: D | B41: SESC ou SESI | H41: 0.015 | I41: =H41*$K$36 -> 42.19245
A42: E | B42: SENAI - SENAC | H42: 0.01 | I42: =H42*$K$36 -> 28.1283
A43: F | B43: SEBRAE | H43: 0.006 | I43: =H43*$K$36 -> 16.87698
A44: G | B44: INCRA | H44: 0.002 | I44: =H44*$K$36 -> 5.62566
A45: H | B45: FGTS | H45: 0.08 | I45: =H45*$K$36 -> 225.0264
A46: TOTAL SUBMÓDULO 2.2 | H46: =SUM(H38:H45) -> 0.35486 | I46: =TRUNC(SUM(I38:I45),2) -> 998.16
A48: Submódulo 2.3 - Benefícios Mensais e Diários | I48: VALOR (R$)
A49: A | B49: Transporte (onibus intermunicipal + barcas = $ 8,55) fonte ->www.cartaoriocard.com.br | H49: - | I49: =(8.55*2*16)-(I23*0.06) -> 170.904
A50: B | B50: Vale Compras (Cláusula 15 da CCT) | H50: - | I50: =265.2-31.1 -> 234.1
A51: C | B51: Taxa Negocial Sindicato Patronal (Cláusula 44 da CCT) | H51: - | I51: 5
A52: D | B52: Contribuição Assistencial Patronal (Cláusulas 42) | H52: - | I52: =(I23*2.7%)-(46.21*0.4) -> 27.7292
A53: E | B53: Contribuição Assistencial dos Empregados (Cláusula 41 da CCT) | H53: - | I53: =34.9 + (34.9/12) -> 37.808333
A54: F | B54: Benefício Assistencial (Cláusula 40 da CCT) | H54: - | I54: =31+(31/12) -> 33.583333
A55: G | B55: Outros - Gratificação Natalina (Cláusula 14 da CCT) | H55: - | I55: =(I50/2/12)-(15.55/12) -> 8.4583333
A56: TOTAL SUBMÓDULO 2.3 | I56: =SUM(I49:I55) -> 517.5832
A58: QUADRO-RESUMO DO MÓDULO 2 - ENCARGOS, BENEFÍCIOS ANUAIS, MENSAIS E DIÁRIOS
A59: Módulo 2 - Encargos, Benefícios Anuais, Mensais e Diários | I59: VALOR (R$)
A60: 2.1 | B60: 13º Salário, Férias e Adicional de Férias | I60: =I35 -> 259.56
A61: 2.2 | B61: GPS, FGTS e Outras Contribuições | I61: =I46 -> 998.16
A62: 2.3 | B62: Benefícios Mensais e Diários | I62: =I56 -> 517.5832
A63: TOTAL DO MÓDULO 2 | I63: =TRUNC(SUM(I60:I62),2) -> 1775.3
A65: MÓDULO 3 – PROVISÃO PARA RESCISÃO
A66: 3 | B66: PROVISÃO PARA RESCISÃO | H66: % | I66: VALOR (R$)
A67: A | B67: Aviso Prévio Indenizado | H67: 0.0042 | I67: =$I$29*H67 -> 9.812544
A68: B | B68: Incidência do FGTS sobre Aviso Prévio Indenizado | H68: =0.08*H67 -> 0.000336 | I68: =H68*I29 -> 0.78500352
A69: C | B69: Multa do FGTS e Contribuição Social sobre o Aviso Prévio Indenizado | H69: =0.5*H68 -> 0.000168 | I69: =$I$29*H69 -> 0.39250176
A70: D | B70: Aviso Prévio Trabalhado | H70: 0.0194 | I70: =$I$29*H70 -> 45.324608
A71: E | B71: Incidência de GPS, FGTS e outras contribuições sobre o Aviso Prévio Trabalhado (alterado pela IN 07/2018) | H71: =H46*H70 -> 0.006884284 | I71: =$I$29*H71 -> 16.08389
A72: F | B72: Multa do FGTS e Contribuição Social sobre o Aviso Prévio Trabalhado. | H72: =0.5*0.08*H70 -> 0.000776 | I72: =$I$29*H72 -> 1.8129843
A73: TOTAL DO MÓDULO 3 | H73: =TRUNC(SUM(H67:H72),4) -> 0.0317 | I73: =TRUNC(SUM(I67:I72),2) -> 74.21
A75: MÓDULO 4 – CUSTO DE REPOSIÇÃO DO PROFISSIONAL AUSENTE
A76: Submódulo 4.1 - Ausências Legais | H76: % | I76: VALOR (R$)
A77: A | B77: Substituto na cobertura de Férias | H77: 0.0833 | I77: =$I$29*H77 -> 194.61546
A78: B | B78: Substituto na cobertura de Ausências Legais | H78: 0.0082 | I78: =$I$29*H78 -> 19.157824
A79: C | B79: Substituto na cobertura de Licença-Paternidade | H79: 0.0002 | I79: =$I$29*H79 -> 0.467264
A80: D | B80: Substituto na cobertura de Ausência por acidente de trabalho | H80: 0.0003 | I80: =$I$29*H80 -> 0.700896
A81: E | B81: Substituto na cobertura de Afastamento Maternidade | H81: 0.0061 | I81: =H81*K81 -> 2.0136264 | J81: base de cálculo | K81: =I33+I34+I51+I52+I53 -> 330.10269
A82: F | B82: Substituto na cobertura de Outras ausências (especificar) | H82: 0 | I82: =$I$29*H82 -> 0
A83: TOTAL SUBMÓDULO 4.1 | H83: =TRUNC(SUM(H77:H82),4) -> 0.0981 | I83: =TRUNC(SUM(I77:I82),2) -> 216.95
A85: Submódulo 4.2 - Intrajornada | H85: % | I85: VALOR (R$)
A86: A | B86: Substituto na cobertura de Intervalo para repouso ou alimentação | H86: 0 | I86: =$I$29*H86 -> 0
A87: TOTAL SUBMÓDULO 4.2 | H87: =TRUNC(SUM(H86),4) -> 0 | I87: =TRUNC(SUM(I86),2) -> 0
A89: QUADRO-RESUMO DO MÓDULO 4 - CUSTO DE REPOSIÇÃO DO PROFISSIONAL AUSENTE
A90: Módulo 4 - Custo de Reposição do Profissional Ausente | I90: VALOR (R$)
A91: 4.1 | B91: Substituto nas Ausências Legais | I91: =I83 -> 216.95
A92: 4.2 | B92: Substituto na intrajornada | I92: =I87 -> 0
A93: TOTAL DO MÓDULO 4 | I93: =TRUNC(SUM(I91:I92),2) -> 216.95
A95: MÓDULO 5 – INSUMOS DIVERSOS
A96: 5 | B96: INSUMOS DIVERSOS | I96: VALOR (R$)
A97: A | B97: Uniformes | H97: - | I97: =Uniformes!E77 -> 88.079014
A98: B | B98: Materiais (EPI´s) | H98: -
A99: C | B99: Equipamentos | H99: -
A100: D | B100: Outros (especificar) | H100: -
A101: TOTAL DO MÓDULO 5 | H101: - | I101: =TRUNC(SUM(I97:I100),2) -> 88.07
A103: MÓDULO 6 – CUSTOS INDIRETOS, TRIBUTOS E LUCRO
A104: 6 | B104: CUSTOS INDIRETOS, TRIBUTOS E LUCRO | H104: % | I104: VALOR (R$)
A105: A | B105: Custos Indiretos | H105: 0.03 | I105: =TRUNC(H105*I128,2) -> 134.72
A106: B | B106: Lucro | H106: 0.0679 | I106: =TRUNC(H106*(I105+I128),2) -> 314.07 | J106: =SUM(I105:I106) -> 448.79
A107: C | B107: TRIBUTOS
A108: C.1 | B108: PIS | H108: 0.0165 | I108: =TRUNC(H108*I117,2) -> 95.04
A109: C.2 | B109: COFINS | H109: 0.076 | I109: =TRUNC(H109*I117,2) -> 437.79
A110: C.3 | B110: ISS | H110: 0.05 | I110: =TRUNC(H110*I117,2) -> 288.02 | J110: =SUM(I108:I110) -> 820.85
A111: TOTAL DO MÓDULO 6 | H111: =SUM(H105:H110) -> 0.2404 | I111: =TRUNC(SUM(I105:I110),2) -> 1269.64
A113: a) | B113: To = Tributos % | H113: =TRUNC(H108+H109+H110,4) -> 0.1425
A115: b) | B115: Po = ( Total dos Módulos 1 a 5 ) + ( Custos indiretos ) + ( Lucro ) | I115: =TRUNC(I128+I105+I106,2) -> 4939.64
A117: c) | B117: P1 = Po / (1 - To) | I117: =TRUNC(I115/(1-H113),2) -> 5760.51
...

Sheet Ass Adm. Diarista 
A2: PLANILHA 38 - ASSISTENTE ADMINISTRATIVO PLENO DIARISTA
A4: Discriminação dos Serviços
A5: A | B5: Data de apresentação da proposta
A6: B | B6: Município | H6: Rio de Janeiro
A7: C | B7: Sindicato dos Empregados em Empresas de Asseio e Conservação | H7: 2024
A8: D | B8: Nº de meses de execução contratual | H8: 12
A10: Identificação do Serviço
A11: Tipo de Serviço | C11: Unidade de Medida | E11: Quantidade total a contratar (em função da unidade de medida)
A12: Alimentação | C12: Profissional | E12: 3
A14: Dados para composição dos custos referentes à mão-de-obra
A15: 1 | B15: Tipo de serviço (mesmo serviço com características distintas) | H15: Administrativo
A16: 2 | B16: Classificação Brasileira de Ocupações (CBO) | H16: 4110-05
A17: 3 | B17: Salário Nominativo da Categoria Profissional | H17: =SUM(2175.53) + 6.2%*2175.53 -> 2310.4129
A18: 4 | B18: Categoria profissional (vinculada à execução contratual) | H18: Assistente Administrativo
A19: 5 | B19: Data base da categoria (dia/mês/ano) | H19: 45352
A21: MÓDULO 1 - COMPOSIÇÃO DA REMUNERAÇÃO
A22: 1 | B22: COMPOSIÇÃO DA REMUNERAÇÃO | H22: % | I22: VALOR (R$)
A23: A | B23: Salário Base | I23: =H17 -> 2310.4129
A24: B | B24: Adicional Periculosidade | I24: 0
A25: C | B25: Adicional Insalubridade | H25: 0.2 | I25: =1412*H25 -> 282.4
A26: D | B26: Adicional Noturno | I26: 0
A27: E | B27: Adicional de Hora Noturna Reduzida | I27: 0
A28: F | B28: Outros (especificar) | I28: 0
A29: TOTAL DO MÓDULO 1 | I29: =TRUNC(SUM(I23:I28),2) -> 2592.81
A31: MÓDULO 2 – ENCARGOS E BENEFÍCIOS ANUAIS, MENSAIS E DIÁRIOS
A32: Submódulo 2.1 - 13º Salário, Férias e Adicional de Férias | H32: % | I32: VALOR (R$)
A33: A | B33: 13 (Décimo-terceiro) salário | H33: 0.0833 | I33: =$I$29*H33 -> 215.98107
A34: B | B34: Férias e Adicional de Férias | H34: 0.0278 | I34: =H34*I29 -> 72.080118
A35: TOTAL SUBMÓDULO 2.1 | H35: =TRUNC(SUM(H33:H34),4) -> 0.1111 | I35: =TRUNC(SUM(I33:I34),2) -> 288.06
J36: base 2.2 | K36: =I29+I35+I93 -> 3122.15
A37: Submódulo 2.2 - GPS, FGTS e Outras Contribuições | H37: % | I37: VALOR (R$) | J37: Total do mod 1+total submodulo 2.1+total mod 4
A38: A | B38: INSS | H38: 0.2 | I38: =H38*$K$36 -> 624.43
A39: B | B39: Salário Educação | H39: 0.025 | I39: =H39*$K$36 -> 78.05375
A40: C | B40: SAT (Seguro Acidente de Trabalho) | H40: =0.02*0.843 -> 0.01686 | I40: =H40*$K$36 -> 52.639449
A41: D | B41: SESC ou SESI | H41: 0.015 | I41: =H41*$K$36 -> 46.83225
A42: E | B42: SENAI - SENAC | H42: 0.01 | I42: =H42*$K$36 -> 31.2215
A43: F | B43: SEBRAE | H43: 0.006 | I43: =H43*$K$36 -> 18.7329
A44: G | B44: INCRA | H44: 0.002 | I44: =H44*$K$36 -> 6.2443
A45: H | B45: FGTS | H45: 0.08 | I45: =H45*$K$36 -> 249.772
A46: TOTAL SUBMÓDULO 2.2 | H46: =SUM(H38:H45) -> 0.35486 | I46: =TRUNC(SUM(I38:I45),2) -> 1107.92
A48: Submódulo 2.3 - Benefícios Mensais e Diários | I48: VALOR (R$)
A49: A | B49: Transporte (Cláusula 24) (onibus intermunicipal + barcas = $ 8,55) fonte ->www.cartaoriocard.com.br | H49: - | I49: =(8.55*2*22)-(I23*0.06) -> 237.57523
A50: B | B50: Auxílio-Refeição/Alimentação (Cláusula 23 da CCT) | H50: - | I50: =(23.5*22)-(517*0.1) -> 465.3
A51: C | B51: Contribuição Constitucional Confederativa Laboral (Cláusula 65) | H51: - | I51: 13.8
A52: D | B52: Benefício Social Familiar (Cláusula 29) | H52: - | I52: 20.15
A53: E | B53: Contribuição Confederativa Patronal (Cláusula 62 da CCT) | H53: - | I53: =(I23*2/12/3) -> 128.35627
A54: F | B54: Contribuição Assistencial Patronal (Cláusula 63 da CCT) | H54: - | I54: =I23/12/3 -> 64.178135
A55: G | B55: Contribuição Negocial Patronal + Mensalidade Sindical Laboral (Cláusulas 61 e 66 da CCT) | I55: =44/12+49 -> 52.666667
A56: TOTAL SUBMÓDULO 2.3 | I56: =SUM(I49:I55) -> 982.0263
A58: QUADRO-RESUMO DO MÓDULO 2 - ENCARGOS, BENEFÍCIOS ANUAIS, MENSAIS E DIÁRIOS
A59: Módulo 2 - Encargos, Benefícios Anuais, Mensais e Diários | I59: VALOR (R$)
A60: 2.1 | B60: 13º Salário, Férias e Adicional de Férias | I60: =I35 -> 288.06
A61: 2.2 | B61: GPS, FGTS e Outras Contribuições | I61: =I46 -> 1107.92
A62: 2.3 | B62: Benefícios Mensais e Diários | I62: =I56 -> 982.0263
A63: TOTAL DO MÓDULO 2 | I63: =TRUNC(SUM(I60:I62),2) -> 2378
A65: MÓDULO 3 – PROVISÃO PARA RESCISÃO
A66: 3 | B66: PROVISÃO PARA RESCISÃO | H66: % | I66: VALOR (R$)
A67: A | B67: Aviso Prévio Indenizado | H67: 0.0042 | I67: =$I$29*H67 -> 10.889802
A68: B | B68: Incidência do FGTS sobre Aviso Prévio Indenizado | H68: =0.08*H67 -> 0.000336 | I68: =H68*I29 -> 0.87118416
A69: C | B69: Multa do FGTS e Contribuição Social sobre o Aviso Prévio Indenizado | H69: =0.5*H68 -> 0.000168 | I69: =$I$29*H69 -> 0.43559208
A70: D | B70: Aviso Prévio Trabalhado | H70: 0.0194 | I70: =$I$29*H70 -> 50.300514
A71: E | B71: Incidência de GPS, FGTS e outras contribuições sobre o Aviso Prévio Trabalhado (alterado pela IN 07/2018) | H71: =H46*H70 -> 0.006884284 | I71: =$I$29*H71 -> 17.84964
A72: F | B72: Multa do FGTS e Contribuição Social sobre o Aviso Prévio Trabalhado. | H72: =0.5*0.08*H70 -> 0.000776 | I72: =$I$29*H72 -> 2.0120206
A73: TOTAL DO MÓDULO 3 | H73: =TRUNC(SUM(H67:H72),4) -> 0.0317 | I73: =TRUNC(SUM(I67:I72),2) -> 82.35
A75: MÓDULO 4 – CUSTO DE REPOSIÇÃO DO PROFISSIONAL AUSENTE
A76: Submódulo 4.1 - Ausências Legais | H76: % | I76: VALOR (R$)
A77: A | B77: Substituto na cobertura de Férias | H77: 0.0833 | I77: =$I$29*H77 -> 215.98107
A78: B | B78: Substituto na cobertura de Ausências Legais | H78: 0.0082 | I78: =$I$29*H78 -> 21.261042
A79: C | B79: Substituto na cobertura de Licença-Paternidade | H79: 0.0002 | I79: =$I$29*H79 -> 0.518562
A80: D | B80: Substituto na cobertura de Ausência por acidente de trabalho | H80: 0.0003 | I80: =$I$29*H80 -> 0.777843
A81: E | B81: Substituto na cobertura de Afastamento Maternidade | H81: 0.0061 | I81: =H81*K81 -> 2.7472415 | J81: base de cálculo | K81: =I33+I34+I51+I52+I53 -> 450.36746
A82: F | B82: Substituto na cobertura de Outras ausências (especificar) | H82: 0 | I82: =$I$29*H82 -> 0
A83: TOTAL SUBMÓDULO 4.1 | H83: =TRUNC(SUM(H77:H82),4) -> 0.0981 | I83: =TRUNC(SUM(I77:I82),2) -> 241.28
A85: Submódulo 4.2 - Intrajornada | H85: % | I85: VALOR (R$)
A86: A | B86: Substituto na cobertura de Intervalo para repouso ou alimentação | H86: 0 | I86: =$I$29*H86 -> 0
A87: TOTAL SUBMÓDULO 4.2 | H87: =TRUNC(SUM(H86),4) -> 0 | I87: =TRUNC(SUM(I86),2) -> 0
A89: QUADRO-RESUMO DO MÓDULO 4 - CUSTO DE REPOSIÇÃO DO PROFISSIONAL AUSENTE
A90: Módulo 4 - Custo de Reposição do Profissional Ausente | I90: VALOR (R$)
A91: 4.1 | B91: Substituto nas Ausências Legais | I91: =I83 -> 241.28
A92: 4.2 | B92: Substituto na intrajornada | I92: =I87 -> 0
A93: TOTAL DO MÓDULO 4 | I93: =TRUNC(SUM(I91:I92),2) -> 241.28
A95: MÓDULO 5 – INSUMOS DIVERSOS
A96: 5 | B96: INSUMOS DIVERSOS | I96: VALOR (R$)
A97: A | B97: Uniformes | H97: - | I97: =Uniformes!E16 -> 65.515314
A98: B | B98: Materiais | H98: - | I98: -
A99: C | B99: Equipamentos | H99: - | I99: -
A100: D | B100: Outros (especificar) | H100: - | I100: -
A101: TOTAL DO MÓDULO 5 | H101: - | I101: =TRUNC(SUM(I97:I100),2) -> 65.51
A103: MÓDULO 6 – CUSTOS INDIRETOS, TRIBUTOS E LUCRO
A104: 6 | B104: CUSTOS INDIRETOS, TRIBUTOS E LUCRO | H104: % | I104: VALOR (R$)
A105: A | B105: Custos Indiretos | H105: 0.03 | I105: =TRUNC(H105*I128,2) -> 160.79
A106: B | B106: Lucro | H106: 0.0679 | I106: =TRUNC(H106*(I105+I128),2) -> 374.85 | J106: =SUM(I105:I106) -> 535.64
A107: C | B107: TRIBUTOS
A108: C.1 | B108: PIS | H108: 0.0165 | I108: =TRUNC(H108*I117,2) -> 113.44
A109: C.2 | B109: COFINS | H109: 0.076 | I109: =TRUNC(H109*I117,2) -> 522.52
A110: C.3 | B110: ISS | H110: 0.05 | I110: =TRUNC(H110*I117,2) -> 343.76 | J110: =SUM(I108:I110) -> 979.72
A111: TOTAL DO MÓDULO 6 | H111: =SUM(H105:H110) -> 0.2404 | I111: =TRUNC(SUM(I105:I110),2) -> 1515.36
A113: a) | B113: To = Tributos % | H113: =TRUNC(H108+H109+H110,4) -> 0.1425
A115: b) | B115: Po = ( Total dos Módulos 1 a 5 ) + ( Custos indiretos ) + ( Lucro ) | I115: =TRUNC(I128+I105+I106,2) -> 5895.59
A117: c) | B117: P1 = Po / (1 - To) | I117: =TRUNC(I115/(1-H113),2) -> 6875.32
...

Sheet Almoxarife Diarista
A2: PLANILHA 39 - ALMOXARIFE DIARISTA
A4: Discriminação dos Serviços
A5: A | B5: Data de apresentação da proposta
A6: B | B6: Município | H6: Rio de Janeiro
A7: C | B7: Sindicato dosTrabalhadores nas Empresas de Refeições Coletivas, Refeições Rápidas (FAST FOOD) e Afins do Estado do Rio de Janeiro - SINDIREFEIÇÕES-RJ | H7: 2024
A8: D | B8: Nº de meses de execução contratual | H8: 12
A10: Identificação do Serviço
A11: Tipo de Serviço | C11: Unidade de Medida | E11: Quantidade total a contratar (em função da unidade de medida)
A12: Alimentação | C12: Nº Refeições | E12: 1
A14: Dados para composição dos custos referentes à mão-de-obra
A15: 1 | B15: Tipo de serviço (mesmo serviço com características distintas) | H15: Controle de Estoque
A16: 2 | B16: Classificação Brasileira de Ocupações (CBO) | H16: 4141-05
A17: 3 | B17: Salário Nominativo da Categoria Profissional | H17: 1929.4
A18: 4 | B18: Categoria profissional (vinculada à execução contratual) | H18: Almoxarife
A19: 5 | B19: Data base da categoria (dia/mês/ano) | H19: 45352
A21: MÓDULO 1 - COMPOSIÇÃO DA REMUNERAÇÃO
A22: 1 | B22: COMPOSIÇÃO DA REMUNERAÇÃO | H22: % | I22: VALOR (R$)
A23: A | B23: Salário Base | I23: =H17 -> 1929.4
A24: B | B24: Adicional Periculosidade | I24: 0
A25: C | B25: Adicional Insalubridade | H25: 0.2 | I25: =1412*H25 -> 282.4
A26: D | B26: Adicional Noturno | I26: 0
A27: E | B27: Adicional de Hora Noturna Reduzida | I27: 0
A28: F | B28: Outros (especificar) | I28: 0
A29: TOTAL DO MÓDULO 1 | I29: =TRUNC(SUM(I23:I28),2) -> 2211.8
A31: MÓDULO 2 – ENCARGOS E BENEFÍCIOS ANUAIS, MENSAIS E DIÁRIOS
A32: Submódulo 2.1 - 13º Salário, Férias e Adicional de Férias | H32: % | I32: VALOR (R$)
A33: A | B33: 13 (Décimo-terceiro) salário | H33: 0.0833 | I33: =$I$29*H33 -> 184.24294
A34: B | B34: Férias e Adicional de Férias | H34: 0.0278 | I34: =H34*I29 -> 61.48804
A35: TOTAL SUBMÓDULO 2.1 | H35: =TRUNC(SUM(H33:H34),4) -> 0.1111 | I35: =TRUNC(SUM(I33:I34),2) -> 245.73
J36: base 2.2 | K36: =I29+I35+I93 -> 2662.96
A37: Submódulo 2.2 - GPS, FGTS e Outras Contribuições | H37: % | I37: VALOR (R$) | J37: Total do mod 1+total submodulo 2.1+total mod 4
A38: A | B38: INSS | H38: 0.2 | I38: =H38*$K$36 -> 532.592
A39: B | B39: Salário Educação | H39: 0.025 | I39: =H39*$K$36 -> 66.574
A40: C | B40: SAT (Seguro Acidente de Trabalho) | H40: =0.02*0.843 -> 0.01686 | I40: =H40*$K$36 -> 44.897506
A41: D | B41: SESC ou SESI | H41: 0.015 | I41: =H41*$K$36 -> 39.9444
A42: E | B42: SENAI - SENAC | H42: 0.01 | I42: =H42*$K$36 -> 26.6296
A43: F | B43: SEBRAE | H43: 0.006 | I43: =H43*$K$36 -> 15.97776
A44: G | B44: INCRA | H44: 0.002 | I44: =H44*$K$36 -> 5.32592
A45: H | B45: FGTS | H45: 0.08 | I45: =H45*$K$36 -> 213.0368
A46: TOTAL SUBMÓDULO 2.2 | H46: =SUM(H38:H45) -> 0.35486 | I46: =TRUNC(SUM(I38:I45),2) -> 944.97
A48: Submódulo 2.3 - Benefícios Mensais e Diários | I48: VALOR (R$)
A49: A | B49: Transporte (onibus intermunicipal + barcas = $ 8,55) fonte ->www.cartaoriocard.com.br | H49: - | I49: =(8.55*2*22)-(I23*0.06) -> 260.436
A50: B | B50: Vale Compras (Cláusula 15 da CCT) | H50: - | I50: ='Serv Limp Plant Diurno'!I50 -> 234.1
A51: C | B51: Taxa Negocial Sindicato Patronal (Cláusula 44 da CCT) | H51: - | I51: 5
A52: D | B52: Contribuição Assistencial Patronal (Cláusulas 42) | H52: - | I52: =(I23*2.7%)-(52.09*0.4) -> 31.2578
A53: E | B53: Contribuição Assistencial dos Empregados (Cláusula 41 da CCT) | H53: - | I53: ='Serv Limp Plant Diurno'!I53 -> 37.808333
A54: F | B54: Benefício Assistencial (Cláusula 40 da CCT) | H54: - | I54: ='Serv Limp Plant Diurno'!I54 -> 33.583333
A55: G | B55: Outros - Gratificação Natalina (Cláusula 14 da CCT) | I55: ='Serv Limp Plant Diurno'!I55 -> 8.4583333
A56: TOTAL SUBMÓDULO 2.3 | I56: =SUM(I49:I55) -> 610.6438
A58: QUADRO-RESUMO DO MÓDULO 2 - ENCARGOS, BENEFÍCIOS ANUAIS, MENSAIS E DIÁRIOS
A59: Módulo 2 - Encargos, Benefícios Anuais, Mensais e Diários | I59: VALOR (R$)
A60: 2.1 | B60: 13º Salário, Férias e Adicional de Férias | I60: =I35 -> 245.73
A61: 2.2 | B61: GPS, FGTS e Outras Contribuições | I61: =I46 -> 944.97
A62: 2.3 | B62: Benefícios Mensais e Diários | I62: =I56 -> 610.6438
A63: TOTAL DO MÓDULO 2 | I63: =TRUNC(SUM(I60:I62),2) -> 1801.34
A65: MÓDULO 3 – PROVISÃO PARA RESCISÃO
A66: 3 | B66: PROVISÃO PARA RESCISÃO | H66: % | I66: VALOR (R$)
A67: A | B67: Aviso Prévio Indenizado | H67: 0.0042 | I67: =$I$29*H67 -> 9.28956
A68: B | B68: Incidência do FGTS sobre Aviso Prévio Indenizado | H68: =0.08*H67 -> 0.000336 | I68: =H68*I29 -> 0.7431648
A69: C | B69: Multa do FGTS e Contribuição Social sobre o Aviso Prévio Indenizado | H69: =0.5*H68 -> 0.000168 | I69: =$I$29*H69 -> 0.3715824
A70: D | B70: Aviso Prévio Trabalhado | H70: 0.0194 | I70: =$I$29*H70 -> 42.90892
A71: E | B71: Incidência de GPS, FGTS e outras contribuições sobre o Aviso Prévio Trabalhado (alterado pela IN 07/2018) | H71: =H46*H70 -> 0.006884284 | I71: =$I$29*H71 -> 15.226659
A72: F | B72: Multa do FGTS e Contribuição Social sobre o Aviso Prévio Trabalhado. | H72: =0.5*0.08*H70 -> 0.000776 | I72: =$I$29*H72 -> 1.7163568
A73: TOTAL DO MÓDULO 3 | H73: =TRUNC(SUM(H67:H72),4) -> 0.0317 | I73: =TRUNC(SUM(I67:I72),2) -> 70.25
A75: MÓDULO 4 – CUSTO DE REPOSIÇÃO DO PROFISSIONAL AUSENTE
A76: Submódulo 4.1 - Ausências Legais | H76: % | I76: VALOR (R$)
A77: A | B77: Substituto na cobertura de Férias | H77: 0.0833 | I77: =$I$29*H77 -> 184.24294
A78: B | B78: Substituto na cobertura de Ausências Legais | H78: 0.0082 | I78: =$I$29*H78 -> 18.13676
A79: C | B79: Substituto na cobertura de Licença-Paternidade | H79: 0.0002 | I79: =$I$29*H79 -> 0.44236
A80: D | B80: Substituto na cobertura de Ausência por acidente de trabalho | H80: 0.0003 | I80: =$I$29*H80 -> 0.66354
A81: E | B81: Substituto na cobertura de Afastamento Maternidade | H81: 0.0061 | I81: =H81*K81 -> 1.9507624 | J81: base de cálculo | K81: =I33+I34+I51+I52+I53 -> 319.79711
A82: F | B82: Substituto na cobertura de Outras ausências (especificar) | H82: 0 | I82: =$I$29*H82 -> 0
A83: TOTAL SUBMÓDULO 4.1 | H83: =TRUNC(SUM(H77:H82),4) -> 0.0981 | I83: =TRUNC(SUM(I77:I82),2) -> 205.43
A85: Submódulo 4.2 - Intrajornada | H85: % | I85: VALOR (R$)
A86: A | B86: Substituto na cobertura de Intervalo para repouso ou alimentação | H86: 0 | I86: =$I$29*H86 -> 0
A87: TOTAL SUBMÓDULO 4.2 | H87: =TRUNC(SUM(H86),4) -> 0 | I87: =TRUNC(SUM(I86),2) -> 0
A89: QUADRO-RESUMO DO MÓDULO 4 - CUSTO DE REPOSIÇÃO DO PROFISSIONAL AUSENTE
A90: Módulo 4 - Custo de Reposição do Profissional Ausente | I90: VALOR (R$)
A91: 4.1 | B91: Substituto nas Ausências Legais | I91: =I83 -> 205.43
A92: 4.2 | B92: Substituto na intrajornada | I92: =I87 -> 0
A93: TOTAL DO MÓDULO 4 | I93: =TRUNC(SUM(I91:I92),2) -> 205.43
A95: MÓDULO 5 – INSUMOS DIVERSOS
A96: 5 | B96: INSUMOS DIVERSOS | I96: VALOR (R$)
A97: A | B97: Uniformes | H97: - | I97: =Uniformes!E30 -> 103.83779
A98: B | B98: Materiais | H98: - | I98: -
A99: C | B99: Equipamentos | H99: - | I99: -
A100: D | B100: Outros (especificar) | H100: - | I100: -
A101: TOTAL DO MÓDULO 5 | H101: - | I101: =TRUNC(SUM(I97:I100),2) -> 103.83
A103: MÓDULO 6 – CUSTOS INDIRETOS, TRIBUTOS E LUCRO
A104: 6 | B104: CUSTOS INDIRETOS, TRIBUTOS E LUCRO | H104: % | I104: VALOR (R$)
A105: A | B105: Custos Indiretos | H105: 0.03 | I105: =TRUNC(H105*I128,2) -> 131.77
A106: B | B106: Lucro | H106: 0.0679 | I106: =TRUNC(H106*(I105+I128),2) -> 307.2 | J106: =SUM(I105:I106) -> 438.97
A107: C | B107: TRIBUTOS
A108: C.1 | B108: PIS | H108: 0.0165 | I108: =TRUNC(H108*I117,2) -> 92.96
A109: C.2 | B109: COFINS | H109: 0.076 | I109: =TRUNC(H109*I117,2) -> 428.22
A110: C.3 | B110: ISS | H110: 0.05 | I110: =TRUNC(H110*I117,2) -> 281.72 | J110: =SUM(I108:I110) -> 802.9
A111: TOTAL DO MÓDULO 6 | H111: =SUM(H105:H110) -> 0.2404 | I111: =TRUNC(SUM(I105:I110),2) -> 1241.87
A113: a) | B113: To = Tributos % | H113: =TRUNC(H108+H109+H110,4) -> 0.1425
A115: b) | B115: Po = ( Total dos Módulos 1 a 5 ) + ( Custos indiretos ) + ( Lucro ) | I115: =TRUNC(I128+I105+I106,2) -> 4831.62
A117: c) | B117: P1 = Po / (1 - To) | I117: =TRUNC(I115/(1-H113),2) -> 5634.54
...

Sheet Aux Almoxarife 
A2: PLANILHA 40 - AUXILIAR DE ALMOXARIFE PLANTONISTA
A4: Discriminação dos Serviços
A5: A | B5: Data de apresentação da proposta
A6: B | B6: Município | H6: Rio de Janeiro
A7: C | B7: Sindicato dosTrabalhadores nas Empresas de Refeições Coletivas, Refeições Rápidas (FAST FOOD) e Afins do Estado do Rio de Janeiro - SINDIREFEIÇÕES-RJ | H7: 2024
A8: D | B8: Nº de meses de execução contratual | H8: 12
A10: Identificação do Serviço
A11: Tipo de Serviço | C11: Unidade de Medida | E11: Quantidade total a contratar (em função da unidade de medida)
A12: Alimentação | C12: Nº Refeições | E12: 6
A14: Dados para composição dos custos referentes à mão-de-obra
A15: 1 | B15: Tipo de serviço (mesmo serviço com características distintas) | H15: Organização de Estoque
A16: 2 | B16: Classificação Brasileira de Ocupações (CBO) | H16: 4141-05
A17: 3 | B17: Salário Nominativo da Categoria Profissional | H17: 1799.6
A18: 4 | B18: Categoria profissional (vinculada à execução contratual) | H18: Auxiliar de Almoxarife
A19: 5 | B19: Data base da categoria (dia/mês/ano) | H19: 45352
A21: MÓDULO 1 - COMPOSIÇÃO DA REMUNERAÇÃO
A22: 1 | B22: COMPOSIÇÃO DA REMUNERAÇÃO | H22: % | I22: VALOR (R$)
A23: A | B23: Salário Base | I23: =H17 -> 1799.6
A24: B | B24: Adicional Periculosidade | I24: 0
A25: C | B25: Adicional Insalubridade | H25: 0.2 | I25: =1412*H25 -> 282.4
A26: D | B26: Adicional Noturno | I26: 0
A27: E | B27: Adicional de Hora Noturna Reduzida | I27: 0
A28: F | B28: Outros (especificar) | I28: 0
A29: TOTAL DO MÓDULO 1 | I29: =TRUNC(SUM(I23:I28),2) -> 2082
A31: MÓDULO 2 – ENCARGOS E BENEFÍCIOS ANUAIS, MENSAIS E DIÁRIOS
A32: Submódulo 2.1 - 13º Salário, Férias e Adicional de Férias | H32: % | I32: VALOR (R$)
A33: A | B33: 13 (Décimo-terceiro) salário | H33: 0.0833 | I33: =$I$29*H33 -> 173.4306
A34: B | B34: Férias e Adicional de Férias | H34: 0.0278 | I34: =H34*I29 -> 57.8796
A35: TOTAL SUBMÓDULO 2.1 | H35: =TRUNC(SUM(H33:H34),4) -> 0.1111 | I35: =TRUNC(SUM(I33:I34),2) -> 231.31
J36: base 2.2 | K36: =I29+I35+I93 -> 2506.7
A37: Submódulo 2.2 - GPS, FGTS e Outras Contribuições | H37: % | I37: VALOR (R$) | J37: Total do mod 1+total submodulo 2.1+total mod 4
A38: A | B38: INSS | H38: 0.2 | I38: =H38*$K$36 -> 501.34
A39: B | B39: Salário Educação | H39: 0.025 | I39: =H39*$K$36 -> 62.6675
A40: C | B40: SAT (Seguro Acidente de Trabalho) | H40: =0.02*0.843 -> 0.01686 | I40: =H40*$K$36 -> 42.262962
A41: D | B41: SESC ou SESI | H41: 0.015 | I41: =H41*$K$36 -> 37.6005
A42: E | B42: SENAI - SENAC | H42: 0.01 | I42: =H42*$K$36 -> 25.067
A43: F | B43: SEBRAE | H43: 0.006 | I43: =H43*$K$36 -> 15.0402
A44: G | B44: INCRA | H44: 0.002 | I44: =H44*$K$36 -> 5.0134
A45: H | B45: FGTS | H45: 0.08 | I45: =H45*$K$36 -> 200.536
A46: TOTAL SUBMÓDULO 2.2 | H46: =SUM(H38:H45) -> 0.35486 | I46: =TRUNC(SUM(I38:I45),2) -> 889.52
A48: Submódulo 2.3 - Benefícios Mensais e Diários | I48: VALOR (R$)
A49: A | B49: Transporte (onibus intermunicipal + barcas = $ 8,55) fonte ->www.cartaoriocard.com.br | H49: - | I49: =(8.55*2*16)-(I23*0.06) -> 165.624
A50: B | B50: Vale Compras (Cláusula 15 da CCT) | H50: - | I50: ='Serv Limp Plant Diurno'!I50 -> 234.1
A51: C | B51: Taxa Negocial Sindicato Patronal (Cláusula 44 da CCT) | H51: - | I51: 5
A52: D | B52: Contribuição Assistencial Patronal (Cláusulas 42) | H52: - | I52: =(I23*2.7%)-(48.59*0.4) -> 29.1532
A53: E | B53: Contribuição Assistencial dos Empregados (Cláusula 41 da CCT) | H53: - | I53: ='Serv Limp Plant Diurno'!I53 -> 37.808333
A54: F | B54: Benefício Assistencial (Cláusula 40 da CCT) | H54: - | I54: ='Serv Limp Plant Diurno'!I54 -> 33.583333
A55: G | B55: Outros - Gratificação Natalina (Cláusula 14 da CCT) | I55: ='Serv Limp Plant Diurno'!I55 -> 8.4583333
A56: TOTAL SUBMÓDULO 2.3 | I56: =SUM(I49:I55) -> 513.7272
A58: QUADRO-RESUMO DO MÓDULO 2 - ENCARGOS, BENEFÍCIOS ANUAIS, MENSAIS E DIÁRIOS
A59: Módulo 2 - Encargos, Benefícios Anuais, Mensais e Diários | I59: VALOR (R$)
A60: 2.1 | B60: 13º Salário, Férias e Adicional de Férias | I60: =I35 -> 231.31
A61: 2.2 | B61: GPS, FGTS e Outras Contribuições | I61: =I46 -> 889.52
A62: 2.3 | B62: Benefícios Mensais e Diários | I62: =I56 -> 513.7272
A63: TOTAL DO MÓDULO 2 | I63: =TRUNC(SUM(I60:I62),2) -> 1634.55
A65: MÓDULO 3 – PROVISÃO PARA RESCISÃO
A66: 3 | B66: PROVISÃO PARA RESCISÃO | H66: % | I66: VALOR (R$)
A67: A | B67: Aviso Prévio Indenizado | H67: 0.0042 | I67: =$I$29*H67 -> 8.7444
A68: B | B68: Incidência do FGTS sobre Aviso Prévio Indenizado | H68: =0.08*H67 -> 0.000336 | I68: =H68*I29 -> 0.699552
A69: C | B69: Multa do FGTS e Contribuição Social sobre o Aviso Prévio Indenizado | H69: =0.5*H68 -> 0.000168 | I69: =$I$29*H69 -> 0.349776
A70: D | B70: Aviso Prévio Trabalhado | H70: 0.0194 | I70: =$I$29*H70 -> 40.3908
A71: E | B71: Incidência de GPS, FGTS e outras contribuições sobre o Aviso Prévio Trabalhado (alterado pela IN 07/2018) | H71: =H46*H70 -> 0.006884284 | I71: =$I$29*H71 -> 14.333079
A72: F | B72: Multa do FGTS e Contribuição Social sobre o Aviso Prévio Trabalhado. | H72: =0.5*0.08*H70 -> 0.000776 | I72: =$I$29*H72 -> 1.615632
A73: TOTAL DO MÓDULO 3 | H73: =TRUNC(SUM(H67:H72),4) -> 0.0317 | I73: =TRUNC(SUM(I67:I72),2) -> 66.13
A75: MÓDULO 4 – CUSTO DE REPOSIÇÃO DO PROFISSIONAL AUSENTE
A76: Submódulo 4.1 - Ausências Legais | H76: % | I76: VALOR (R$)
A77: A | B77: Substituto na cobertura de Férias | H77: 0.0833 | I77: =$I$29*H77 -> 173.4306
A78: B | B78: Substituto na cobertura de Ausências Legais | H78: 0.0082 | I78: =$I$29*H78 -> 17.0724
A79: C | B79: Substituto na cobertura de Licença-Paternidade | H79: 0.0002 | I79: =$I$29*H79 -> 0.4164
A80: D | B80: Substituto na cobertura de Ausência por acidente de trabalho | H80: 0.0003 | I80: =$I$29*H80 -> 0.6246
A81: E | B81: Substituto na cobertura de Afastamento Maternidade | H81: 0.0061 | I81: =H81*K81 -> 1.8499576 | J81: base de cálculo | K81: =I33+I34+I51+I52+I53 -> 303.27173
A82: F | B82: Substituto na cobertura de Outras ausências (especificar) | H82: 0 | I82: =$I$29*H82 -> 0
A83: TOTAL SUBMÓDULO 4.1 | H83: =TRUNC(SUM(H77:H82),4) -> 0.0981 | I83: =TRUNC(SUM(I77:I82),2) -> 193.39
A85: Submódulo 4.2 - Intrajornada | H85: % | I85: VALOR (R$)
A86: A | B86: Substituto na cobertura de Intervalo para repouso ou alimentação | H86: 0 | I86: =$I$29*H86 -> 0
A87: TOTAL SUBMÓDULO 4.2 | H87: =TRUNC(SUM(H86),4) -> 0 | I87: =TRUNC(SUM(I86),2) -> 0
A89: QUADRO-RESUMO DO MÓDULO 4 - CUSTO DE REPOSIÇÃO DO PROFISSIONAL AUSENTE
A90: Módulo 4 - Custo de Reposição do Profissional Ausente | I90: VALOR (R$)
A91: 4.1 | B91: Substituto nas Ausências Legais | I91: =I83 -> 193.39
A92: 4.2 | B92: Substituto na intrajornada | I92: =I87 -> 0
A93: TOTAL DO MÓDULO 4 | I93: =TRUNC(SUM(I91:I92),2) -> 193.39
A95: MÓDULO 5 – INSUMOS DIVERSOS
A96: 5 | B96: INSUMOS DIVERSOS | I96: VALOR (R$)
A97: A | B97: Uniformes | H97: - | I97: =Uniformes!E30 -> 103.83779
A98: B | B98: Materiais | H98: - | I98: -
A99: C | B99: Equipamentos | H99: - | I99: -
A100: D | B100: Outros (especificar) | H100: - | I100: -
A101: TOTAL DO MÓDULO 5 | H101: - | I101: =TRUNC(SUM(I97:I100),2) -> 103.83
A103: MÓDULO 6 – CUSTOS INDIRETOS, TRIBUTOS E LUCRO
A104: 6 | B104: CUSTOS INDIRETOS, TRIBUTOS E LUCRO | H104: % | I104: VALOR (R$)
A105: A | B105: Custos Indiretos | H105: 0.03 | I105: =TRUNC(H105*I128,2) -> 122.39
A106: B | B106: Lucro | H106: 0.0679 | I106: =TRUNC(H106*(I105+I128),2) -> 285.33 | J106: =SUM(I105:I106) -> 407.72
A107: C | B107: TRIBUTOS
A108: C.1 | B108: PIS | H108: 0.0165 | I108: =TRUNC(H108*I117,2) -> 86.35
A109: C.2 | B109: COFINS | H109: 0.076 | I109: =TRUNC(H109*I117,2) -> 397.73
A110: C.3 | B110: ISS | H110: 0.05 | I110: =TRUNC(H110*I117,2) -> 261.66 | J110: =SUM(I108:I110) -> 745.74
A111: TOTAL DO MÓDULO 6 | H111: =SUM(H105:H110) -> 0.2404 | I111: =TRUNC(SUM(I105:I110),2) -> 1153.46
A113: a) | B113: To = Tributos % | H113: =TRUNC(H108+H109+H110,4) -> 0.1425
A115: b) | B115: Po = ( Total dos Módulos 1 a 5 ) + ( Custos indiretos ) + ( Lucro ) | I115: =TRUNC(I128+I105+I106,2) -> 4487.62
A117: c) | B117: P1 = Po / (1 - To) | I117: =TRUNC(I115/(1-H113),2) -> 5233.37
...

Sheet Cozinheiro Lider
A2: PLANILHA 41 - COZINHEIRO LIDER PLANTONISTA
A4: Discriminação dos Serviços
A5: A | B5: Data de apresentação da proposta
A6: B | B6: Município | H6: Rio de Janeiro
A7: C | B7: Sindicato dos Empregados em Empresas de Asseio e Conservação | H7: 2024
A8: D | B8: Nº de meses de execução contratual | H8: 12
A10: Identificação do Serviço
A11: Tipo de Serviço | C11: Unidade de Medida | E11: Quantidade total a contratar (em função da unidade de medida)
A12: Alimentação | C12: Nº Refeições | E12: 2
A14: Dados para composição dos custos referentes à mão-de-obra
A15: 1 | B15: Tipo de serviço (mesmo serviço com características distintas) | H15: Cozinheiro
A16: 2 | B16: Classificação Brasileira de Ocupações (CBO) | H16: 5132-14
A17: 3 | B17: Salário Nominativo da Categoria Profissional | H17: 2386.44
A18: 4 | B18: Categoria profissional (vinculada à execução contratual) | H18: Cozinheiro Lider
A19: 5 | B19: Data base da categoria (dia/mês/ano) | H19: 45352
A21: MÓDULO 1 - COMPOSIÇÃO DA REMUNERAÇÃO
A22: 1 | B22: COMPOSIÇÃO DA REMUNERAÇÃO | H22: % | I22: VALOR (R$)
A23: A | B23: Salário Base | I23: =H17 -> 2386.44
A24: B | B24: Adicional Periculosidade | I24: 0
A25: C | B25: Adicional Insalubridade | H25: 0.2 | I25: =1412*H25 -> 282.4
A26: D | B26: Adicional Noturno | I26: 0
A27: E | B27: Adicional de Hora Noturna Reduzida | I27: 0
A28: F | B28: Adicional de Liderança | H28: 0.1 | I28: =I23*10% -> 238.644
A29: TOTAL DO MÓDULO 1 | I29: =TRUNC(SUM(I23:I28),2) -> 2907.48
A31: MÓDULO 2 – ENCARGOS E BENEFÍCIOS ANUAIS, MENSAIS E DIÁRIOS
A32: Submódulo 2.1 - 13º Salário, Férias e Adicional de Férias | H32: % | I32: VALOR (R$)
A33: A | B33: 13 (Décimo-terceiro) salário | H33: 0.0833 | I33: =$I$29*H33 -> 242.19308
A34: B | B34: Férias e Adicional de Férias | H34: 0.0278 | I34: =H34*I29 -> 80.827944
A35: TOTAL SUBMÓDULO 2.1 | H35: =TRUNC(SUM(H33:H34),4) -> 0.1111 | I35: =TRUNC(SUM(I33:I34),2) -> 323.02
J36: base 2.2 | K36: =I29+I35+I93 -> 3501.37
A37: Submódulo 2.2 - GPS, FGTS e Outras Contribuições | H37: % | I37: VALOR (R$) | J37: Total do mod 1+total submodulo 2.1+total mod 4
A38: A | B38: INSS | H38: 0.2 | I38: =H38*$K$36 -> 700.274
A39: B | B39: Salário Educação | H39: 0.025 | I39: =H39*$K$36 -> 87.53425
A40: C | B40: SAT (Seguro Acidente de Trabalho) | H40: =0.02*0.843 -> 0.01686 | I40: =H40*$K$36 -> 59.033098
A41: D | B41: SESC ou SESI | H41: 0.015 | I41: =H41*$K$36 -> 52.52055
A42: E | B42: SENAI - SENAC | H42: 0.01 | I42: =H42*$K$36 -> 35.0137
A43: F | B43: SEBRAE | H43: 0.006 | I43: =H43*$K$36 -> 21.00822
A44: G | B44: INCRA | H44: 0.002 | I44: =H44*$K$36 -> 7.00274
A45: H | B45: FGTS | H45: 0.08 | I45: =H45*$K$36 -> 280.1096
A46: TOTAL SUBMÓDULO 2.2 | H46: =SUM(H38:H45) -> 0.35486 | I46: =TRUNC(SUM(I38:I45),2) -> 1242.49
A48: Submódulo 2.3 - Benefícios Mensais e Diários | I48: VALOR (R$)
A49: A | B49: Transporte (Cláusula 24) (onibus intermunicipal + barcas = $ 8,55) fonte ->www.cartaoriocard.com.br | H49: - | I49: =(8.55*2*16)-(I23*0.06) -> 130.4136
A50: B | B50: Auxílio-Refeição/Alimentação (Cláusula 23 da CCT) | H50: - | I50: =(23.5*16)-(376*0.1) -> 338.4
A51: C | B51: Contribuição Constitucional Confederativa Laboral (Cláusula 65) | H51: - | I51: ='Ass Adm. Diarista '!I51 -> 13.8
A52: D | B52: Benefício Social Familiar (Cláusula 29) | H52: - | I52: ='Ass Adm. Diarista '!I52 -> 20.15
A53: E | B53: Contribuição Confederativa Patronal (Cláusula 62 da CCT) | H53: - | I53: =(I23*2/12/2) -> 198.87
A54: F | B54: Contribuição Assistencial Patronal (Cláusula 63 da CCT) | H54: - | I54: =I23/12/2 -> 99.435
A55: G | B55: Contribuição Negocial Patronal + Mensalidade Sindical Laboral (Cláusulas 61 e 66 da CCT) | I55: ='Ass Adm. Diarista '!I55 -> 52.666667
A56: TOTAL SUBMÓDULO 2.3 | I56: =SUM(I49:I55) -> 853.73527
A58: QUADRO-RESUMO DO MÓDULO 2 - ENCARGOS, BENEFÍCIOS ANUAIS, MENSAIS E DIÁRIOS
A59: Módulo 2 - Encargos, Benefícios Anuais, Mensais e Diários | I59: VALOR (R$)
A60: 2.1 | B60: 13º Salário, Férias e Adicional de Férias | I60: =I35 -> 323.02
A61: 2.2 | B61: GPS, FGTS e Outras Contribuições | I61: =I46 -> 1242.49
A62: 2.3 | B62: Benefícios Mensais e Diários | I62: =I56 -> 853.73527
A63: TOTAL DO MÓDULO 2 | I63: =TRUNC(SUM(I60:I62),2) -> 2419.24
A65: MÓDULO 3 – PROVISÃO PARA RESCISÃO
A66: 3 | B66: PROVISÃO PARA RESCISÃO | H66: % | I66: VALOR (R$)
A67: A | B67: Aviso Prévio Indenizado | H67: 0.0042 | I67: =$I$29*H67 -> 12.211416
A68: B | B68: Incidência do FGTS sobre Aviso Prévio Indenizado | H68: =0.08*H67 -> 0.000336 | I68: =H68*I29 -> 0.97691328
A69: C | B69: Multa do FGTS e Contribuição Social sobre o Aviso Prévio Indenizado | H69: =0.5*H68 -> 0.000168 | I69: =$I$29*H69 -> 0.48845664
A70: D | B70: Aviso Prévio Trabalhado | H70: 0.0194 | I70: =$I$29*H70 -> 56.405112
A71: E | B71: Incidência de GPS, FGTS e outras contribuições sobre o Aviso Prévio Trabalhado (alterado pela IN 07/2018) | H71: =H46*H70 -> 0.006884284 | I71: =$I$29*H71 -> 20.015918
A72: F | B72: Multa do FGTS e Contribuição Social sobre o Aviso Prévio Trabalhado. | H72: =0.5*0.08*H70 -> 0.000776 | I72: =$I$29*H72 -> 2.2562045
A73: TOTAL DO MÓDULO 3 | H73: =TRUNC(SUM(H67:H72),4) -> 0.0317 | I73: =TRUNC(SUM(I67:I72),2) -> 92.35
A75: MÓDULO 4 – CUSTO DE REPOSIÇÃO DO PROFISSIONAL AUSENTE
A76: Submódulo 4.1 - Ausências Legais | H76: % | I76: VALOR (R$)
A77: A | B77: Substituto na cobertura de Férias | H77: 0.0833 | I77: =$I$29*H77 -> 242.19308
A78: B | B78: Substituto na cobertura de Ausências Legais | H78: 0.0082 | I78: =$I$29*H78 -> 23.841336
A79: C | B79: Substituto na cobertura de Licença-Paternidade | H79: 0.0002 | I79: =$I$29*H79 -> 0.581496
A80: D | B80: Substituto na cobertura de Ausência por acidente de trabalho | H80: 0.0003 | I80: =$I$29*H80 -> 0.872244
A81: E | B81: Substituto na cobertura de Afastamento Maternidade | H81: 0.0061 | I81: =H81*K81 -> 3.3906303 | J81: base de cálculo | K81: =I33+I34+I51+I52+I53 -> 555.84103
A82: F | B82: Substituto na cobertura de Outras ausências (especificar) | H82: 0 | I82: =$I$29*H82 -> 0
A83: TOTAL SUBMÓDULO 4.1 | H83: =TRUNC(SUM(H77:H82),4) -> 0.0981 | I83: =TRUNC(SUM(I77:I82),2) -> 270.87
A85: Submódulo 4.2 - Intrajornada | H85: % | I85: VALOR (R$)
A86: A | B86: Substituto na cobertura de Intervalo para repouso ou alimentação | H86: 0 | I86: =$I$29*H86 -> 0
A87: TOTAL SUBMÓDULO 4.2 | H87: =TRUNC(SUM(H86),4) -> 0 | I87: =TRUNC(SUM(I86),2) -> 0
A89: QUADRO-RESUMO DO MÓDULO 4 - CUSTO DE REPOSIÇÃO DO PROFISSIONAL AUSENTE
A90: Módulo 4 - Custo de Reposição do Profissional Ausente | I90: VALOR (R$)
A91: 4.1 | B91: Substituto nas Ausências Legais | I91: =I83 -> 270.87
A92: 4.2 | B92: Substituto na intrajornada | I92: =I87 -> 0
A93: TOTAL DO MÓDULO 4 | I93: =TRUNC(SUM(I91:I92),2) -> 270.87
A95: MÓDULO 5 – INSUMOS DIVERSOS
A96: 5 | B96: INSUMOS DIVERSOS | I96: VALOR (R$)
A97: A | B97: Uniformes | H97: - | I97: =Uniformes!E99 -> 94.525786
A98: B | B98: Materiais | H98: - | I98: -
A99: C | B99: Equipamentos | H99: - | I99: -
A100: D | B100: Outros (especificar) | H100: - | I100: -
A101: TOTAL DO MÓDULO 5 | H101: - | I101: =TRUNC(SUM(I97:I100),2) -> 94.52
A103: MÓDULO 6 – CUSTOS INDIRETOS, TRIBUTOS E LUCRO
A104: 6 | B104: CUSTOS INDIRETOS, TRIBUTOS E LUCRO | H104: % | I104: VALOR (R$)
A105: A | B105: Custos Indiretos | H105: 0.03 | I105: =TRUNC(H105*I128,2) -> 173.53
A106: B | B106: Lucro | H106: 0.0679 | I106: =TRUNC(H106*(I105+I128),2) -> 404.54 | J106: =SUM(I105:I106) -> 578.07
A107: C | B107: TRIBUTOS
A108: C.1 | B108: PIS | H108: 0.0165 | I108: =TRUNC(H108*I117,2) -> 122.42
A109: C.2 | B109: COFINS | H109: 0.076 | I109: =TRUNC(H109*I117,2) -> 563.9
A110: C.3 | B110: ISS | H110: 0.05 | I110: =TRUNC(H110*I117,2) -> 370.99 | J110: =SUM(I108:I110) -> 1057.31
A111: TOTAL DO MÓDULO 6 | H111: =SUM(H105:H110) -> 0.2404 | I111: =TRUNC(SUM(I105:I110),2) -> 1635.38
A113: a) | B113: To = Tributos % | H113: =TRUNC(H108+H109+H110,4) -> 0.1425
A115: b) | B115: Po = ( Total dos Módulos 1 a 5 ) + ( Custos indiretos ) + ( Lucro ) | I115: =TRUNC(I128+I105+I106,2) -> 6362.53
A117: c) | B117: P1 = Po / (1 - To) | I117: =TRUNC(I115/(1-H113),2) -> 7419.86
...

Sheet Cozinheiro 
A2: PLANILHA 42 - COZINHEIRO PLANTONISTA
A4: Discriminação dos Serviços
A5: A | B5: Data de apresentação da proposta
A6: B | B6: Município | H6: Rio de Janeiro
A7: C | B7: Sindicato dosTrabalhadores nas Empresas de Refeições Coletivas, Refeições Rápidas (FAST FOOD) e Afins do Estado do Rio de Janeiro - SINDIREFEIÇÕES-RJ | H7: 2024
A8: D | B8: Nº de meses de execução contratual | H8: 12
A10: Identificação do Serviço
A11: Tipo de Serviço | C11: Unidade de Medida | E11: Quantidade total a contratar (em função da unidade de medida)
A12: Alimentação | C12: Nº Refeições | E12: 4
A14: Dados para composição dos custos referentes à mão-de-obra
A15: 1 | B15: Tipo de serviço (mesmo serviço com características distintas) | H15: Cozinheiro Plantonista
A16: 2 | B16: Classificação Brasileira de Ocupações (CBO) | H16: 5132-14
A17: 3 | B17: Salário Nominativo da Categoria Profissional | H17: 1929.4
A18: 4 | B18: Categoria profissional (vinculada à execução contratual) | H18: Cozinheiro
A19: 5 | B19: Data base da categoria (dia/mês/ano) | H19: 45352
A21: MÓDULO 1 - COMPOSIÇÃO DA REMUNERAÇÃO
A22: 1 | B22: COMPOSIÇÃO DA REMUNERAÇÃO | H22: % | I22: VALOR (R$)
A23: A | B23: Salário Base | I23: =H17 -> 1929.4
A24: B | B24: Adicional Periculosidade | I24: 0
A25: C | B25: Adicional Insalubridade | H25: 0.2 | I25: =1412*H25 -> 282.4
A26: D | B26: Adicional Noturno | I26: 0
A27: E | B27: Adicional de Hora Noturna Reduzida | I27: 0
A28: F | B28: Outros (especificar) | I28: 0
A29: TOTAL DO MÓDULO 1 | I29: =TRUNC(SUM(I23:I28),2) -> 2211.8
A31: MÓDULO 2 – ENCARGOS E BENEFÍCIOS ANUAIS, MENSAIS E DIÁRIOS
A32: Submódulo 2.1 - 13º Salário, Férias e Adicional de Férias | H32: % | I32: VALOR (R$)
A33: A | B33: 13 (Décimo-terceiro) salário | H33: 0.0833 | I33: =$I$29*H33 -> 184.24294
A34: B | B34: Férias e Adicional de Férias | H34: 0.0278 | I34: =H34*I29 -> 61.48804
A35: TOTAL SUBMÓDULO 2.1 | H35: =TRUNC(SUM(H33:H34),4) -> 0.1111 | I35: =TRUNC(SUM(I33:I34),2) -> 245.73
J36: base 2.2 | K36: =I29+I35+I93 -> 2662.96
A37: Submódulo 2.2 - GPS, FGTS e Outras Contribuições | H37: % | I37: VALOR (R$) | J37: Total do mod 1+total submodulo 2.1+total mod 4
A38: A | B38: INSS | H38: 0.2 | I38: =H38*$K$36 -> 532.592
A39: B | B39: Salário Educação | H39: 0.025 | I39: =H39*$K$36 -> 66.574
A40: C | B40: SAT (Seguro Acidente de Trabalho) | H40: =0.02*0.843 -> 0.01686 | I40: =H40*$K$36 -> 44.897506
A41: D | B41: SESC ou SESI | H41: 0.015 | I41: =H41*$K$36 -> 39.9444
A42: E | B42: SENAI - SENAC | H42: 0.01 | I42: =H42*$K$36 -> 26.6296
A43: F | B43: SEBRAE | H43: 0.006 | I43: =H43*$K$36 -> 15.97776
A44: G | B44: INCRA | H44: 0.002 | I44: =H44*$K$36 -> 5.32592
A45: H | B45: FGTS | H45: 0.08 | I45: =H45*$K$36 -> 213.0368
A46: TOTAL SUBMÓDULO 2.2 | H46: =SUM(H38:H45) -> 0.35486 | I46: =TRUNC(SUM(I38:I45),2) -> 944.97
A48: Submódulo 2.3 - Benefícios Mensais e Diários | I48: VALOR (R$)
A49: A | B49: Transporte (onibus intermunicipal + barcas = $ 8,55) fonte ->www.cartaoriocard.com.br | H49: - | I49: =(8.55*2*16)-(I23*0.06) -> 157.836
A50: B | B50: Vale Compras (Cláusula 15 da CCT) | H50: - | I50: ='Serv Limp Plant Diurno'!I50 -> 234.1
A51: C | B51: Taxa Negocial Sindicato Patronal (Cláusula 44 da CCT) | H51: - | I51: 5
A52: D | B52: Contribuição Assistencial Patronal (Cláusulas 42) | H52: - | I52: =(I23*2.7%)-(52.09*0.4) -> 31.2578
A53: E | B53: Contribuição Assistencial dos Empregados (Cláusula 41 da CCT) | H53: - | I53: ='Serv Limp Plant Diurno'!I53 -> 37.808333
A54: F | B54: Benefício Assistencial (Cláusula 40 da CCT) | H54: - | I54: ='Serv Limp Plant Diurno'!I54 -> 33.583333
A55: G | B55: Outros - Gratificação Natalina (Cláusula 14 da CCT) | H55: - | I55: ='Serv Limp Plant Diurno'!I55 -> 8.4583333
A56: TOTAL SUBMÓDULO 2.3 | I56: =SUM(I49:I55) -> 508.0438
A58: QUADRO-RESUMO DO MÓDULO 2 - ENCARGOS, BENEFÍCIOS ANUAIS, MENSAIS E DIÁRIOS
A59: Módulo 2 - Encargos, Benefícios Anuais, Mensais e Diários | I59: VALOR (R$)
A60: 2.1 | B60: 13º Salário, Férias e Adicional de Férias | I60: =I35 -> 245.73
A61: 2.2 | B61: GPS, FGTS e Outras Contribuições | I61: =I46 -> 944.97
A62: 2.3 | B62: Benefícios Mensais e Diários | I62: =I56 -> 508.0438
A63: TOTAL DO MÓDULO 2 | I63: =TRUNC(SUM(I60:I62),2) -> 1698.74
A65: MÓDULO 3 – PROVISÃO PARA RESCISÃO
A66: 3 | B66: PROVISÃO PARA RESCISÃO | H66: % | I66: VALOR (R$)
A67: A | B67: Aviso Prévio Indenizado | H67: 0.0042 | I67: =$I$29*H67 -> 9.28956
A68: B | B68: Incidência do FGTS sobre Aviso Prévio Indenizado | H68: =0.08*H67 -> 0.000336 | I68: =H68*I29 -> 0.7431648
A69: C | B69: Multa do FGTS e Contribuição Social sobre o Aviso Prévio Indenizado | H69: =0.5*H68 -> 0.000168 | I69: =$I$29*H69 -> 0.3715824
A70: D | B70: Aviso Prévio Trabalhado | H70: 0.0194 | I70: =$I$29*H70 -> 42.90892
A71: E | B71: Incidência de GPS, FGTS e outras contribuições sobre o Aviso Prévio Trabalhado (alterado pela IN 07/2018) | H71: =H46*H70 -> 0.006884284 | I71: =$I$29*H71 -> 15.226659
A72: F | B72: Multa do FGTS e Contribuição Social sobre o Aviso Prévio Trabalhado. | H72: =0.5*0.08*H70 -> 0.000776 | I72: =$I$29*H72 -> 1.7163568
A73: TOTAL DO MÓDULO 3 | H73: =TRUNC(SUM(H67:H72),4) -> 0.0317 | I73: =TRUNC(SUM(I67:I72),2) -> 70.25
A75: MÓDULO 4 – CUSTO DE REPOSIÇÃO DO PROFISSIONAL AUSENTE
A76: Submódulo 4.1 - Ausências Legais | H76: % | I76: VALOR (R$)
A77: A | B77: Substituto na cobertura de Férias | H77: 0.0833 | I77: =$I$29*H77 -> 184.24294
A78: B | B78: Substituto na cobertura de Ausências Legais | H78: 0.0082 | I78: =$I$29*H78 -> 18.13676
A79: C | B79: Substituto na cobertura de Licença-Paternidade | H79: 0.0002 | I79: =$I$29*H79 -> 0.44236
A80: D | B80: Substituto na cobertura de Ausência por acidente de trabalho | H80: 0.0003 | I80: =$I$29*H80 -> 0.66354
A81: E | B81: Substituto na cobertura de Afastamento Maternidade | H81: 0.0061 | I81: =H81*K81 -> 1.9507624 | J81: base de cálculo | K81: =I33+I34+I51+I52+I53 -> 319.79711
A82: F | B82: Substituto na cobertura de Outras ausências (especificar) | H82: 0 | I82: =$I$29*H82 -> 0
A83: TOTAL SUBMÓDULO 4.1 | H83: =TRUNC(SUM(H77:H82),4) -> 0.0981 | I83: =TRUNC(SUM(I77:I82),2) -> 205.43
A85: Submódulo 4.2 - Intrajornada | H85: % | I85: VALOR (R$)
A86: A | B86: Substituto na cobertura de Intervalo para repouso ou alimentação | H86: 0 | I86: =$I$29*H86 -> 0
A87: TOTAL SUBMÓDULO 4.2 | H87: =TRUNC(SUM(H86),4) -> 0 | I87: =TRUNC(SUM(I86),2) -> 0
A89: QUADRO-RESUMO DO MÓDULO 4 - CUSTO DE REPOSIÇÃO DO PROFISSIONAL AUSENTE
A90: Módulo 4 - Custo de Reposição do Profissional Ausente | I90: VALOR (R$)
A91: 4.1 | B91: Substituto nas Ausências Legais | I91: =I83 -> 205.43
A92: 4.2 | B92: Substituto na intrajornada | I92: =I87 -> 0
A93: TOTAL DO MÓDULO 4 | I93: =TRUNC(SUM(I91:I92),2) -> 205.43
A95: MÓDULO 5 – INSUMOS DIVERSOS
A96: 5 | B96: INSUMOS DIVERSOS | I96: VALOR (R$)
A97: A | B97: Uniformes | H97: - | I97: =Uniformes!E55 -> 125.68518
A98: B | B98: Materiais | H98: - | I98: -
A99: C | B99: Equipamentos | H99: - | I99: -
A100: D | B100: Outros (especificar) | H100: - | I100: -
A101: TOTAL DO MÓDULO 5 | H101: - | I101: =TRUNC(SUM(I97:I100),2) -> 125.68
A103: MÓDULO 6 – CUSTOS INDIRETOS, TRIBUTOS E LUCRO
A104: 6 | B104: CUSTOS INDIRETOS, TRIBUTOS E LUCRO | H104: % | I104: VALOR (R$)
A105: A | B105: Custos Indiretos | H105: 0.03 | I105: =TRUNC(H105*I128,2) -> 129.35
A106: B | B106: Lucro | H106: 0.0679 | I106: =TRUNC(H106*(I105+I128),2) -> 301.56 | J106: =SUM(I105:I106) -> 430.91
A107: C | B107: TRIBUTOS
A108: C.1 | B108: PIS | H108: 0.0165 | I108: =TRUNC(H108*I117,2) -> 91.26
A109: C.2 | B109: COFINS | H109: 0.076 | I109: =TRUNC(H109*I117,2) -> 420.35
A110: C.3 | B110: ISS | H110: 0.05 | I110: =TRUNC(H110*I117,2) -> 276.54 | J110: =SUM(I108:I110) -> 788.15
A111: TOTAL DO MÓDULO 6 | H111: =SUM(H105:H110) -> 0.2404 | I111: =TRUNC(SUM(I105:I110),2) -> 1219.06
A113: a) | B113: To = Tributos % | H113: =TRUNC(H108+H109+H110,4) -> 0.1425
A115: b) | B115: Po = ( Total dos Módulos 1 a 5 ) + ( Custos indiretos ) + ( Lucro ) | I115: =TRUNC(I128+I105+I106,2) -> 4742.81
A117: c) | B117: P1 = Po / (1 - To) | I117: =TRUNC(I115/(1-H113),2) -> 5530.97
...

Sheet Aux Cozinha Noturno
A2: PLANILHA 43 - AUXILIAR DE COZINHA PLANTONISTA NOTURNO
A4: Discriminação dos Serviços
A5: A | B5: Data de apresentação da proposta
A6: B | B6: Município | H6: Rio de Janeiro
A7: C | B7: Sindicato dosTrabalhadores nas Empresas de Refeições Coletivas, Refeições Rápidas (FAST FOOD) e Afins do Estado do Rio de Janeiro - SINDIREFEIÇÕES-RJ | H7: 2024
A8: D | B8: Nº de meses de execução contratual | H8: 12
A10: Identificação do Serviço
A11: Tipo de Serviço | C11: Unidade de Medida | E11: Quantidade total a contratar (em função da unidade de medida)
A12: Alimentação | C12: Nº Refeições | E12: 2
A14: Dados para composição dos custos referentes à mão-de-obra
A15: 1 | B15: Tipo de serviço (mesmo serviço com características distintas) | H15: Auxiliar de Cozinha Plantonista
A16: 2 | B16: Classificação Brasileira de Ocupações (CBO) | H16: 5135-05
A17: 3 | B17: Salário Nominativo da Categoria Profissional | H17: 1799.6
A18: 4 | B18: Categoria profissional (vinculada à execução contratual) | H18: Auxiliar de Cozinha
A19: 5 | B19: Data base da categoria (dia/mês/ano) | H19: 45352
A21: MÓDULO 1 - COMPOSIÇÃO DA REMUNERAÇÃO
A22: 1 | B22: COMPOSIÇÃO DA REMUNERAÇÃO | H22: % | I22: VALOR (R$)
A23: A | B23: Salário Base | I23: =H17 -> 1799.6
A24: B | B24: Adicional Periculosidade | I24: 0
A25: C | B25: Adicional Insalubridade | H25: 0.2 | I25: =1412*H25 -> 282.4
A26: D | B26: Adicional Noturno | H26: 0.2 | I26: =I23*H26 -> 359.92
A27: E | B27: Adicional de Hora Noturna Reduzida | I27: 0
A28: F | B28: Outros (especificar) | I28: 0
A29: TOTAL DO MÓDULO 1 | I29: =TRUNC(SUM(I23:I28),2) -> 2441.92
A31: MÓDULO 2 – ENCARGOS E BENEFÍCIOS ANUAIS, MENSAIS E DIÁRIOS
A32: Submódulo 2.1 - 13º Salário, Férias e Adicional de Férias | H32: % | I32: VALOR (R$)
A33: A | B33: 13 (Décimo-terceiro) salário | H33: 0.0833 | I33: =$I$29*H33 -> 203.41194
A34: B | B34: Férias e Adicional de Férias | H34: 0.0278 | I34: =H34*I29 -> 67.885376
A35: TOTAL SUBMÓDULO 2.1 | H35: =TRUNC(SUM(H33:H34),4) -> 0.1111 | I35: =TRUNC(SUM(I33:I34),2) -> 271.29
J36: base 2.2 | K36: =I29+I35+I93 -> 2939.96
A37: Submódulo 2.2 - GPS, FGTS e Outras Contribuições | H37: % | I37: VALOR (R$) | J37: Total do mod 1+total submodulo 2.1+total mod 4
A38: A | B38: INSS | H38: 0.2 | I38: =H38*$K$36 -> 587.992
A39: B | B39: Salário Educação | H39: 0.025 | I39: =H39*$K$36 -> 73.499
A40: C | B40: SAT (Seguro Acidente de Trabalho) | H40: =0.02*0.843 -> 0.01686 | I40: =H40*$K$36 -> 49.567726
A41: D | B41: SESC ou SESI | H41: 0.015 | I41: =H41*$K$36 -> 44.0994
A42: E | B42: SENAI - SENAC | H42: 0.01 | I42: =H42*$K$36 -> 29.3996
A43: F | B43: SEBRAE | H43: 0.006 | I43: =H43*$K$36 -> 17.63976
A44: G | B44: INCRA | H44: 0.002 | I44: =H44*$K$36 -> 5.87992
A45: H | B45: FGTS | H45: 0.08 | I45: =H45*$K$36 -> 235.1968
A46: TOTAL SUBMÓDULO 2.2 | H46: =SUM(H38:H45) -> 0.35486 | I46: =TRUNC(SUM(I38:I45),2) -> 1043.27
A48: Submódulo 2.3 - Benefícios Mensais e Diários | I48: VALOR (R$)
A49: A | B49: Transporte (onibus intermunicipal + barcas = $ 8,55) fonte ->www.cartaoriocard.com.br | H49: - | I49: =(8.55*2*16)-(I23*0.06) -> 165.624
A50: B | B50: Vale Compras (Cláusula 15 da CCT) | H50: - | I50: ='Serv Limp Plant Diurno'!I50 -> 234.1
A51: C | B51: Taxa Negocial Sindicato Patronal (Cláusula 44 da CCT) | H51: - | I51: 5
A52: D | B52: Contribuição Assistencial Patronal (Cláusulas 42) | H52: - | I52: =(I23*2.7%)-(48.59*0.4) -> 29.1532
A53: E | B53: Contribuição Assistencial dos Empregados (Cláusula 41 da CCT) | H53: - | I53: ='Serv Limp Plant Diurno'!I53 -> 37.808333
A54: F | B54: Benefício Assistencial (Cláusula 40 da CCT) | H54: - | I54: ='Serv Limp Plant Diurno'!I54 -> 33.583333
A55: G | B55: Outros - Gratificação Natalina (Cláusula 14 da CCT) | H55: - | I55: ='Serv Limp Plant Diurno'!I55 -> 8.4583333
A56: TOTAL SUBMÓDULO 2.3 | I56: =SUM(I49:I55) -> 513.7272
A58: QUADRO-RESUMO DO MÓDULO 2 - ENCARGOS, BENEFÍCIOS ANUAIS, MENSAIS E DIÁRIOS
A59: Módulo 2 - Encargos, Benefícios Anuais, Mensais e Diários | I59: VALOR (R$)
A60: 2.1 | B60: 13º Salário, Férias e Adicional de Férias | I60: =I35 -> 271.29
A61: 2.2 | B61: GPS, FGTS e Outras Contribuições | I61: =I46 -> 1043.27
A62: 2.3 | B62: Benefícios Mensais e Diários | I62: =I56 -> 513.7272
A63: TOTAL DO MÓDULO 2 | I63: =TRUNC(SUM(I60:I62),2) -> 1828.28
A65: MÓDULO 3 – PROVISÃO PARA RESCISÃO
A66: 3 | B66: PROVISÃO PARA RESCISÃO | H66: % | I66: VALOR (R$)
A67: A | B67: Aviso Prévio Indenizado | H67: 0.0042 | I67: =$I$29*H67 -> 10.256064
A68: B | B68: Incidência do FGTS sobre Aviso Prévio Indenizado | H68: =0.08*H67 -> 0.000336 | I68: =H68*I29 -> 0.82048512
A69: C | B69: Multa do FGTS e Contribuição Social sobre o Aviso Prévio Indenizado | H69: =0.5*H68 -> 0.000168 | I69: =$I$29*H69 -> 0.41024256
A70: D | B70: Aviso Prévio Trabalhado | H70: 0.0194 | I70: =$I$29*H70 -> 47.373248
A71: E | B71: Incidência de GPS, FGTS e outras contribuições sobre o Aviso Prévio Trabalhado (alterado pela IN 07/2018) | H71: =H46*H70 -> 0.006884284 | I71: =$I$29*H71 -> 16.810871
A72: F | B72: Multa do FGTS e Contribuição Social sobre o Aviso Prévio Trabalhado. | H72: =0.5*0.08*H70 -> 0.000776 | I72: =$I$29*H72 -> 1.8949299
A73: TOTAL DO MÓDULO 3 | H73: =TRUNC(SUM(H67:H72),4) -> 0.0317 | I73: =TRUNC(SUM(I67:I72),2) -> 77.56
A75: MÓDULO 4 – CUSTO DE REPOSIÇÃO DO PROFISSIONAL AUSENTE
A76: Submódulo 4.1 - Ausências Legais | H76: % | I76: VALOR (R$)
A77: A | B77: Substituto na cobertura de Férias | H77: 0.0833 | I77: =$I$29*H77 -> 203.41194
A78: B | B78: Substituto na cobertura de Ausências Legais | H78: 0.0082 | I78: =$I$29*H78 -> 20.023744
A79: C | B79: Substituto na cobertura de Licença-Paternidade | H79: 0.0002 | I79: =$I$29*H79 -> 0.488384
A80: D | B80: Substituto na cobertura de Ausência por acidente de trabalho | H80: 0.0003 | I80: =$I$29*H80 -> 0.732576
A81: E | B81: Substituto na cobertura de Afastamento Maternidade | H81: 0.0061 | I81: =H81*K81 -> 2.093879 | J81: base de cálculo | K81: =I33+I34+I51+I52+I53 -> 343.25885
A82: F | B82: Substituto na cobertura de Outras ausências (especificar) | H82: 0 | I82: =$I$29*H82 -> 0
A83: TOTAL SUBMÓDULO 4.1 | H83: =TRUNC(SUM(H77:H82),4) -> 0.0981 | I83: =TRUNC(SUM(I77:I82),2) -> 226.75
A85: Submódulo 4.2 - Intrajornada | H85: % | I85: VALOR (R$)
A86: A | B86: Substituto na cobertura de Intervalo para repouso ou alimentação | H86: 0 | I86: =$I$29*H86 -> 0
A87: TOTAL SUBMÓDULO 4.2 | H87: =TRUNC(SUM(H86),4) -> 0 | I87: =TRUNC(SUM(I86),2) -> 0
A89: QUADRO-RESUMO DO MÓDULO 4 - CUSTO DE REPOSIÇÃO DO PROFISSIONAL AUSENTE
A90: Módulo 4 - Custo de Reposição do Profissional Ausente | I90: VALOR (R$)
A91: 4.1 | B91: Substituto nas Ausências Legais | I91: =I83 -> 226.75
A92: 4.2 | B92: Substituto na intrajornada | I92: =I87 -> 0
A93: TOTAL DO MÓDULO 4 | I93: =TRUNC(SUM(I91:I92),2) -> 226.75
A95: MÓDULO 5 – INSUMOS DIVERSOS
A96: 5 | B96: INSUMOS DIVERSOS | I96: VALOR (R$)
A97: A | B97: Uniformes | H97: - | I97: =Uniformes!E55 -> 125.68518
A98: B | B98: Materiais | H98: - | I98: -
A99: C | B99: Equipamentos | H99: - | I99: -
A100: D | B100: Outros (especificar) | H100: - | I100: -
A101: TOTAL DO MÓDULO 5 | H101: - | I101: =TRUNC(SUM(I97:I100),2) -> 125.68
A103: MÓDULO 6 – CUSTOS INDIRETOS, TRIBUTOS E LUCRO
A104: 6 | B104: CUSTOS INDIRETOS, TRIBUTOS E LUCRO | H104: % | I104: VALOR (R$)
A105: A | B105: Custos Indiretos | H105: 0.03 | I105: =TRUNC(H105*I128,2) -> 141
A106: B | B106: Lucro | H106: 0.0679 | I106: =TRUNC(H106*(I105+I128),2) -> 328.71 | J106: =SUM(I105:I106) -> 469.71
A107: C | B107: TRIBUTOS
A108: C.1 | B108: PIS | H108: 0.0165 | I108: =TRUNC(H108*I117,2) -> 99.47
A109: C.2 | B109: COFINS | H109: 0.076 | I109: =TRUNC(H109*I117,2) -> 458.2
A110: C.3 | B110: ISS | H110: 0.05 | I110: =TRUNC(H110*I117,2) -> 301.45 | J110: =SUM(I108:I110) -> 859.12
A111: TOTAL DO MÓDULO 6 | H111: =SUM(H105:H110) -> 0.2404 | I111: =TRUNC(SUM(I105:I110),2) -> 1328.83
A113: a) | B113: To = Tributos % | H113: =TRUNC(H108+H109+H110,4) -> 0.1425
A115: b) | B115: Po = ( Total dos Módulos 1 a 5 ) + ( Custos indiretos ) + ( Lucro ) | I115: =TRUNC(I128+I105+I106,2) -> 5169.9
A117: c) | B117: P1 = Po / (1 - To) | I117: =TRUNC(I115/(1-H113),2) -> 6029.03
...

Sheet Aux Cozinha 
A2: PLANILHA 44 - AUXILIAR DE COZINHA PLANTONISTA
A4: Discriminação dos Serviços
A5: A | B5: Data de apresentação da proposta
A6: B | B6: Município | H6: Rio de Janeiro
A7: C | B7: Sindicato dosTrabalhadores nas Empresas de Refeições Coletivas, Refeições Rápidas (FAST FOOD) e Afins do Estado do Rio de Janeiro - SINDIREFEIÇÕES-RJ | H7: 2024
A8: D | B8: Nº de meses de execução contratual | H8: 12
A10: Identificação do Serviço
A11: Tipo de Serviço | C11: Unidade de Medida | E11: Quantidade total a contratar (em função da unidade de medida)
A12: Alimentação | C12: Nº Refeições | E12: 30
A14: Dados para composição dos custos referentes à mão-de-obra
A15: 1 | B15: Tipo de serviço (mesmo serviço com características distintas) | H15: Auxiliar de Cozinha Plantonista
A16: 2 | B16: Classificação Brasileira de Ocupações (CBO) | H16: 5135-05
A17: 3 | B17: Salário Nominativo da Categoria Profissional | H17: 1799.6
A18: 4 | B18: Categoria profissional (vinculada à execução contratual) | H18: Auxiliar de Cozinha
A19: 5 | B19: Data base da categoria (dia/mês/ano) | H19: 45352
A21: MÓDULO 1 - COMPOSIÇÃO DA REMUNERAÇÃO
A22: 1 | B22: COMPOSIÇÃO DA REMUNERAÇÃO | H22: % | I22: VALOR (R$)
A23: A | B23: Salário Base | I23: =H17 -> 1799.6
A24: B | B24: Adicional Periculosidade | I24: 0
A25: C | B25: Adicional Insalubridade | H25: 0.2 | I25: =1412*H25 -> 282.4
A26: D | B26: Adicional Noturno | I26: 0
A27: E | B27: Adicional de Hora Noturna Reduzida | I27: 0
A28: F | B28: Outros (especificar) | I28: 0
A29: TOTAL DO MÓDULO 1 | I29: =TRUNC(SUM(I23:I28),2) -> 2082
A31: MÓDULO 2 – ENCARGOS E BENEFÍCIOS ANUAIS, MENSAIS E DIÁRIOS
A32: Submódulo 2.1 - 13º Salário, Férias e Adicional de Férias | H32: % | I32: VALOR (R$)
A33: A | B33: 13 (Décimo-terceiro) salário | H33: 0.0833 | I33: =$I$29*H33 -> 173.4306
A34: B | B34: Férias e Adicional de Férias | H34: 0.0278 | I34: =H34*I29 -> 57.8796
A35: TOTAL SUBMÓDULO 2.1 | H35: =TRUNC(SUM(H33:H34),4) -> 0.1111 | I35: =TRUNC(SUM(I33:I34),2) -> 231.31
J36: base 2.2 | K36: =I29+I35+I93 -> 2506.7
A37: Submódulo 2.2 - GPS, FGTS e Outras Contribuições | H37: % | I37: VALOR (R$) | J37: Total do mod 1+total submodulo 2.1+total mod 4
A38: A | B38: INSS | H38: 0.2 | I38: =H38*$K$36 -> 501.34
A39: B | B39: Salário Educação | H39: 0.025 | I39: =H39*$K$36 -> 62.6675
A40: C | B40: SAT (Seguro Acidente de Trabalho) | H40: =0.02*0.843 -> 0.01686 | I40: =H40*$K$36 -> 42.262962
A41: D | B41: SESC ou SESI | H41: 0.015 | I41: =H41*$K$36 -> 37.6005
A42: E | B42: SENAI - SENAC | H42: 0.01 | I42: =H42*$K$36 -> 25.067
A43: F | B43: SEBRAE | H43: 0.006 | I43: =H43*$K$36 -> 15.0402
A44: G | B44: INCRA | H44: 0.002 | I44: =H44*$K$36 -> 5.0134
A45: H | B45: FGTS | H45: 0.08 | I45: =H45*$K$36 -> 200.536
A46: TOTAL SUBMÓDULO 2.2 | H46: =SUM(H38:H45) -> 0.35486 | I46: =TRUNC(SUM(I38:I45),2) -> 889.52
A48: Submódulo 2.3 - Benefícios Mensais e Diários | I48: VALOR (R$)
A49: A | B49: Transporte (onibus intermunicipal + barcas = $ 8,55) fonte ->www.cartaoriocard.com.br | H49: - | I49: =(8.55*2*16)-(I23*0.06) -> 165.624
A50: B | B50: Vale Compras (Cláusula 15 da CCT) | H50: - | I50: ='Serv Limp Plant Diurno'!I50 -> 234.1
A51: C | B51: Taxa Negocial Sindicato Patronal (Cláusula 44 da CCT) | H51: - | I51: 5
A52: D | B52: Contribuição Assistencial Patronal (Cláusulas 42) | H52: - | I52: =(I23*2.7%)-(48.59*0.4) -> 29.1532
A53: E | B53: Contribuição Assistencial dos Empregados (Cláusula 41 da CCT) | H53: - | I53: ='Serv Limp Plant Diurno'!I53 -> 37.808333
A54: F | B54: Benefício Assistencial (Cláusula 40 da CCT) | H54: - | I54: ='Serv Limp Plant Diurno'!I54 -> 33.583333
A55: G | B55: Outros - Gratificação Natalina (Cláusula 14 da CCT) | H55: - | I55: ='Serv Limp Plant Diurno'!I55 -> 8.4583333
A56: TOTAL SUBMÓDULO 2.3 | I56: =SUM(I49:I55) -> 513.7272
A58: QUADRO-RESUMO DO MÓDULO 2 - ENCARGOS, BENEFÍCIOS ANUAIS, MENSAIS E DIÁRIOS
A59: Módulo 2 - Encargos, Benefícios Anuais, Mensais e Diários | I59: VALOR (R$)
A60: 2.1 | B60: 13º Salário, Férias e Adicional de Férias | I60: =I35 -> 231.31
A61: 2.2 | B61: GPS, FGTS e Outras Contribuições | I61: =I46 -> 889.52
A62: 2.3 | B62: Benefícios Mensais e Diários | I62: =I56 -> 513.7272
A63: TOTAL DO MÓDULO 2 | I63: =TRUNC(SUM(I60:I62),2) -> 1634.55
A65: MÓDULO 3 – PROVISÃO PARA RESCISÃO
A66: 3 | B66: PROVISÃO PARA RESCISÃO | H66: % | I66: VALOR (R$)
A67: A | B67: Aviso Prévio Indenizado | H67: 0.0042 | I67: =$I$29*H67 -> 8.7444
A68: B | B68: Incidência do FGTS sobre Aviso Prévio Indenizado | H68: =0.08*H67 -> 0.000336 | I68: =H68*I29 -> 0.699552
A69: C | B69: Multa do FGTS e Contribuição Social sobre o Aviso Prévio Indenizado | H69: =0.5*H68 -> 0.000168 | I69: =$I$29*H69 -> 0.349776
A70: D | B70: Aviso Prévio Trabalhado | H70: 0.0194 | I70: =$I$29*H70 -> 40.3908
A71: E | B71: Incidência de GPS, FGTS e outras contribuições sobre o Aviso Prévio Trabalhado (alterado pela IN 07/2018) | H71: =H46*H70 -> 0.006884284 | I71: =$I$29*H71 -> 14.333079
A72: F | B72: Multa do FGTS e Contribuição Social sobre o Aviso Prévio Trabalhado. | H72: =0.5*0.08*H70 -> 0.000776 | I72: =$I$29*H72 -> 1.615632
A73: TOTAL DO MÓDULO 3 | H73: =TRUNC(SUM(H67:H72),4) -> 0.0317 | I73: =TRUNC(SUM(I67:I72),2) -> 66.13
A75: MÓDULO 4 – CUSTO DE REPOSIÇÃO DO PROFISSIONAL AUSENTE
A76: Submódulo 4.1 - Ausências Legais | H76: % | I76: VALOR (R$)
A77: A | B77: Substituto na cobertura de Férias | H77: 0.0833 | I77: =$I$29*H77 -> 173.4306
A78: B | B78: Substituto na cobertura de Ausências Legais | H78: 0.0082 | I78: =$I$29*H78 -> 17.0724
A79: C | B79: Substituto na cobertura de Licença-Paternidade | H79: 0.0002 | I79: =$I$29*H79 -> 0.4164
A80: D | B80: Substituto na cobertura de Ausência por acidente de trabalho | H80: 0.0003 | I80: =$I$29*H80 -> 0.6246
A81: E | B81: Substituto na cobertura de Afastamento Maternidade | H81: 0.0061 | I81: =H81*K81 -> 1.8499576 | J81: base de cálculo | K81: =I33+I34+I51+I52+I53 -> 303.27173
A82: F | B82: Substituto na cobertura de Outras ausências (especificar) | H82: 0 | I82: =$I$29*H82 -> 0
A83: TOTAL SUBMÓDULO 4.1 | H83: =TRUNC(SUM(H77:H82),4) -> 0.0981 | I83: =TRUNC(SUM(I77:I82),2) -> 193.39
A85: Submódulo 4.2 - Intrajornada | H85: % | I85: VALOR (R$)
A86: A | B86: Substituto na cobertura de Intervalo para repouso ou alimentação | H86: 0 | I86: =$I$29*H86 -> 0
A87: TOTAL SUBMÓDULO 4.2 | H87: =TRUNC(SUM(H86),4) -> 0 | I87: =TRUNC(SUM(I86),2) -> 0
A89: QUADRO-RESUMO DO MÓDULO 4 - CUSTO DE REPOSIÇÃO DO PROFISSIONAL AUSENTE
A90: Módulo 4 - Custo de Reposição do Profissional Ausente | I90: VALOR (R$)
A91: 4.1 | B91: Substituto nas Ausências Legais | I91: =I83 -> 193.39
A92: 4.2 | B92: Substituto na intrajornada | I92: =I87 -> 0
A93: TOTAL DO MÓDULO 4 | I93: =TRUNC(SUM(I91:I92),2) -> 193.39
A95: MÓDULO 5 – INSUMOS DIVERSOS
A96: 5 | B96: INSUMOS DIVERSOS | I96: VALOR (R$)
A97: A | B97: Uniformes | H97: - | I97: =Uniformes!E55 -> 125.68518
A98: B | B98: Materiais | H98: - | I98: -
A99: C | B99: Equipamentos | H99: - | I99: -
A100: D | B100: Outros (especificar) | H100: - | I100: -
A101: TOTAL DO MÓDULO 5 | H101: - | I101: =TRUNC(SUM(I97:I100),2) -> 125.68
A103: MÓDULO 6 – CUSTOS INDIRETOS, TRIBUTOS E LUCRO
A104: 6 | B104: CUSTOS INDIRETOS, TRIBUTOS E LUCRO | H104: % | I104: VALOR (R$)
A105: A | B105: Custos Indiretos | H105: 0.03 | I105: =TRUNC(H105*I128,2) -> 123.05
A106: B | B106: Lucro | H106: 0.0679 | I106: =TRUNC(H106*(I105+I128),2) -> 286.86 | J106: =SUM(I105:I106) -> 409.91
A107: C | B107: TRIBUTOS
A108: C.1 | B108: PIS | H108: 0.0165 | I108: =TRUNC(H108*I117,2) -> 86.81
A109: C.2 | B109: COFINS | H109: 0.076 | I109: =TRUNC(H109*I117,2) -> 399.86
A110: C.3 | B110: ISS | H110: 0.05 | I110: =TRUNC(H110*I117,2) -> 263.07 | J110: =SUM(I108:I110) -> 749.74
A111: TOTAL DO MÓDULO 6 | H111: =SUM(H105:H110) -> 0.2404 | I111: =TRUNC(SUM(I105:I110),2) -> 1159.65
A113: a) | B113: To = Tributos % | H113: =TRUNC(H108+H109+H110,4) -> 0.1425
A115: b) | B115: Po = ( Total dos Módulos 1 a 5 ) + ( Custos indiretos ) + ( Lucro ) | I115: =TRUNC(I128+I105+I106,2) -> 4511.66
A117: c) | B117: P1 = Po / (1 - To) | I117: =TRUNC(I115/(1-H113),2) -> 5261.41
...

Sheet Copeiro diarista 
A2: PLANILHA 45 - COPEIRO DIARISTA
A4: Discriminação dos Serviços
A5: A | B5: Data de apresentação da proposta
A6: B | B6: Município | H6: Rio de Janeiro
A7: C | B7: Sindicato dosTrabalhadores nas Empresas de Refeições Coletivas, Refeições Rápidas (FAST FOOD) e Afins do Estado do Rio de Janeiro - SINDIREFEIÇÕES-RJ | H7: 2024
A8: D | B8: Nº de meses de execução contratual | H8: 12
A10: Identificação do Serviço
A11: Tipo de Serviço | C11: Unidade de Medida | E11: Quantidade total a contratar (em função da unidade de medida)
A12: Alimentação | C12: Nº Refeições | E12: 2
A14: Dados para composição dos custos referentes à mão-de-obra
A15: 1 | B15: Tipo de serviço (mesmo serviço com características distintas) | H15: Copeiro Diarista
A16: 2 | B16: Classificação Brasileira de Ocupações (CBO) | H16: 5134-25
A17: 3 | B17: Salário Nominativo da Categoria Profissional | H17: 1799.6
A18: 4 | B18: Categoria profissional (vinculada à execução contratual) | H18: Copeiro
A19: 5 | B19: Data base da categoria (dia/mês/ano) | H19: 45352
A21: MÓDULO 1 - COMPOSIÇÃO DA REMUNERAÇÃO
A22: 1 | B22: COMPOSIÇÃO DA REMUNERAÇÃO | H22: % | I22: VALOR (R$)
A23: A | B23: Salário Base | I23: =H17 -> 1799.6
A24: B | B24: Adicional Periculosidade | I24: 0
A25: C | B25: Adicional Insalubridade | H25: 0.2 | I25: =1412*H25 -> 282.4
A26: D | B26: Adicional Noturno | I26: =H26*I23 -> 0
A27: E | B27: Adicional de Hora Noturna Reduzida | I27: 0
A28: F | B28: Outros (especificar) | I28: 0
A29: TOTAL DO MÓDULO 1 | I29: =TRUNC(SUM(I23:I28),2) -> 2082
A31: MÓDULO 2 – ENCARGOS E BENEFÍCIOS ANUAIS, MENSAIS E DIÁRIOS
A32: Submódulo 2.1 - 13º Salário, Férias e Adicional de Férias | H32: % | I32: VALOR (R$)
A33: A | B33: 13 (Décimo-terceiro) salário | H33: 0.0833 | I33: =$I$29*H33 -> 173.4306
A34: B | B34: Férias e Adicional de Férias | H34: 0.0278 | I34: =H34*I29 -> 57.8796
A35: TOTAL SUBMÓDULO 2.1 | H35: =TRUNC(SUM(H33:H34),4) -> 0.1111 | I35: =TRUNC(SUM(I33:I34),2) -> 231.31
J36: base 2.2 | K36: =I29+I35+I93 -> 2506.7
A37: Submódulo 2.2 - GPS, FGTS e Outras Contribuições | H37: % | I37: VALOR (R$) | J37: Total do mod 1+total submodulo 2.1+total mod 4
A38: A | B38: INSS | H38: 0.2 | I38: =H38*$K$36 -> 501.34
A39: B | B39: Salário Educação | H39: 0.025 | I39: =H39*$K$36 -> 62.6675
A40: C | B40: SAT (Seguro Acidente de Trabalho) | H40: =0.02*0.843 -> 0.01686 | I40: =H40*$K$36 -> 42.262962
A41: D | B41: SESC ou SESI | H41: 0.015 | I41: =H41*$K$36 -> 37.6005
A42: E | B42: SENAI - SENAC | H42: 0.01 | I42: =H42*$K$36 -> 25.067
A43: F | B43: SEBRAE | H43: 0.006 | I43: =H43*$K$36 -> 15.0402
A44: G | B44: INCRA | H44: 0.002 | I44: =H44*$K$36 -> 5.0134
A45: H | B45: FGTS | H45: 0.08 | I45: =H45*$K$36 -> 200.536
A46: TOTAL SUBMÓDULO 2.2 | H46: =SUM(H38:H45) -> 0.35486 | I46: =TRUNC(SUM(I38:I45),2) -> 889.52
A48: Submódulo 2.3 - Benefícios Mensais e Diários | I48: VALOR (R$)
A49: A | B49: Transporte (onibus intermunicipal + barcas = $ 8,55) fonte ->www.cartaoriocard.com.br | H49: - | I49: =(8.55*2*22)-(I23*0.06) -> 268.224
A50: B | B50: Vale Compras (Cláusula 15 da CCT) | H50: - | I50: ='Serv Limp Plant Diurno'!I50 -> 234.1
A51: C | B51: Taxa Negocial Sindicato Patronal (Cláusula 44 da CCT) | H51: - | I51: 5
A52: D | B52: Contribuição Assistencial Patronal (Cláusulas 42) | H52: - | I52: =(I23*2.7%)-(48.59*0.4) -> 29.1532
A53: E | B53: Contribuição Assistencial dos Empregados (Cláusula 41 da CCT) | H53: - | I53: ='Serv Limp Plant Diurno'!I53 -> 37.808333
A54: F | B54: Benefício Assistencial (Cláusula 40 da CCT) | H54: - | I54: ='Serv Limp Plant Diurno'!I54 -> 33.583333
A55: G | B55: Outros - Gratificação Natalina (Cláusula 14 da CCT) | H55: - | I55: ='Serv Limp Plant Diurno'!I55 -> 8.4583333
A56: TOTAL SUBMÓDULO 2.3 | I56: =SUM(I49:I55) -> 616.3272
A58: QUADRO-RESUMO DO MÓDULO 2 - ENCARGOS, BENEFÍCIOS ANUAIS, MENSAIS E DIÁRIOS
A59: Módulo 2 - Encargos, Benefícios Anuais, Mensais e Diários | I59: VALOR (R$)
A60: 2.1 | B60: 13º Salário, Férias e Adicional de Férias | I60: =I35 -> 231.31
A61: 2.2 | B61: GPS, FGTS e Outras Contribuições | I61: =I46 -> 889.52
A62: 2.3 | B62: Benefícios Mensais e Diários | I62: =I56 -> 616.3272
A63: TOTAL DO MÓDULO 2 | I63: =TRUNC(SUM(I60:I62),2) -> 1737.15
A65: MÓDULO 3 – PROVISÃO PARA RESCISÃO
A66: 3 | B66: PROVISÃO PARA RESCISÃO | H66: % | I66: VALOR (R$)
A67: A | B67: Aviso Prévio Indenizado | H67: 0.0042 | I67: =$I$29*H67 -> 8.7444
A68: B | B68: Incidência do FGTS sobre Aviso Prévio Indenizado | H68: =0.08*H67 -> 0.000336 | I68: =H68*I29 -> 0.699552
A69: C | B69: Multa do FGTS e Contribuição Social sobre o Aviso Prévio Indenizado | H69: =0.5*H68 -> 0.000168 | I69: =$I$29*H69 -> 0.349776
A70: D | B70: Aviso Prévio Trabalhado | H70: 0.0194 | I70: =$I$29*H70 -> 40.3908
A71: E | B71: Incidência de GPS, FGTS e outras contribuições sobre o Aviso Prévio Trabalhado (alterado pela IN 07/2018) | H71: =H46*H70 -> 0.006884284 | I71: =$I$29*H71 -> 14.333079
A72: F | B72: Multa do FGTS e Contribuição Social sobre o Aviso Prévio Trabalhado. | H72: =0.5*0.08*H70 -> 0.000776 | I72: =$I$29*H72 -> 1.615632
A73: TOTAL DO MÓDULO 3 | H73: =TRUNC(SUM(H67:H72),4) -> 0.0317 | I73: =TRUNC(SUM(I67:I72),2) -> 66.13
A75: MÓDULO 4 – CUSTO DE REPOSIÇÃO DO PROFISSIONAL AUSENTE
A76: Submódulo 4.1 - Ausências Legais | H76: % | I76: VALOR (R$)
A77: A | B77: Substituto na cobertura de Férias | H77: 0.0833 | I77: =$I$29*H77 -> 173.4306
A78: B | B78: Substituto na cobertura de Ausências Legais | H78: 0.0082 | I78: =$I$29*H78 -> 17.0724
A79: C | B79: Substituto na cobertura de Licença-Paternidade | H79: 0.0002 | I79: =$I$29*H79 -> 0.4164
A80: D | B80: Substituto na cobertura de Ausência por acidente de trabalho | H80: 0.0003 | I80: =$I$29*H80 -> 0.6246
A81: E | B81: Substituto na cobertura de Afastamento Maternidade | H81: 0.0061 | I81: =H81*K81 -> 1.8499576 | J81: base de cálculo | K81: =I33+I34+I51+I52+I53 -> 303.27173
A82: F | B82: Substituto na cobertura de Outras ausências (especificar) | H82: 0 | I82: =$I$29*H82 -> 0
A83: TOTAL SUBMÓDULO 4.1 | H83: =TRUNC(SUM(H77:H82),4) -> 0.0981 | I83: =TRUNC(SUM(I77:I82),2) -> 193.39
A85: Submódulo 4.2 - Intrajornada | H85: % | I85: VALOR (R$)
A86: A | B86: Substituto na cobertura de Intervalo para repouso ou alimentação | H86: 0 | I86: =$I$29*H86 -> 0
A87: TOTAL SUBMÓDULO 4.2 | H87: =TRUNC(SUM(H86),4) -> 0 | I87: =TRUNC(SUM(I86),2) -> 0
A89: QUADRO-RESUMO DO MÓDULO 4 - CUSTO DE REPOSIÇÃO DO PROFISSIONAL AUSENTE
A90: Módulo 4 - Custo de Reposição do Profissional Ausente | I90: VALOR (R$)
A91: 4.1 | B91: Substituto nas Ausências Legais | I91: =I83 -> 193.39
A92: 4.2 | B92: Substituto na intrajornada | I92: =I87 -> 0
A93: TOTAL DO MÓDULO 4 | I93: =TRUNC(SUM(I91:I92),2) -> 193.39
A95: MÓDULO 5 – INSUMOS DIVERSOS
A96: 5 | B96: INSUMOS DIVERSOS | I96: VALOR (R$)
A97: A | B97: Uniformes | H97: - | I97: =Uniformes!E77 -> 88.079014
A98: B | B98: Materiais | H98: -
A99: C | B99: Equipamentos | H99: -
A100: D | B100: Outros (especificar) | H100: -
A101: TOTAL DO MÓDULO 5 | H101: - | I101: =Uniformes!E65 -> 87.273168
A103: MÓDULO 6 – CUSTOS INDIRETOS, TRIBUTOS E LUCRO
A104: 6 | B104: CUSTOS INDIRETOS, TRIBUTOS E LUCRO | H104: % | I104: VALOR (R$)
A105: A | B105: Custos Indiretos | H105: 0.03 | I105: =TRUNC(H105*I128,2) -> 124.97
A106: B | B106: Lucro | H106: 0.0679 | I106: =TRUNC(H106*(I105+I128),2) -> 291.35 | J106: =SUM(I105:I106) -> 416.32
A107: C | B107: TRIBUTOS
A108: C.1 | B108: PIS | H108: 0.0165 | I108: =TRUNC(H108*I117,2) -> 88.17
A109: C.2 | B109: COFINS | H109: 0.076 | I109: =TRUNC(H109*I117,2) -> 406.12
A110: C.3 | B110: ISS | H110: 0.05 | I110: =TRUNC(H110*I117,2) -> 267.18 | J110: =SUM(I108:I110) -> 761.47
A111: TOTAL DO MÓDULO 6 | H111: =SUM(H105:H110) -> 0.2404 | I111: =TRUNC(SUM(I105:I110),2) -> 1177.79
A113: a) | B113: To = Tributos % | H113: =TRUNC(H108+H109+H110,4) -> 0.1425
A115: b) | B115: Po = ( Total dos Módulos 1 a 5 ) + ( Custos indiretos ) + ( Lucro ) | I115: =TRUNC(I128+I105+I106,2) -> 4582.26
A117: c) | B117: P1 = Po / (1 - To) | I117: =TRUNC(I115/(1-H113),2) -> 5343.74
...

Sheet Copeiro Plant Noturno  
A2: PLANILHA 46 - COPEIRO PLANTONISTA NOTURNO
A4: Discriminação dos Serviços
A5: A | B5: Data de apresentação da proposta
A6: B | B6: Município | H6: Rio de Janeiro
A7: C | B7: Sindicato dosTrabalhadores nas Empresas de Refeições Coletivas, Refeições Rápidas (FAST FOOD) e Afins do Estado do Rio de Janeiro - SINDIREFEIÇÕES-RJ | H7: 2024
A8: D | B8: Nº de meses de execução contratual | H8: 12
A10: Identificação do Serviço
A11: Tipo de Serviço | C11: Unidade de Medida | E11: Quantidade total a contratar (em função da unidade de medida)
A12: Alimentação | C12: Nº Refeições | E12: 10
A14: Dados para composição dos custos referentes à mão-de-obra
A15: 1 | B15: Tipo de serviço (mesmo serviço com características distintas) | H15: Copeiro Plantonista Noturno
A16: 2 | B16: Classificação Brasileira de Ocupações (CBO) | H16: 5134-25
A17: 3 | B17: Salário Nominativo da Categoria Profissional | H17: 1799.6
A18: 4 | B18: Categoria profissional (vinculada à execução contratual) | H18: Copeiro
A19: 5 | B19: Data base da categoria (dia/mês/ano) | H19: 45352
A21: MÓDULO 1 - COMPOSIÇÃO DA REMUNERAÇÃO
A22: 1 | B22: COMPOSIÇÃO DA REMUNERAÇÃO | H22: % | I22: VALOR (R$)
A23: A | B23: Salário Base | I23: =H17 -> 1799.6
A24: B | B24: Adicional Periculosidade | I24: 0
A25: C | B25: Adicional Insalubridade | H25: 0.2 | I25: =1412*H25 -> 282.4
A26: D | B26: Adicional Noturno | H26: 0.2 | I26: =H26*I23 -> 359.92
A27: E | B27: Adicional de Hora Noturna Reduzida | I27: 0
A28: F | B28: Outros (especificar) | I28: 0
A29: TOTAL DO MÓDULO 1 | I29: =TRUNC(SUM(I23:I28),2) -> 2441.92
A31: MÓDULO 2 – ENCARGOS E BENEFÍCIOS ANUAIS, MENSAIS E DIÁRIOS
A32: Submódulo 2.1 - 13º Salário, Férias e Adicional de Férias | H32: % | I32: VALOR (R$)
A33: A | B33: 13 (Décimo-terceiro) salário | H33: 0.0833 | I33: =$I$29*H33 -> 203.41194
A34: B | B34: Férias e Adicional de Férias | H34: 0.0278 | I34: =H34*I29 -> 67.885376
A35: TOTAL SUBMÓDULO 2.1 | H35: =TRUNC(SUM(H33:H34),4) -> 0.1111 | I35: =TRUNC(SUM(I33:I34),2) -> 271.29
J36: base 2.2 | K36: =I29+I35+I93 -> 2939.96
A37: Submódulo 2.2 - GPS, FGTS e Outras Contribuições | H37: % | I37: VALOR (R$) | J37: Total do mod 1+total submodulo 2.1+total mod 4
A38: A | B38: INSS | H38: 0.2 | I38: =H38*$K$36 -> 587.992
A39: B | B39: Salário Educação | H39: 0.025 | I39: =H39*$K$36 -> 73.499
A40: C | B40: SAT (Seguro Acidente de Trabalho) | H40: =0.02*0.843 -> 0.01686 | I40: =H40*$K$36 -> 49.567726
A41: D | B41: SESC ou SESI | H41: 0.015 | I41: =H41*$K$36 -> 44.0994
A42: E | B42: SENAI - SENAC | H42: 0.01 | I42: =H42*$K$36 -> 29.3996
A43: F | B43: SEBRAE | H43: 0.006 | I43: =H43*$K$36 -> 17.63976
A44: G | B44: INCRA | H44: 0.002 | I44: =H44*$K$36 -> 5.87992
A45: H | B45: FGTS | H45: 0.08 | I45: =H45*$K$36 -> 235.1968
A46: TOTAL SUBMÓDULO 2.2 | H46: =SUM(H38:H45) -> 0.35486 | I46: =TRUNC(SUM(I38:I45),2) -> 1043.27
A48: Submódulo 2.3 - Benefícios Mensais e Diários | I48: VALOR (R$)
A49: A | B49: Transporte (onibus intermunicipal + barcas = $ 8,55) fonte ->www.cartaoriocard.com.br | H49: - | I49: =(8.55*2*16)-(I23*0.06) -> 165.624
A50: B | B50: Vale Compras (Cláusula 15 da CCT) | H50: - | I50: ='Serv Limp Plant Diurno'!I50 -> 234.1
A51: C | B51: Taxa Negocial Sindicato Patronal (Cláusula 44 da CCT) | H51: - | I51: 5
A52: D | B52: Contribuição Assistencial Patronal (Cláusulas 42) | H52: - | I52: =(I23*2.7%)-(48.59*0.4) -> 29.1532
A53: E | B53: Contribuição Assistencial dos Empregados (Cláusula 41 da CCT) | H53: - | I53: ='Serv Limp Plant Diurno'!I53 -> 37.808333
A54: F | B54: Benefício Assistencial (Cláusula 40 da CCT) | H54: - | I54: ='Serv Limp Plant Diurno'!I54 -> 33.583333
A55: G | B55: Outros - Gratificação Natalina (Cláusula 14 da CCT) | H55: - | I55: ='Serv Limp Plant Diurno'!I55 -> 8.4583333
A56: TOTAL SUBMÓDULO 2.3 | I56: =SUM(I49:I55) -> 513.7272
A58: QUADRO-RESUMO DO MÓDULO 2 - ENCARGOS, BENEFÍCIOS ANUAIS, MENSAIS E DIÁRIOS
A59: Módulo 2 - Encargos, Benefícios Anuais, Mensais e Diários | I59: VALOR (R$)
A60: 2.1 | B60: 13º Salário, Férias e Adicional de Férias | I60: =I35 -> 271.29
A61: 2.2 | B61: GPS, FGTS e Outras Contribuições | I61: =I46 -> 1043.27
A62: 2.3 | B62: Benefícios Mensais e Diários | I62: =I56 -> 513.7272
A63: TOTAL DO MÓDULO 2 | I63: =TRUNC(SUM(I60:I62),2) -> 1828.28
A65: MÓDULO 3 – PROVISÃO PARA RESCISÃO
A66: 3 | B66: PROVISÃO PARA RESCISÃO | H66: % | I66: VALOR (R$)
A67: A | B67: Aviso Prévio Indenizado | H67: 0.0042 | I67: =$I$29*H67 -> 10.256064
A68: B | B68: Incidência do FGTS sobre Aviso Prévio Indenizado | H68: =0.08*H67 -> 0.000336 | I68: =H68*I29 -> 0.82048512
A69: C | B69: Multa do FGTS e Contribuição Social sobre o Aviso Prévio Indenizado | H69: =0.5*H68 -> 0.000168 | I69: =$I$29*H69 -> 0.41024256
A70: D | B70: Aviso Prévio Trabalhado | H70: 0.0194 | I70: =$I$29*H70 -> 47.373248
A71: E | B71: Incidência de GPS, FGTS e outras contribuições sobre o Aviso Prévio Trabalhado (alterado pela IN 07/2018) | H71: =H46*H70 -> 0.006884284 | I71: =$I$29*H71 -> 16.810871
A72: F | B72: Multa do FGTS e Contribuição Social sobre o Aviso Prévio Trabalhado. | H72: =0.5*0.08*H70 -> 0.000776 | I72: =$I$29*H72 -> 1.8949299
A73: TOTAL DO MÓDULO 3 | H73: =TRUNC(SUM(H67:H72),4) -> 0.0317 | I73: =TRUNC(SUM(I67:I72),2) -> 77.56
A75: MÓDULO 4 – CUSTO DE REPOSIÇÃO DO PROFISSIONAL AUSENTE
A76: Submódulo 4.1 - Ausências Legais | H76: % | I76: VALOR (R$)
A77: A | B77: Substituto na cobertura de Férias | H77: 0.0833 | I77: =$I$29*H77 -> 203.41194
A78: B | B78: Substituto na cobertura de Ausências Legais | H78: 0.0082 | I78: =$I$29*H78 -> 20.023744
A79: C | B79: Substituto na cobertura de Licença-Paternidade | H79: 0.0002 | I79: =$I$29*H79 -> 0.488384
A80: D | B80: Substituto na cobertura de Ausência por acidente de trabalho | H80: 0.0003 | I80: =$I$29*H80 -> 0.732576
A81: E | B81: Substituto na cobertura de Afastamento Maternidade | H81: 0.0061 | I81: =H81*K81 -> 2.093879 | J81: base de cálculo | K81: =I33+I34+I51+I52+I53 -> 343.25885
A82: F | B82: Substituto na cobertura de Outras ausências (especificar) | H82: 0 | I82: =$I$29*H82 -> 0
A83: TOTAL SUBMÓDULO 4.1 | H83: =TRUNC(SUM(H77:H82),4) -> 0.0981 | I83: =TRUNC(SUM(I77:I82),2) -> 226.75
A85: Submódulo 4.2 - Intrajornada | H85: % | I85: VALOR (R$)
A86: A | B86: Substituto na cobertura de Intervalo para repouso ou alimentação | H86: 0 | I86: =$I$29*H86 -> 0
A87: TOTAL SUBMÓDULO 4.2 | H87: =TRUNC(SUM(H86),4) -> 0 | I87: =TRUNC(SUM(I86),2) -> 0
A89: QUADRO-RESUMO DO MÓDULO 4 - CUSTO DE REPOSIÇÃO DO PROFISSIONAL AUSENTE
A90: Módulo 4 - Custo de Reposição do Profissional Ausente | I90: VALOR (R$)
A91: 4.1 | B91: Substituto nas Ausências Legais | I91: =I83 -> 226.75
A92: 4.2 | B92: Substituto na intrajornada | I92: =I87 -> 0
A93: TOTAL DO MÓDULO 4 | I93: =TRUNC(SUM(I91:I92),2) -> 226.75
A95: MÓDULO 5 – INSUMOS DIVERSOS
A96: 5 | B96: INSUMOS DIVERSOS | I96: VALOR (R$)
A97: A | B97: Uniformes | H97: - | I97: =Uniformes!E65 -> 87.273168
A98: B | B98: Materiais | H98: -
A99: C | B99: Equipamentos | H99: -
A100: D | B100: Outros (especificar) | H100: -
A101: TOTAL DO MÓDULO 5 | H101: - | I101: =TRUNC(SUM(I97:I100),2) -> 87.27
A103: MÓDULO 6 – CUSTOS INDIRETOS, TRIBUTOS E LUCRO
A104: 6 | B104: CUSTOS INDIRETOS, TRIBUTOS E LUCRO | H104: % | I104: VALOR (R$)
A105: A | B105: Custos Indiretos | H105: 0.03 | I105: =TRUNC(H105*I128,2) -> 139.85
A106: B | B106: Lucro | H106: 0.0679 | I106: =TRUNC(H106*(I105+I128),2) -> 326.03 | J106: =SUM(I105:I106) -> 465.88
A107: C | B107: TRIBUTOS
A108: C.1 | B108: PIS | H108: 0.0165 | I108: =TRUNC(H108*I117,2) -> 98.66
A109: C.2 | B109: COFINS | H109: 0.076 | I109: =TRUNC(H109*I117,2) -> 454.46
A110: C.3 | B110: ISS | H110: 0.05 | I110: =TRUNC(H110*I117,2) -> 298.98 | J110: =SUM(I108:I110) -> 852.1
A111: TOTAL DO MÓDULO 6 | H111: =SUM(H105:H110) -> 0.2404 | I111: =TRUNC(SUM(I105:I110),2) -> 1317.98
A113: a) | B113: To = Tributos % | H113: =TRUNC(H108+H109+H110,4) -> 0.1425
A115: b) | B115: Po = ( Total dos Módulos 1 a 5 ) + ( Custos indiretos ) + ( Lucro ) | I115: =TRUNC(I128+I105+I106,2) -> 5127.66
A117: c) | B117: P1 = Po / (1 - To) | I117: =TRUNC(I115/(1-H113),2) -> 5979.77
...

Sheet Copeiro Plant diurno 
A2: PLANILHA 47 - COPEIRO PLANTONISTA DIURNO
A4: Discriminação dos Serviços
A5: A | B5: Data de apresentação da proposta
A6: B | B6: Município | H6: Rio de Janeiro
A7: C | B7: Sindicato dosTrabalhadores nas Empresas de Refeições Coletivas, Refeições Rápidas (FAST FOOD) e Afins do Estado do Rio de Janeiro - SINDIREFEIÇÕES-RJ | H7: 2024
A8: D | B8: Nº de meses de execução contratual | H8: 12
A10: Identificação do Serviço
A11: Tipo de Serviço | C11: Unidade de Medida | E11: Quantidade total a contratar (em função da unidade de medida)
A12: Alimentação | C12: Nº Refeições | E12: 68
A14: Dados para composição dos custos referentes à mão-de-obra
A15: 1 | B15: Tipo de serviço (mesmo serviço com características distintas) | H15: Copeiro Plantonista Diurno
A16: 2 | B16: Classificação Brasileira de Ocupações (CBO) | H16: 5134-25
A17: 3 | B17: Salário Nominativo da Categoria Profissional | H17: 1799.6
A18: 4 | B18: Categoria profissional (vinculada à execução contratual) | H18: Copeiro
A19: 5 | B19: Data base da categoria (dia/mês/ano) | H19: 45352
A21: MÓDULO 1 - COMPOSIÇÃO DA REMUNERAÇÃO
A22: 1 | B22: COMPOSIÇÃO DA REMUNERAÇÃO | H22: % | I22: VALOR (R$)
A23: A | B23: Salário Base | I23: =H17 -> 1799.6
A24: B | B24: Adicional Periculosidade | I24: 0
A25: C | B25: Adicional Insalubridade | H25: 0.2 | I25: =1412*H25 -> 282.4
A26: D | B26: Adicional Noturno | I26: =H26*I23 -> 0
A27: E | B27: Adicional de Hora Noturna Reduzida | I27: 0
A28: F | B28: Outros (especificar) | I28: 0
A29: TOTAL DO MÓDULO 1 | I29: =TRUNC(SUM(I23:I28),2) -> 2082
A31: MÓDULO 2 – ENCARGOS E BENEFÍCIOS ANUAIS, MENSAIS E DIÁRIOS
A32: Submódulo 2.1 - 13º Salário, Férias e Adicional de Férias | H32: % | I32: VALOR (R$)
A33: A | B33: 13 (Décimo-terceiro) salário | H33: 0.0833 | I33: =$I$29*H33 -> 173.4306
A34: B | B34: Férias e Adicional de Férias | H34: 0.0278 | I34: =H34*I29 -> 57.8796
A35: TOTAL SUBMÓDULO 2.1 | H35: =TRUNC(SUM(H33:H34),4) -> 0.1111 | I35: =TRUNC(SUM(I33:I34),2) -> 231.31
J36: base 2.2 | K36: =I29+I35+I93 -> 2506.7
A37: Submódulo 2.2 - GPS, FGTS e Outras Contribuições | H37: % | I37: VALOR (R$) | J37: Total do mod 1+total submodulo 2.1+total mod 4
A38: A | B38: INSS | H38: 0.2 | I38: =H38*$K$36 -> 501.34
A39: B | B39: Salário Educação | H39: 0.025 | I39: =H39*$K$36 -> 62.6675
A40: C | B40: SAT (Seguro Acidente de Trabalho) | H40: =0.02*0.843 -> 0.01686 | I40: =H40*$K$36 -> 42.262962
A41: D | B41: SESC ou SESI | H41: 0.015 | I41: =H41*$K$36 -> 37.6005
A42: E | B42: SENAI - SENAC | H42: 0.01 | I42: =H42*$K$36 -> 25.067
A43: F | B43: SEBRAE | H43: 0.006 | I43: =H43*$K$36 -> 15.0402
A44: G | B44: INCRA | H44: 0.002 | I44: =H44*$K$36 -> 5.0134
A45: H | B45: FGTS | H45: 0.08 | I45: =H45*$K$36 -> 200.536
A46: TOTAL SUBMÓDULO 2.2 | H46: =SUM(H38:H45) -> 0.35486 | I46: =TRUNC(SUM(I38:I45),2) -> 889.52
A48: Submódulo 2.3 - Benefícios Mensais e Diários | I48: VALOR (R$)
A49: A | B49: Transporte (onibus intermunicipal + barcas = $ 8,55) fonte ->www.cartaoriocard.com.br | H49: - | I49: =(8.55*2*16)-(I23*0.06) -> 165.624
A50: B | B50: Vale Compras (Cláusula 15 da CCT) | H50: - | I50: ='Serv Limp Plant Diurno'!I50 -> 234.1
A51: C | B51: Taxa Negocial Sindicato Patronal (Cláusula 44 da CCT) | H51: - | I51: 5
A52: D | B52: Contribuição Assistencial Patronal (Cláusulas 42) | H52: - | I52: =(I23*2.7%)-(48.59*0.4) -> 29.1532
A53: E | B53: Contribuição Assistencial dos Empregados (Cláusula 41 da CCT) | H53: - | I53: ='Serv Limp Plant Diurno'!I53 -> 37.808333
A54: F | B54: Benefício Assistencial (Cláusula 40 da CCT) | H54: - | I54: ='Serv Limp Plant Diurno'!I54 -> 33.583333
A55: G | B55: Outros - Gratificação Natalina (Cláusula 14 da CCT) | H55: - | I55: ='Serv Limp Plant Diurno'!I55 -> 8.4583333
A56: TOTAL SUBMÓDULO 2.3 | I56: =SUM(I49:I55) -> 513.7272
A58: QUADRO-RESUMO DO MÓDULO 2 - ENCARGOS, BENEFÍCIOS ANUAIS, MENSAIS E DIÁRIOS
A59: Módulo 2 - Encargos, Benefícios Anuais, Mensais e Diários | I59: VALOR (R$)
A60: 2.1 | B60: 13º Salário, Férias e Adicional de Férias | I60: =I35 -> 231.31
A61: 2.2 | B61: GPS, FGTS e Outras Contribuições | I61: =I46 -> 889.52
A62: 2.3 | B62: Benefícios Mensais e Diários | I62: =I56 -> 513.7272
A63: TOTAL DO MÓDULO 2 | I63: =TRUNC(SUM(I60:I62),2) -> 1634.55
A65: MÓDULO 3 – PROVISÃO PARA RESCISÃO
A66: 3 | B66: PROVISÃO PARA RESCISÃO | H66: % | I66: VALOR (R$)
A67: A | B67: Aviso Prévio Indenizado | H67: 0.0042 | I67: =$I$29*H67 -> 8.7444
A68: B | B68: Incidência do FGTS sobre Aviso Prévio Indenizado | H68: =0.08*H67 -> 0.000336 | I68: =H68*I29 -> 0.699552
A69: C | B69: Multa do FGTS e Contribuição Social sobre o Aviso Prévio Indenizado | H69: =0.5*H68 -> 0.000168 | I69: =$I$29*H69 -> 0.349776
A70: D | B70: Aviso Prévio Trabalhado | H70: 0.0194 | I70: =$I$29*H70 -> 40.3908
A71: E | B71: Incidência de GPS, FGTS e outras contribuições sobre o Aviso Prévio Trabalhado (alterado pela IN 07/2018) | H71: =H46*H70 -> 0.006884284 | I71: =$I$29*H71 -> 14.333079
A72: F | B72: Multa do FGTS e Contribuição Social sobre o Aviso Prévio Trabalhado. | H72: =0.5*0.08*H70 -> 0.000776 | I72: =$I$29*H72 -> 1.615632
A73: TOTAL DO MÓDULO 3 | H73: =TRUNC(SUM(H67:H72),4) -> 0.0317 | I73: =TRUNC(SUM(I67:I72),2) -> 66.13
A75: MÓDULO 4 – CUSTO DE REPOSIÇÃO DO PROFISSIONAL AUSENTE
A76: Submódulo 4.1 - Ausências Legais | H76: % | I76: VALOR (R$)
A77: A | B77: Substituto na cobertura de Férias | H77: 0.0833 | I77: =$I$29*H77 -> 173.4306
A78: B | B78: Substituto na cobertura de Ausências Legais | H78: 0.0082 | I78: =$I$29*H78 -> 17.0724
A79: C | B79: Substituto na cobertura de Licença-Paternidade | H79: 0.0002 | I79: =$I$29*H79 -> 0.4164
A80: D | B80: Substituto na cobertura de Ausência por acidente de trabalho | H80: 0.0003 | I80: =$I$29*H80 -> 0.6246
A81: E | B81: Substituto na cobertura de Afastamento Maternidade | H81: 0.0061 | I81: =H81*K81 -> 1.8499576 | J81: base de cálculo | K81: =I33+I34+I51+I52+I53 -> 303.27173
A82: F | B82: Substituto na cobertura de Outras ausências (especificar) | H82: 0 | I82: =$I$29*H82 -> 0
A83: TOTAL SUBMÓDULO 4.1 | H83: =TRUNC(SUM(H77:H82),4) -> 0.0981 | I83: =TRUNC(SUM(I77:I82),2) -> 193.39
A85: Submódulo 4.2 - Intrajornada | H85: % | I85: VALOR (R$)
A86: A | B86: Substituto na cobertura de Intervalo para repouso ou alimentação | H86: 0 | I86: =$I$29*H86 -> 0
A87: TOTAL SUBMÓDULO 4.2 | H87: =TRUNC(SUM(H86),4) -> 0 | I87: =TRUNC(SUM(I86),2) -> 0
A89: QUADRO-RESUMO DO MÓDULO 4 - CUSTO DE REPOSIÇÃO DO PROFISSIONAL AUSENTE
A90: Módulo 4 - Custo de Reposição do Profissional Ausente | I90: VALOR (R$)
A91: 4.1 | B91: Substituto nas Ausências Legais | I91: =I83 -> 193.39
A92: 4.2 | B92: Substituto na intrajornada | I92: =I87 -> 0
A93: TOTAL DO MÓDULO 4 | I93: =TRUNC(SUM(I91:I92),2) -> 193.39
A95: MÓDULO 5 – INSUMOS DIVERSOS
A96: 5 | B96: INSUMOS DIVERSOS | I96: VALOR (R$)
A97: A | B97: Uniformes | H97: - | I97: =Uniformes!E65 -> 87.273168
A98: B | B98: Materiais | H98: -
A99: C | B99: Equipamentos | H99: -
A100: D | B100: Outros (especificar) | H100: -
A101: TOTAL DO MÓDULO 5 | H101: - | I101: =TRUNC(SUM(I97:I100),2) -> 87.27
A103: MÓDULO 6 – CUSTOS INDIRETOS, TRIBUTOS E LUCRO
A104: 6 | B104: CUSTOS INDIRETOS, TRIBUTOS E LUCRO | H104: % | I104: VALOR (R$)
A105: A | B105: Custos Indiretos | H105: 0.03 | I105: =TRUNC(H105*I128,2) -> 121.9
A106: B | B106: Lucro | H106: 0.0679 | I106: =TRUNC(H106*(I105+I128),2) -> 284.17 | J106: =SUM(I105:I106) -> 406.07
A107: C | B107: TRIBUTOS
A108: C.1 | B108: PIS | H108: 0.0165 | I108: =TRUNC(H108*I117,2) -> 86
A109: C.2 | B109: COFINS | H109: 0.076 | I109: =TRUNC(H109*I117,2) -> 396.12
A110: C.3 | B110: ISS | H110: 0.05 | I110: =TRUNC(H110*I117,2) -> 260.6 | J110: =SUM(I108:I110) -> 742.72
A111: TOTAL DO MÓDULO 6 | H111: =SUM(H105:H110) -> 0.2404 | I111: =TRUNC(SUM(I105:I110),2) -> 1148.79
A113: a) | B113: To = Tributos % | H113: =TRUNC(H108+H109+H110,4) -> 0.1425
A115: b) | B115: Po = ( Total dos Módulos 1 a 5 ) + ( Custos indiretos ) + ( Lucro ) | I115: =TRUNC(I128+I105+I106,2) -> 4469.41
A117: c) | B117: P1 = Po / (1 - To) | I117: =TRUNC(I115/(1-H113),2) -> 5212.13
...

Sheet Tec. Manutenção
A2: PLANILHA 48 - TÉCNICO EM GERAL DE MANUTENÇÃO DIARISTA
A4: Discriminação dos Serviços
A5: A | B5: Data de apresentação da proposta
A6: B | B6: Município | H6: Rio de Janeiro
A7: C | B7: SINDISTAL | H7: 2024-2026
A8: D | B8: Nº de meses de execução contratual | H8: 12
A10: Identificação do Serviço
A11: Tipo de Serviço | C11: Unidade de Medida | E11: Quantidade total a contratar (em função da unidade de medida)
A12: Alimentação | C12: Profissional | E12: 1
A14: Dados para composição dos custos referentes à mão-de-obra
A15: 1 | B15: Tipo de serviço (mesmo serviço com características distintas) | H15: Tecnico de Manutenção Diarista
A16: 2 | B16: Classificação Brasileira de Ocupações (CBO) | H16: 5143-10
A17: 3 | B17: Salário Nominativo da Categoria Profissional | H17: 3236.16
A18: 4 | B18: Categoria profissional (vinculada à execução contratual) | H18: Tecnico de Manutenção
A19: 5 | B19: Data base da categoria (dia/mês/ano) | H19: 45413
A21: MÓDULO 1 - COMPOSIÇÃO DA REMUNERAÇÃO
A22: 1 | B22: COMPOSIÇÃO DA REMUNERAÇÃO | H22: % | I22: VALOR (R$)
A23: A | B23: Salário Base | I23: =H17 -> 3236.16
A24: B | B24: Adicional Periculosidade | H24: 0.3 | I24: =I23*H24 -> 970.848
A25: C | B25: Adicional Insalubridade | H25: 0.2 | I25: 0
A26: D | B26: Adicional Noturno | I26: =H26*I23 -> 0
A27: E | B27: Adicional de Hora Noturna Reduzida | I27: 0
A28: F | B28: Outros (especificar) | I28: 0
A29: TOTAL DO MÓDULO 1 | I29: =TRUNC(SUM(I23:I28),2) -> 4207
A31: MÓDULO 2 – ENCARGOS E BENEFÍCIOS ANUAIS, MENSAIS E DIÁRIOS
A32: Submódulo 2.1 - 13º Salário, Férias e Adicional de Férias | H32: % | I32: VALOR (R$)
A33: A | B33: 13 (Décimo-terceiro) salário | H33: 0.0833 | I33: =$I$29*H33 -> 350.4431
A34: B | B34: Férias e Adicional de Férias | H34: 0.0278 | I34: =H34*I29 -> 116.9546
A35: TOTAL SUBMÓDULO 2.1 | H35: =TRUNC(SUM(H33:H34),4) -> 0.1111 | I35: =TRUNC(SUM(I33:I34),2) -> 467.39
J36: base 2.2 | K36: =I29+I35+I93 -> 5064.67
A37: Submódulo 2.2 - GPS, FGTS e Outras Contribuições | H37: % | I37: VALOR (R$) | J37: Total do mod 1+total submodulo 2.1+total mod 4
A38: A | B38: INSS | H38: 0.2 | I38: =H38*$K$36 -> 1012.934
A39: B | B39: Salário Educação | H39: 0.025 | I39: =H39*$K$36 -> 126.61675
A40: C | B40: SAT (Seguro Acidente de Trabalho) | H40: =0.02*0.843 -> 0.01686 | I40: =H40*$K$36 -> 85.390336
A41: D | B41: SESC ou SESI | H41: 0.015 | I41: =H41*$K$36 -> 75.97005
A42: E | B42: SENAI - SENAC | H42: 0.01 | I42: =H42*$K$36 -> 50.6467
A43: F | B43: SEBRAE | H43: 0.006 | I43: =H43*$K$36 -> 30.38802
A44: G | B44: INCRA | H44: 0.002 | I44: =H44*$K$36 -> 10.12934
A45: H | B45: FGTS | H45: 0.08 | I45: =H45*$K$36 -> 405.1736
A46: TOTAL SUBMÓDULO 2.2 | H46: =SUM(H38:H45) -> 0.35486 | I46: =TRUNC(SUM(I38:I45),2) -> 1797.24
A48: Submódulo 2.3 - Benefícios Mensais e Diários | I48: VALOR (R$)
A49: A | B49: Transporte | H49: - | I49: =(8.55*2*22)-(I23*0.06) -> 182.0304
A50: B | B50: Auxílio-Refeição/Alimentação (Cláusula 10 da CCT) | H50: - | I50: 368
A51: C | B51: Assistência Médica e Familiar | H51: - | I51: 0
A52: D | B52: Benefício Social Familiar | H52: - | I52: 0
A53: E | B53: Contribuição Assistencial Profissional (Cláusula 39 da CCT) | H53: - | I53: =I23*2% -> 64.7232
A54: F | B54: Contribuição Retributiva Negocial (Cláusula 40 da CCT) | H54: - | I54: =I23*0.06/12 -> 16.1808
A55: G | B55: Outros ( adicional de liderança) | H55: - | I55: 0
A56: TOTAL SUBMÓDULO 2.3 | I56: =SUM(I49:I55) -> 630.9344
A58: QUADRO-RESUMO DO MÓDULO 2 - ENCARGOS, BENEFÍCIOS ANUAIS, MENSAIS E DIÁRIOS
A59: Módulo 2 - Encargos, Benefícios Anuais, Mensais e Diários | I59: VALOR (R$)
A60: 2.1 | B60: 13º Salário, Férias e Adicional de Férias | I60: =I35 -> 467.39
A61: 2.2 | B61: GPS, FGTS e Outras Contribuições | I61: =I46 -> 1797.24
A62: 2.3 | B62: Benefícios Mensais e Diários | I62: =I56 -> 630.9344
A63: TOTAL DO MÓDULO 2 | I63: =TRUNC(SUM(I60:I62),2) -> 2895.56
A65: MÓDULO 3 – PROVISÃO PARA RESCISÃO
A66: 3 | B66: PROVISÃO PARA RESCISÃO | H66: % | I66: VALOR (R$)
A67: A | B67: Aviso Prévio Indenizado | H67: 0.0042 | I67: =$I$29*H67 -> 17.6694
A68: B | B68: Incidência do FGTS sobre Aviso Prévio Indenizado | H68: =0.08*H67 -> 0.000336 | I68: =H68*I29 -> 1.413552
A69: C | B69: Multa do FGTS e Contribuição Social sobre o Aviso Prévio Indenizado | H69: =0.5*H68 -> 0.000168 | I69: =$I$29*H69 -> 0.706776
A70: D | B70: Aviso Prévio Trabalhado | H70: 0.0194 | I70: =$I$29*H70 -> 81.6158
A71: E | B71: Incidência de GPS, FGTS e outras contribuições sobre o Aviso Prévio Trabalhado (alterado pela IN 07/2018) | H71: =H46*H70 -> 0.006884284 | I71: =$I$29*H71 -> 28.962183
A72: F | B72: Multa do FGTS e Contribuição Social sobre o Aviso Prévio Trabalhado. | H72: =0.5*0.08*H70 -> 0.000776 | I72: =$I$29*H72 -> 3.264632
A73: TOTAL DO MÓDULO 3 | H73: =TRUNC(SUM(H67:H72),4) -> 0.0317 | I73: =TRUNC(SUM(I67:I72),2) -> 133.63
A75: MÓDULO 4 – CUSTO DE REPOSIÇÃO DO PROFISSIONAL AUSENTE
A76: Submódulo 4.1 - Ausências Legais | H76: % | I76: VALOR (R$)
A77: A | B77: Substituto na cobertura de Férias | H77: 0.0833 | I77: =$I$29*H77 -> 350.4431
A78: B | B78: Substituto na cobertura de Ausências Legais | H78: 0.0082 | I78: =$I$29*H78 -> 34.4974
A79: C | B79: Substituto na cobertura de Licença-Paternidade | H79: 0.0002 | I79: =$I$29*H79 -> 0.8414
A80: D | B80: Substituto na cobertura de Ausência por acidente de trabalho | H80: 0.0003 | I80: =$I$29*H80 -> 1.2621
A81: E | B81: Substituto na cobertura de Afastamento Maternidade | H81: 0.0061 | I81: =H81*K81 -> 3.2459375 | J81: base de cálculo | K81: =I33+I34+I51+I52+I53 -> 532.1209
A82: F | B82: Substituto na cobertura de Outras ausências (especificar) | H82: 0 | I82: =$I$29*H82 -> 0
A83: TOTAL SUBMÓDULO 4.1 | H83: =TRUNC(SUM(H77:H82),4) -> 0.0981 | I83: =TRUNC(SUM(I77:I82),2) -> 390.28
A85: Submódulo 4.2 - Intrajornada | H85: % | I85: VALOR (R$)
A86: A | B86: Substituto na cobertura de Intervalo para repouso ou alimentação | H86: 0 | I86: =$I$29*H86 -> 0
A87: TOTAL SUBMÓDULO 4.2 | H87: =TRUNC(SUM(H86),4) -> 0 | I87: =TRUNC(SUM(I86),2) -> 0
A89: QUADRO-RESUMO DO MÓDULO 4 - CUSTO DE REPOSIÇÃO DO PROFISSIONAL AUSENTE
A90: Módulo 4 - Custo de Reposição do Profissional Ausente | I90: VALOR (R$)
A91: 4.1 | B91: Substituto nas Ausências Legais | I91: =I83 -> 390.28
A92: 4.2 | B92: Substituto na intrajornada | I92: =I87 -> 0
A93: TOTAL DO MÓDULO 4 | I93: =TRUNC(SUM(I91:I92),2) -> 390.28
A95: MÓDULO 5 – INSUMOS DIVERSOS
A96: 5 | B96: INSUMOS DIVERSOS | I96: VALOR (R$)
A97: A | B97: Uniformes | H97: - | I97: =Uniformes!E88 -> 82.438089
A98: B | B98: Materiais | H98: -
A99: C | B99: Equipamentos | H99: -
A100: D | B100: Outros (especificar) | H100: -
A101: TOTAL DO MÓDULO 5 | H101: - | I101: =Uniformes!E88 -> 82.438089
A103: MÓDULO 6 – CUSTOS INDIRETOS, TRIBUTOS E LUCRO
A104: 6 | B104: CUSTOS INDIRETOS, TRIBUTOS E LUCRO | H104: % | I104: VALOR (R$)
A105: A | B105: Custos Indiretos | H105: 0.03 | I105: =TRUNC(H105*I128,2) -> 231.26
A106: B | B106: Lucro | H106: 0.0679 | I106: =TRUNC(H106*(I105+I128),2) -> 539.13 | J106: =SUM(I105:I106) -> 770.39
A107: C | B107: TRIBUTOS
A108: C.1 | B108: PIS | H108: 0.0165 | I108: =TRUNC(H108*I117,2) -> 163.15
A109: C.2 | B109: COFINS | H109: 0.076 | I109: =TRUNC(H109*I117,2) -> 751.51
A110: C.3 | B110: ISS | H110: 0.05 | I110: =TRUNC(H110*I117,2) -> 494.41 | J110: =SUM(I108:I110) -> 1409.07
A111: TOTAL DO MÓDULO 6 | H111: =SUM(H105:H110) -> 0.2404 | I111: =TRUNC(SUM(I105:I110),2) -> 2179.46
A113: a) | B113: To = Tributos % | H113: =TRUNC(H108+H109+H110,4) -> 0.1425
A115: b) | B115: Po = ( Total dos Módulos 1 a 5 ) + ( Custos indiretos ) + ( Lucro ) | I115: =TRUNC(I128+I105+I106,2) -> 8479.29
A117: c) | B117: P1 = Po / (1 - To) | I117: =TRUNC(I115/(1-H113),2) -> 9888.38
...

Sheet Motorista 
A2: PLANILHA 49- CONDUTOR DE VEÍCULOS PLANTONISTA (MOTORISTA)
A4: Discriminação dos Serviços
A5: A | B5: Data de apresentação da proposta
A6: B | B6: Município | H6: Rio de Janeiro
A7: C | B7: SINTRUCAD-RIO | H7: 2023/2025
A8: D | B8: Nº de meses de execução contratual | H8: 12
A10: Identificação do Serviço
A11: Tipo de Serviço | C11: Unidade de Medida | E11: Quantidade total a contratar (em função da unidade de medida)
A12: Alimentação | C12: Profissional | E12: 2
A14: Dados para composição dos custos referentes à mão-de-obra
A15: 1 | B15: Tipo de serviço (mesmo serviço com características distintas) | H15: Motorista Plantonista
A16: 2 | B16: Classificação Brasileira de Ocupações (CBO) | H16: 7823-10
A17: 3 | B17: Salário Nominativo da Categoria Profissional | H17: 2759.87
A18: 4 | B18: Categoria profissional (vinculada à execução contratual) | H18: Condutor de Veículos
A19: 5 | B19: Data base da categoria (dia/mês/ano) | H19: 45777
A21: MÓDULO 1 - COMPOSIÇÃO DA REMUNERAÇÃO
A22: 1 | B22: COMPOSIÇÃO DA REMUNERAÇÃO | H22: % | I22: VALOR (R$)
A23: A | B23: Salário Base | I23: =H17 -> 2759.87
A24: B | B24: Adicional Periculosidade | I24: 0
A25: C | B25: Adicional Insalubridade | H25: 0.2 | I25: =1412*H25 -> 282.4
A26: D | B26: Adicional Noturno | I26: =H26*I23 -> 0
A27: E | B27: Adicional de Hora Noturna Reduzida | I27: 0
A28: F | B28: Outros (especificar) | I28: 0
A29: TOTAL DO MÓDULO 1 | I29: =TRUNC(SUM(I23:I28),2) -> 3042.27
A31: MÓDULO 2 – ENCARGOS E BENEFÍCIOS ANUAIS, MENSAIS E DIÁRIOS
A32: Submódulo 2.1 - 13º Salário, Férias e Adicional de Férias | H32: % | I32: VALOR (R$)
A33: A | B33: 13 (Décimo-terceiro) salário | H33: 0.0833 | I33: =$I$29*H33 -> 253.42109
A34: B | B34: Férias e Adicional de Férias | H34: 0.0278 | I34: =H34*I29 -> 84.575106
A35: TOTAL SUBMÓDULO 2.1 | H35: =TRUNC(SUM(H33:H34),4) -> 0.1111 | I35: =TRUNC(SUM(I33:I34),2) -> 337.99
J36: base 2.2 | K36: =I29+I35+I93 -> 3662.21
A37: Submódulo 2.2 - GPS, FGTS e Outras Contribuições | H37: % | I37: VALOR (R$) | J37: Total do mod 1+total submodulo 2.1+total mod 4
A38: A | B38: INSS | H38: 0.2 | I38: =H38*$K$36 -> 732.442
A39: B | B39: Salário Educação | H39: 0.025 | I39: =H39*$K$36 -> 91.55525
A40: C | B40: SAT (Seguro Acidente de Trabalho) | H40: =0.02*0.843 -> 0.01686 | I40: =H40*$K$36 -> 61.744861
A41: D | B41: SESC ou SESI | H41: 0.015 | I41: =H41*$K$36 -> 54.93315
A42: E | B42: SENAI - SENAC | H42: 0.01 | I42: =H42*$K$36 -> 36.6221
A43: F | B43: SEBRAE | H43: 0.006 | I43: =H43*$K$36 -> 21.97326
A44: G | B44: INCRA | H44: 0.002 | I44: =H44*$K$36 -> 7.32442
A45: H | B45: FGTS | H45: 0.08 | I45: =H45*$K$36 -> 292.9768
A46: TOTAL SUBMÓDULO 2.2 | H46: =SUM(H38:H45) -> 0.35486 | I46: =TRUNC(SUM(I38:I45),2) -> 1299.57
A48: Submódulo 2.3 - Benefícios Mensais e Diários | I48: VALOR (R$)
A49: A | B49: Transporte | H49: - | I49: =(8.55*2*16)-(I23*0.06) -> 108.0078
A50: B | B50: Auxílio-Refeição/Alimentação (Cláusula 13 da CCT) | H50: - | I50: =(29.27*16)-1.2 -> 467.12
A51: C | B51: Assistência Médica e Familiar | H51: - | I51: 0
A52: D | B52: Benefício Social Familiar | H52: - | I52: 0
A53: E | B53: Seguro de Vida | H53: - | I53: 0
A54: F | B54: Contribuição Negocial (Cláusula 45 da CCT) | H54: - | I54: 13
A55: G | B55: Outros ( adicional de liderança) | H55: - | I55: 0
A56: TOTAL SUBMÓDULO 2.3 | I56: =SUM(I49:I55) -> 588.1278
A58: QUADRO-RESUMO DO MÓDULO 2 - ENCARGOS, BENEFÍCIOS ANUAIS, MENSAIS E DIÁRIOS
A59: Módulo 2 - Encargos, Benefícios Anuais, Mensais e Diários | I59: VALOR (R$)
A60: 2.1 | B60: 13º Salário, Férias e Adicional de Férias | I60: =I35 -> 337.99
A61: 2.2 | B61: GPS, FGTS e Outras Contribuições | I61: =I46 -> 1299.57
A62: 2.3 | B62: Benefícios Mensais e Diários | I62: =I56 -> 588.1278
A63: TOTAL DO MÓDULO 2 | I63: =TRUNC(SUM(I60:I62),2) -> 2225.68
A65: MÓDULO 3 – PROVISÃO PARA RESCISÃO
A66: 3 | B66: PROVISÃO PARA RESCISÃO | H66: % | I66: VALOR (R$)
A67: A | B67: Aviso Prévio Indenizado | H67: 0.0042 | I67: =$I$29*H67 -> 12.777534
A68: B | B68: Incidência do FGTS sobre Aviso Prévio Indenizado | H68: =0.08*H67 -> 0.000336 | I68: =H68*I29 -> 1.0222027
A69: C | B69: Multa do FGTS e Contribuição Social sobre o Aviso Prévio Indenizado | H69: =0.5*H68 -> 0.000168 | I69: =$I$29*H69 -> 0.51110136
A70: D | B70: Aviso Prévio Trabalhado | H70: 0.0194 | I70: =$I$29*H70 -> 59.020038
A71: E | B71: Incidência de GPS, FGTS e outras contribuições sobre o Aviso Prévio Trabalhado (alterado pela IN 07/2018) | H71: =H46*H70 -> 0.006884284 | I71: =$I$29*H71 -> 20.943851
A72: F | B72: Multa do FGTS e Contribuição Social sobre o Aviso Prévio Trabalhado. | H72: =0.5*0.08*H70 -> 0.000776 | I72: =$I$29*H72 -> 2.3608015
A73: TOTAL DO MÓDULO 3 | H73: =TRUNC(SUM(H67:H72),4) -> 0.0317 | I73: =TRUNC(SUM(I67:I72),2) -> 96.63
A75: MÓDULO 4 – CUSTO DE REPOSIÇÃO DO PROFISSIONAL AUSENTE
A76: Submódulo 4.1 - Ausências Legais | H76: % | I76: VALOR (R$)
A77: A | B77: Substituto na cobertura de Férias | H77: 0.0833 | I77: =$I$29*H77 -> 253.42109
A78: B | B78: Substituto na cobertura de Ausências Legais | H78: 0.0082 | I78: =$I$29*H78 -> 24.946614
A79: C | B79: Substituto na cobertura de Licença-Paternidade | H79: 0.0002 | I79: =$I$29*H79 -> 0.608454
A80: D | B80: Substituto na cobertura de Ausência por acidente de trabalho | H80: 0.0003 | I80: =$I$29*H80 -> 0.912681
A81: E | B81: Substituto na cobertura de Afastamento Maternidade | H81: 0.0061 | I81: =H81*K81 -> 2.0617768 | J81: base de cálculo | K81: =I33+I34+I51+I52+I53 -> 337.9962
A82: F | B82: Substituto na cobertura de Outras ausências (especificar) | H82: 0 | I82: =$I$29*H82 -> 0
A83: TOTAL SUBMÓDULO 4.1 | H83: =TRUNC(SUM(H77:H82),4) -> 0.0981 | I83: =TRUNC(SUM(I77:I82),2) -> 281.95
A85: Submódulo 4.2 - Intrajornada | H85: % | I85: VALOR (R$)
A86: A | B86: Substituto na cobertura de Intervalo para repouso ou alimentação | H86: 0 | I86: =$I$29*H86 -> 0
A87: TOTAL SUBMÓDULO 4.2 | H87: =TRUNC(SUM(H86),4) -> 0 | I87: =TRUNC(SUM(I86),2) -> 0
A89: QUADRO-RESUMO DO MÓDULO 4 - CUSTO DE REPOSIÇÃO DO PROFISSIONAL AUSENTE
A90: Módulo 4 - Custo de Reposição do Profissional Ausente | I90: VALOR (R$)
A91: 4.1 | B91: Substituto nas Ausências Legais | I91: =I83 -> 281.95
A92: 4.2 | B92: Substituto na intrajornada | I92: =I87 -> 0
A93: TOTAL DO MÓDULO 4 | I93: =TRUNC(SUM(I91:I92),2) -> 281.95
A95: MÓDULO 5 – INSUMOS DIVERSOS
A96: 5 | B96: INSUMOS DIVERSOS | I96: VALOR (R$)
A97: A | B97: Uniformes (Cláusula 50 da CCT) | H97: - | I97: 0
A98: B | B98: Materiais | H98: -
A99: C | B99: Equipamentos | H99: -
A100: D | B100: Outros (especificar) | H100: -
A101: TOTAL DO MÓDULO 5 | H101: - | I101: =TRUNC(SUM(I97:I100),2) -> 0
A103: MÓDULO 6 – CUSTOS INDIRETOS, TRIBUTOS E LUCRO
A104: 6 | B104: CUSTOS INDIRETOS, TRIBUTOS E LUCRO | H104: % | I104: VALOR (R$)
A105: A | B105: Custos Indiretos | H105: 0.03 | I105: =TRUNC(H105*I128,2) -> 169.39
A106: B | B106: Lucro | H106: 0.0679 | I106: =TRUNC(H106*(I105+I128),2) -> 394.9 | J106: =SUM(I105:I106) -> 564.29
A107: C | B107: TRIBUTOS
A108: C.1 | B108: PIS | H108: 0.0165 | I108: =TRUNC(H108*I117,2) -> 119.5
A109: C.2 | B109: COFINS | H109: 0.076 | I109: =TRUNC(H109*I117,2) -> 550.46
A110: C.3 | B110: ISS | H110: 0.05 | I110: =TRUNC(H110*I117,2) -> 362.14 | J110: =SUM(I108:I110) -> 1032.1
A111: TOTAL DO MÓDULO 6 | H111: =SUM(H105:H110) -> 0.2404 | I111: =TRUNC(SUM(I105:I110),2) -> 1596.39
A113: a) | B113: To = Tributos % | H113: =TRUNC(H108+H109+H110,4) -> 0.1425
A115: b) | B115: Po = ( Total dos Módulos 1 a 5 ) + ( Custos indiretos ) + ( Lucro ) | I115: =TRUNC(I128+I105+I106,2) -> 6210.82
A117: c) | B117: P1 = Po / (1 - To) | I117: =TRUNC(I115/(1-H113),2) -> 7242.93
...

Sheet  Nutricionista RT SET FEC PLANT
A2: PLANILHA 50 - NUTRICIONISTA RT PLANTONISTA SETORES FECHADOS
A4: Discriminação dos Serviços
A5: A | B5: Data de apresentação da proposta
A6: B | B6: Município | H6: Rio de Janeiro
A7: C | B7: SINDICATO DOS NUTRICIONISTAS DO ESTADO DO RIO DE JANEIRO | H7: 2023-2024
A8: D | B8: Nº de meses de execução contratual | H8: 12
A10: Identificação do Serviço
A11: Tipo de Serviço | C11: Unidade de Medida | E11: Quantidade total a contratar (em função da unidade de medida)
A12: Alimentação | C12: Profissional | E12: 2
A14: Dados para composição dos custos referentes à mão-de-obra
A15: 1 | B15: Tipo de serviço (mesmo serviço com características distintas) | H15: Nutricionista RT Plant
A16: 2 | B16: Classificação Brasileira de Ocupações (CBO) | H16: 2237-10
A17: 3 | B17: Salário Nominativo da Categoria Profissional | H17: 4100.8
A18: 4 | B18: Categoria profissional (vinculada à execução contratual) | H18: Nutricionista
A19: 5 | B19: Data base da categoria (dia/mês/ano) | H19: 45292
A21: MÓDULO 1 - COMPOSIÇÃO DA REMUNERAÇÃO
A22: 1 | B22: COMPOSIÇÃO DA REMUNERAÇÃO | H22: % | I22: VALOR (R$)
A23: A | B23: Salário Base | I23: =H17 -> 4100.8
A24: B | B24: Adicional Periculosidade | I24: 0
A25: C | B25: Adicional Insalubridade | H25: 0.2 | I25: =1412*H25 -> 282.4
A26: D | B26: Adicional Noturno | I26: 0
A27: E | B27: Adicional de Hora Noturna Reduzida | I27: 0
A28: F | B28: Outros - Gratificação de Liderança -20% sobre salário base | H28: 0.2 | I28: =I23*20% -> 820.16
A29: TOTAL DO MÓDULO 1 | I29: =TRUNC(SUM(I23:I28),2) -> 5203.36
A31: MÓDULO 2 – ENCARGOS E BENEFÍCIOS ANUAIS, MENSAIS E DIÁRIOS
A32: Submódulo 2.1 - 13º Salário, Férias e Adicional de Férias | H32: % | I32: VALOR (R$)
A33: A | B33: 13 (Décimo-terceiro) salário | H33: 0.0833 | I33: =$I$29*H33 -> 433.43989
A34: B | B34: Férias e Adicional de Férias | H34: 0.0278 | I34: =H34*I29 -> 144.65341
A35: TOTAL SUBMÓDULO 2.1 | H35: =TRUNC(SUM(H33:H34),4) -> 0.1111 | I35: =TRUNC(SUM(I33:I34),2) -> 578.09
J36: base 2.2 | K36: =I29+I35+I93 -> 6264.71
A37: Submódulo 2.2 - GPS, FGTS e Outras Contribuições | H37: % | I37: VALOR (R$) | J37: Total do mod 1+total submodulo 2.1+total mod 4
A38: A | B38: INSS | H38: 0.2 | I38: =H38*$K$36 -> 1252.942
A39: B | B39: Salário Educação | H39: 0.025 | I39: =H39*$K$36 -> 156.61775
A40: C | B40: SAT (Seguro Acidente de Trabalho) | H40: =0.02*0.843 -> 0.01686 | I40: =H40*$K$36 -> 105.62301
A41: D | B41: SESC ou SESI | H41: 0.015 | I41: =H41*$K$36 -> 93.97065
A42: E | B42: SENAI - SENAC | H42: 0.01 | I42: =H42*$K$36 -> 62.6471
A43: F | B43: SEBRAE | H43: 0.006 | I43: =H43*$K$36 -> 37.58826
A44: G | B44: INCRA | H44: 0.002 | I44: =H44*$K$36 -> 12.52942
A45: H | B45: FGTS | H45: 0.08 | I45: =H45*$K$36 -> 501.1768
A46: TOTAL SUBMÓDULO 2.2 | H46: =SUM(H38:H45) -> 0.35486 | I46: =TRUNC(SUM(I38:I45),2) -> 2223.09
A48: Submódulo 2.3 - Benefícios Mensais e Diários | I48: VALOR (R$)
A49: A | B49: Transporte | H49: - | I49: =(8.55*2*16)-(I23*0.06) -> 27.552
A50: B | B50: Vale Compras ou Cesta Básica (Cláusula 16) | H50: - | I50: =255-29.9 -> 225.1
A51: C | B51: Desconto da Mensalidade Associativa (Clausula 8 do CCT) | H51: - | I51: =20+20/12 -> 21.666667
A52: D | B52: Gratificação Natalina (Cláusula 15) | H52: - | I52: =I50/2/12 -> 9.3791667
A53: E | B53: Amparo Sindical Social Familiar (Clausula 19) | H53: - | I53: =(24+12)+I23*30%/12 -> 138.52
A54: F | B54: Benefício e Cidadania e Lifecard Assist (Cláusulas 20 e 21) | H54: - | I54: =70.9+27 -> 97.9
A55: G | B55: Dia do Nutricionista (Clausula 30) + Benefício Assistencial (Cláusulas 42) + Contribuição Assistencial Patronal e Taxa Negocial Patronal (Cláusula 43 e 45) | I55: =I23/16+31+(I23*36%/12)+9.6 -> 419.924
A56: TOTAL SUBMÓDULO 2.3 | I56: =SUM(I49:I55) -> 940.04183
A58: QUADRO-RESUMO DO MÓDULO 2 - ENCARGOS, BENEFÍCIOS ANUAIS, MENSAIS E DIÁRIOS
A59: Módulo 2 - Encargos, Benefícios Anuais, Mensais e Diários | I59: VALOR (R$)
A60: 2.1 | B60: 13º Salário, Férias e Adicional de Férias | I60: =I35 -> 578.09
A61: 2.2 | B61: GPS, FGTS e Outras Contribuições | I61: =I46 -> 2223.09
A62: 2.3 | B62: Benefícios Mensais e Diários | I62: =I56 -> 940.04183
A63: TOTAL DO MÓDULO 2 | I63: =TRUNC(SUM(I60:I62),2) -> 3741.22
A65: MÓDULO 3 – PROVISÃO PARA RESCISÃO
A66: 3 | B66: PROVISÃO PARA RESCISÃO | H66: % | I66: VALOR (R$)
A67: A | B67: Aviso Prévio Indenizado | H67: 0.0042 | I67: =$I$29*H67 -> 21.854112
A68: B | B68: Incidência do FGTS sobre Aviso Prévio Indenizado | H68: =0.08*H67 -> 0.000336 | I68: =H68*I29 -> 1.748329
A69: C | B69: Multa do FGTS e Contribuição Social sobre o Aviso Prévio Indenizado | H69: =0.5*H68 -> 0.000168 | I69: =$I$29*H69 -> 0.87416448
A70: D | B70: Aviso Prévio Trabalhado | H70: 0.0194 | I70: =$I$29*H70 -> 100.94518
A71: E | B71: Incidência de GPS, FGTS e outras contribuições sobre o Aviso Prévio Trabalhado (alterado pela IN 07/2018) | H71: =H46*H70 -> 0.006884284 | I71: =$I$29*H71 -> 35.821408
A72: F | B72: Multa do FGTS e Contribuição Social sobre o Aviso Prévio Trabalhado. | H72: =0.5*0.08*H70 -> 0.000776 | I72: =$I$29*H72 -> 4.0378074
A73: TOTAL DO MÓDULO 3 | H73: =TRUNC(SUM(H67:H72),4) -> 0.0317 | I73: =TRUNC(SUM(I67:I72),2) -> 165.28
A75: MÓDULO 4 – CUSTO DE REPOSIÇÃO DO PROFISSIONAL AUSENTE
A76: Submódulo 4.1 - Ausências Legais | H76: % | I76: VALOR (R$)
A77: A | B77: Substituto na cobertura de Férias | H77: 0.0833 | I77: =$I$29*H77 -> 433.43989
A78: B | B78: Substituto na cobertura de Ausências Legais | H78: 0.0082 | I78: =$I$29*H78 -> 42.667552
A79: C | B79: Substituto na cobertura de Licença-Paternidade | H79: 0.0002 | I79: =$I$29*H79 -> 1.040672
A80: D | B80: Substituto na cobertura de Ausência por acidente de trabalho | H80: 0.0003 | I80: =$I$29*H80 -> 1.561008
A81: E | B81: Substituto na cobertura de Afastamento Maternidade | H81: 0.0061 | I81: =H81*K81 -> 4.5607207 | J81: base de cálculo | K81: =I33+I34+I51+I52+I53 -> 747.65913
A82: F | B82: Substituto na cobertura de Outras ausências (especificar) | H82: 0 | I82: =$I$29*H82 -> 0
A83: TOTAL SUBMÓDULO 4.1 | H83: =TRUNC(SUM(H77:H82),4) -> 0.0981 | I83: =TRUNC(SUM(I77:I82),2) -> 483.26
A85: Submódulo 4.2 - Intrajornada | H85: % | I85: VALOR (R$)
A86: A | B86: Substituto na cobertura de Intervalo para repouso ou alimentação | H86: 0 | I86: =$I$29*H86 -> 0
A87: TOTAL SUBMÓDULO 4.2 | H87: =TRUNC(SUM(H86),4) -> 0 | I87: =TRUNC(SUM(I86),2) -> 0
A89: QUADRO-RESUMO DO MÓDULO 4 - CUSTO DE REPOSIÇÃO DO PROFISSIONAL AUSENTE
A90: Módulo 4 - Custo de Reposição do Profissional Ausente | I90: VALOR (R$)
A91: 4.1 | B91: Substituto nas Ausências Legais | I91: =I83 -> 483.26
A92: 4.2 | B92: Substituto na intrajornada | I92: =I87 -> 0
A93: TOTAL DO MÓDULO 4 | I93: =TRUNC(SUM(I91:I92),2) -> 483.26
A95: MÓDULO 5 – INSUMOS DIVERSOS
A96: 5 | B96: INSUMOS DIVERSOS | I96: VALOR (R$)
A97: A | B97: Uniformes | H97: - | I97: =Uniformes!E7 -> 58.799927
A98: B | B98: Materiais | H98: - | I98: -
A99: C | B99: Equipamentos | H99: - | I99: -
A100: D | B100: Outros (especificar) | H100: - | I100: -
A101: TOTAL DO MÓDULO 5 | H101: - | I101: =TRUNC(SUM(I97:I100),2) -> 58.79
A103: MÓDULO 6 – CUSTOS INDIRETOS, TRIBUTOS E LUCRO
A104: 6 | B104: CUSTOS INDIRETOS, TRIBUTOS E LUCRO | H104: % | I104: VALOR (R$)
A105: A | B105: Custos Indiretos | H105: 0.03 | I105: =TRUNC(H105*I128,2) -> 289.55
A106: B | B106: Lucro | H106: 0.0679 | I106: =TRUNC(H106*(I105+I128),2) -> 675.02 | J106: =SUM(I105:I106) -> 964.57
A107: C | B107: TRIBUTOS
A108: C.1 | B108: PIS | H108: 0.0165 | I108: =TRUNC(H108*I117,2) -> 204.28
A109: C.2 | B109: COFINS | H109: 0.076 | I109: =TRUNC(H109*I117,2) -> 940.93
A110: C.3 | B110: ISS | H110: 0.05 | I110: =TRUNC(H110*I117,2) -> 619.03 | J110: =SUM(I108:I110) -> 1764.24
A111: TOTAL DO MÓDULO 6 | H111: =SUM(H105:H110) -> 0.2404 | I111: =TRUNC(SUM(I105:I110),2) -> 2728.81
A113: a) | B113: To = Tributos % | H113: =TRUNC(H108+H109+H110,4) -> 0.1425
A115: b) | B115: Po = ( Total dos Módulos 1 a 5 ) + ( Custos indiretos ) + ( Lucro ) | I115: =TRUNC(I128+I105+I106,2) -> 10616.48
A117: c) | B117: P1 = Po / (1 - To) | I117: =TRUNC(I115/(1-H113),2) -> 12380.73
...

Sheet  NUT RT CHEFIA DIARISTA
A2: PLANILHA 51 - NUTRICIONISTA RT (CHEFIA) PRODUÇÃO DIARISTA
A4: Discriminação dos Serviços
A5: A | B5: Data de apresentação da proposta
A6: B | B6: Município | H6: Rio de Janeiro
A7: C | B7: SINDICATO DOS NUTRICIONISTAS DO ESTADO DO RIO DE JANEIRO | H7: 2023-2024
A8: D | B8: Nº de meses de execução contratual | H8: 12
A10: Identificação do Serviço
A11: Tipo de Serviço | C11: Unidade de Medida | E11: Quantidade total a contratar (em função da unidade de medida)
A12: Alimentação | C12: Profissional | E12: 1
A14: Dados para composição dos custos referentes à mão-de-obra
A15: 1 | B15: Tipo de serviço (mesmo serviço com características distintas) | H15: Nutricionista RT Diarista
A16: 2 | B16: Classificação Brasileira de Ocupações (CBO) | H16: 2237-10
A17: 3 | B17: Salário Nominativo da Categoria Profissional | H17: 4100.8
A18: 4 | B18: Categoria profissional (vinculada à execução contratual) | H18: Nutricionista
A19: 5 | B19: Data base da categoria (dia/mês/ano) | H19: 44927
A21: MÓDULO 1 - COMPOSIÇÃO DA REMUNERAÇÃO
A22: 1 | B22: COMPOSIÇÃO DA REMUNERAÇÃO | H22: % | I22: VALOR (R$)
A23: A | B23: Salário Base | I23: =H17 -> 4100.8
A24: B | B24: Adicional Periculosidade | I24: 0
A25: C | B25: Adicional Insalubridade | H25: 0.2 | I25: =1412*H25 -> 282.4
A26: D | B26: Adicional Noturno | I26: 0
A27: E | B27: Adicional de Hora Noturna Reduzida | I27: 0
A28: F | B28: Outros - Gratificação de Liderança - 40% sobre salário base | H28: 0.4 | I28: =I23*40% -> 1640.32
A29: TOTAL DO MÓDULO 1 | I29: =TRUNC(SUM(I23:I28),2) -> 6023.52
A31: MÓDULO 2 – ENCARGOS E BENEFÍCIOS ANUAIS, MENSAIS E DIÁRIOS
A32: Submódulo 2.1 - 13º Salário, Férias e Adicional de Férias | H32: % | I32: VALOR (R$)
A33: A | B33: 13 (Décimo-terceiro) salário | H33: 0.0833 | I33: =$I$29*H33 -> 501.75922
A34: B | B34: Férias e Adicional de Férias | H34: 0.0278 | I34: =H34*I29 -> 167.45386
A35: TOTAL SUBMÓDULO 2.1 | H35: =TRUNC(SUM(H33:H34),4) -> 0.1111 | I35: =TRUNC(SUM(I33:I34),2) -> 669.21
J36: base 2.2 | K36: =I29+I35+I93 -> 7252.01
A37: Submódulo 2.2 - GPS, FGTS e Outras Contribuições | H37: % | I37: VALOR (R$) | J37: Total do mod 1+total submodulo 2.1+total mod 4
A38: A | B38: INSS | H38: 0.2 | I38: =H38*$K$36 -> 1450.402
A39: B | B39: Salário Educação | H39: 0.025 | I39: =H39*$K$36 -> 181.30025
A40: C | B40: SAT (Seguro Acidente de Trabalho) | H40: =0.02*0.843 -> 0.01686 | I40: =H40*$K$36 -> 122.26889
A41: D | B41: SESC ou SESI | H41: 0.015 | I41: =H41*$K$36 -> 108.78015
A42: E | B42: SENAI - SENAC | H42: 0.01 | I42: =H42*$K$36 -> 72.5201
A43: F | B43: SEBRAE | H43: 0.006 | I43: =H43*$K$36 -> 43.51206
A44: G | B44: INCRA | H44: 0.002 | I44: =H44*$K$36 -> 14.50402
A45: H | B45: FGTS | H45: 0.08 | I45: =H45*$K$36 -> 580.1608
A46: TOTAL SUBMÓDULO 2.2 | H46: =SUM(H38:H45) -> 0.35486 | I46: =TRUNC(SUM(I38:I45),2) -> 2573.44
A48: Submódulo 2.3 - Benefícios Mensais e Diários | I48: VALOR (R$)
A49: A | B49: Transporte | H49: - | I49: =(8.55*2*22)-(I23*0.06) -> 130.152
A50: B | B50: Vale Compras ou Cesta Básica (Cláusula 16) | H50: - | I50: =' Nutricionista RT SET FEC PLANT'!I50 -> 225.1
A51: C | B51: Desconto da Mensalidade Associativa (Clausula 8 do CCT) | H51: - | I51: =' Nutricionista RT SET FEC PLANT'!I51 -> 21.666667
A52: D | B52: Gratificação Natalina (Cláusula 15) | H52: - | I52: =' Nutricionista RT SET FEC PLANT'!I52 -> 9.3791667
A53: E | B53: Amparo Sindical Social Familiar (Clausula 19) | H53: - | I53: =' Nutricionista RT SET FEC PLANT'!I53 -> 138.52
A54: F | B54: Benefício e Cidadania e Lifecard Assist (Cláusulas 20 e 21) | H54: - | I54: =' Nutricionista RT SET FEC PLANT'!I54 -> 97.9
A55: G | B55: Dia do Nutricionista (Clausula 30) + Benefício Assistencial (Cláusulas 42) + Contribuição Assistencial Patronal e Taxa Negocial Patronal (Cláusula 43 e 45) | I55: =' Nutricionista RT SET FEC PLANT'!I55 -> 419.924
A56: TOTAL SUBMÓDULO 2.3 | I56: =SUM(I49:I55) -> 1042.6418
A58: QUADRO-RESUMO DO MÓDULO 2 - ENCARGOS, BENEFÍCIOS ANUAIS, MENSAIS E DIÁRIOS
A59: Módulo 2 - Encargos, Benefícios Anuais, Mensais e Diários | I59: VALOR (R$)
A60: 2.1 | B60: 13º Salário, Férias e Adicional de Férias | I60: =I35 -> 669.21
A61: 2.2 | B61: GPS, FGTS e Outras Contribuições | I61: =I46 -> 2573.44
A62: 2.3 | B62: Benefícios Mensais e Diários | I62: =I56 -> 1042.6418
A63: TOTAL DO MÓDULO 2 | I63: =TRUNC(SUM(I60:I62),2) -> 4285.29
A65: MÓDULO 3 – PROVISÃO PARA RESCISÃO
A66: 3 | B66: PROVISÃO PARA RESCISÃO | H66: % | I66: VALOR (R$)
A67: A | B67: Aviso Prévio Indenizado | H67: 0.0042 | I67: =$I$29*H67 -> 25.298784
A68: B | B68: Incidência do FGTS sobre Aviso Prévio Indenizado | H68: =0.08*H67 -> 0.000336 | I68: =H68*I29 -> 2.0239027
A69: C | B69: Multa do FGTS e Contribuição Social sobre o Aviso Prévio Indenizado | H69: =0.5*H68 -> 0.000168 | I69: =$I$29*H69 -> 1.0119514
A70: D | B70: Aviso Prévio Trabalhado | H70: 0.0194 | I70: =$I$29*H70 -> 116.85629
A71: E | B71: Incidência de GPS, FGTS e outras contribuições sobre o Aviso Prévio Trabalhado (alterado pela IN 07/2018) | H71: =H46*H70 -> 0.006884284 | I71: =$I$29*H71 -> 41.467622
A72: F | B72: Multa do FGTS e Contribuição Social sobre o Aviso Prévio Trabalhado. | H72: =0.5*0.08*H70 -> 0.000776 | I72: =$I$29*H72 -> 4.6742515
A73: TOTAL DO MÓDULO 3 | H73: =TRUNC(SUM(H67:H72),4) -> 0.0317 | I73: =TRUNC(SUM(I67:I72),2) -> 191.33
A75: MÓDULO 4 – CUSTO DE REPOSIÇÃO DO PROFISSIONAL AUSENTE
A76: Submódulo 4.1 - Ausências Legais | H76: % | I76: VALOR (R$)
A77: A | B77: Substituto na cobertura de Férias | H77: 0.0833 | I77: =$I$29*H77 -> 501.75922
A78: B | B78: Substituto na cobertura de Ausências Legais | H78: 0.0082 | I78: =$I$29*H78 -> 49.392864
A79: C | B79: Substituto na cobertura de Licença-Paternidade | H79: 0.0002 | I79: =$I$29*H79 -> 1.204704
A80: D | B80: Substituto na cobertura de Ausência por acidente de trabalho | H80: 0.0003 | I80: =$I$29*H80 -> 1.807056
A81: E | B81: Substituto na cobertura de Afastamento Maternidade | H81: 0.0061 | I81: =H81*K81 -> 5.1165513 | J81: base de cálculo | K81: =I33+I34+I51+I52+I53 -> 838.77891
A82: F | B82: Substituto na cobertura de Outras ausências (especificar) | H82: 0 | I82: =$I$29*H82 -> 0
A83: TOTAL SUBMÓDULO 4.1 | H83: =TRUNC(SUM(H77:H82),4) -> 0.0981 | I83: =TRUNC(SUM(I77:I82),2) -> 559.28
A85: Submódulo 4.2 - Intrajornada | H85: % | I85: VALOR (R$)
A86: A | B86: Substituto na cobertura de Intervalo para repouso ou alimentação | H86: 0 | I86: =$I$29*H86 -> 0
A87: TOTAL SUBMÓDULO 4.2 | H87: =TRUNC(SUM(H86),4) -> 0 | I87: =TRUNC(SUM(I86),2) -> 0
A89: QUADRO-RESUMO DO MÓDULO 4 - CUSTO DE REPOSIÇÃO DO PROFISSIONAL AUSENTE
A90: Módulo 4 - Custo de Reposição do Profissional Ausente | I90: VALOR (R$)
A91: 4.1 | B91: Substituto nas Ausências Legais | I91: =I83 -> 559.28
A92: 4.2 | B92: Substituto na intrajornada | I92: =I87 -> 0
A93: TOTAL DO MÓDULO 4 | I93: =TRUNC(SUM(I91:I92),2) -> 559.28
A95: MÓDULO 5 – INSUMOS DIVERSOS
A96: 5 | B96: INSUMOS DIVERSOS | I96: VALOR (R$)
A97: A | B97: Uniformes | H97: - | I97: =Uniformes!E7 -> 58.799927
A98: B | B98: Materiais | H98: - | I98: -
A99: C | B99: Equipamentos | H99: - | I99: -
A100: D | B100: Outros (especificar) | H100: - | I100: -
A101: TOTAL DO MÓDULO 5 | H101: - | I101: =TRUNC(SUM(I97:I100),2) -> 58.79
A103: MÓDULO 6 – CUSTOS INDIRETOS, TRIBUTOS E LUCRO
A104: 6 | B104: CUSTOS INDIRETOS, TRIBUTOS E LUCRO | H104: % | I104: VALOR (R$)
A105: A | B105: Custos Indiretos | H105: 0.03 | I105: =TRUNC(H105*I128,2) -> 333.54
A106: B | B106: Lucro | H106: 0.0679 | I106: =TRUNC(H106*(I105+I128),2) -> 777.57 | J106: =SUM(I105:I106) -> 1111.11
A107: C | B107: TRIBUTOS
A108: C.1 | B108: PIS | H108: 0.0165 | I108: =TRUNC(H108*I117,2) -> 235.31
A109: C.2 | B109: COFINS | H109: 0.076 | I109: =TRUNC(H109*I117,2) -> 1083.88
A110: C.3 | B110: ISS | H110: 0.05 | I110: =TRUNC(H110*I117,2) -> 713.07 | J110: =SUM(I108:I110) -> 2032.26
A111: TOTAL DO MÓDULO 6 | H111: =SUM(H105:H110) -> 0.2404 | I111: =TRUNC(SUM(I105:I110),2) -> 3143.37
A113: a) | B113: To = Tributos % | H113: =TRUNC(H108+H109+H110,4) -> 0.1425
A115: b) | B115: Po = ( Total dos Módulos 1 a 5 ) + ( Custos indiretos ) + ( Lucro ) | I115: =TRUNC(I128+I105+I106,2) -> 12229.32
A117: c) | B117: P1 = Po / (1 - To) | I117: =TRUNC(I115/(1-H113),2) -> 14261.59
...

Sheet Nutricionista  Plantonista
A2: PLANILHA 52 - NUTRICIONISTA PLANTONISTA PRODUÇÃO
A4: Discriminação dos Serviços
A5: A | B5: Data de apresentação da proposta
A6: B | B6: Município | H6: Rio de Janeiro
A7: C | B7: SINDICATO DOS NUTRICIONISTAS DO ESTADO DO RIO DE JANEIRO | H7: 2023-2024
A8: D | B8: Nº de meses de execução contratual | H8: 12
A10: Identificação do Serviço
A11: Tipo de Serviço | C11: Unidade de Medida | E11: Quantidade total a contratar (em função da unidade de medida)
A12: Alimentação | C12: Nº Refeições | E12: 6
A14: Dados para composição dos custos referentes à mão-de-obra
A15: 1 | B15: Tipo de serviço (mesmo serviço com características distintas) | H15: Nutricionista Plantonista
A16: 2 | B16: Classificação Brasileira de Ocupações (CBO) | H16: 2237-10
A17: 3 | B17: Salário Nominativo da Categoria Profissional | H17: 4100.8
A18: 4 | B18: Categoria profissional (vinculada à execução contratual) | H18: Nutricionista
A19: 5 | B19: Data base da categoria (dia/mês/ano) | H19: 44927
A21: MÓDULO 1 - COMPOSIÇÃO DA REMUNERAÇÃO
A22: 1 | B22: COMPOSIÇÃO DA REMUNERAÇÃO | H22: % | I22: VALOR (R$)
A23: A | B23: Salário Base | I23: =H17 -> 4100.8
A24: B | B24: Adicional Periculosidade | I24: 0
A25: C | B25: Adicional Insalubridade | H25: 0.2 | I25: =1412*H25 -> 282.4
A26: D | B26: Adicional Noturno | I26: 0
A27: E | B27: Adicional de Hora Noturna Reduzida | I27: 0
A28: F | B28: Outros - Gratificação - 10% sobre salário base | H28: 0.1 | I28: =I23*H28 -> 410.08
A29: TOTAL DO MÓDULO 1 | I29: =TRUNC(SUM(I23:I28),2) -> 4793.28
A31: MÓDULO 2 – ENCARGOS E BENEFÍCIOS ANUAIS, MENSAIS E DIÁRIOS
A32: Submódulo 2.1 - 13º Salário, Férias e Adicional de Férias | H32: % | I32: VALOR (R$)
A33: A | B33: 13 (Décimo-terceiro) salário | H33: 0.0833 | I33: =$I$29*H33 -> 399.28022
A34: B | B34: Férias e Adicional de Férias | H34: 0.0278 | I34: =H34*I29 -> 133.25318
A35: TOTAL SUBMÓDULO 2.1 | H35: =TRUNC(SUM(H33:H34),4) -> 0.1111 | I35: =TRUNC(SUM(I33:I34),2) -> 532.53
J36: base 2.2 | K36: =I29+I35+I93 -> 5771.07
A37: Submódulo 2.2 - GPS, FGTS e Outras Contribuições | H37: % | I37: VALOR (R$) | J37: Total do mod 1+total submodulo 2.1+total mod 4
A38: A | B38: INSS | H38: 0.2 | I38: =H38*$K$36 -> 1154.214
A39: B | B39: Salário Educação | H39: 0.025 | I39: =H39*$K$36 -> 144.27675
A40: C | B40: SAT (Seguro Acidente de Trabalho) | H40: =0.02*0.843 -> 0.01686 | I40: =H40*$K$36 -> 97.30024
A41: D | B41: SESC ou SESI | H41: 0.015 | I41: =H41*$K$36 -> 86.56605
A42: E | B42: SENAI - SENAC | H42: 0.01 | I42: =H42*$K$36 -> 57.7107
A43: F | B43: SEBRAE | H43: 0.006 | I43: =H43*$K$36 -> 34.62642
A44: G | B44: INCRA | H44: 0.002 | I44: =H44*$K$36 -> 11.54214
A45: H | B45: FGTS | H45: 0.08 | I45: =H45*$K$36 -> 461.6856
A46: TOTAL SUBMÓDULO 2.2 | H46: =SUM(H38:H45) -> 0.35486 | I46: =TRUNC(SUM(I38:I45),2) -> 2047.92
A48: Submódulo 2.3 - Benefícios Mensais e Diários | I48: VALOR (R$)
A49: A | B49: Transporte | H49: - | I49: =(8.55*2*16)-(I23*0.06) -> 27.552
A50: B | B50: Vale Compras ou Cesta Básica (Cláusula 16) | H50: - | I50: =' NUT RT CHEFIA DIARISTA'!I50 -> 225.1
A51: C | B51: Desconto da Mensalidade Associativa (Clausula 8 do CCT) | H51: - | I51: =' NUT RT CHEFIA DIARISTA'!I51 -> 21.666667
A52: D | B52: Gratificação Natalina (Cláusula 15) | H52: - | I52: =' NUT RT CHEFIA DIARISTA'!I52 -> 9.3791667
A53: E | B53: Amparo Sindical Social Familiar (Clausula 19) | H53: - | I53: =' NUT RT CHEFIA DIARISTA'!I53 -> 138.52
A54: F | B54: Benefício e Cidadania e Lifecard Assist (Cláusulas 20 e 21) | H54: - | I54: =' Nutricionista RT SET FEC PLANT'!I54 -> 97.9
A55: G | B55: Dia do Nutricionista (Clausula 30) + Benefício Assistencial (Cláusulas 42) + Contribuição Assistencial Patronal e Taxa Negocial Patronal (Cláusula 43 e 45) | H55: - | I55: =' NUT RT CHEFIA DIARISTA'!I55 -> 419.924
A56: TOTAL SUBMÓDULO 2.3 | I56: =SUM(I49:I55) -> 940.04183
A58: QUADRO-RESUMO DO MÓDULO 2 - ENCARGOS, BENEFÍCIOS ANUAIS, MENSAIS E DIÁRIOS
A59: Módulo 2 - Encargos, Benefícios Anuais, Mensais e Diários | I59: VALOR (R$)
A60: 2.1 | B60: 13º Salário, Férias e Adicional de Férias | I60: =I35 -> 532.53
A61: 2.2 | B61: GPS, FGTS e Outras Contribuições | I61: =I46 -> 2047.92
A62: 2.3 | B62: Benefícios Mensais e Diários | I62: =I56 -> 940.04183
A63: TOTAL DO MÓDULO 2 | I63: =TRUNC(SUM(I60:I62),2) -> 3520.49
A65: MÓDULO 3 – PROVISÃO PARA RESCISÃO
A66: 3 | B66: PROVISÃO PARA RESCISÃO | H66: % | I66: VALOR (R$)
A67: A | B67: Aviso Prévio Indenizado | H67: 0.0042 | I67: =$I$29*H67 -> 20.131776
A68: B | B68: Incidência do FGTS sobre Aviso Prévio Indenizado | H68: =0.08*H67 -> 0.000336 | I68: =H68*I29 -> 1.6105421
A69: C | B69: Multa do FGTS e Contribuição Social sobre o Aviso Prévio Indenizado | H69: =0.5*H68 -> 0.000168 | I69: =$I$29*H69 -> 0.80527104
A70: D | B70: Aviso Prévio Trabalhado | H70: 0.0194 | I70: =$I$29*H70 -> 92.989632
A71: E | B71: Incidência de GPS, FGTS e outras contribuições sobre o Aviso Prévio Trabalhado (alterado pela IN 07/2018) | H71: =H46*H70 -> 0.006884284 | I71: =$I$29*H71 -> 32.998301
A72: F | B72: Multa do FGTS e Contribuição Social sobre o Aviso Prévio Trabalhado. | H72: =0.5*0.08*H70 -> 0.000776 | I72: =$I$29*H72 -> 3.7195853
A73: TOTAL DO MÓDULO 3 | H73: =TRUNC(SUM(H67:H72),4) -> 0.0317 | I73: =TRUNC(SUM(I67:I72),2) -> 152.25
A75: MÓDULO 4 – CUSTO DE REPOSIÇÃO DO PROFISSIONAL AUSENTE
A76: Submódulo 4.1 - Ausências Legais | H76: % | I76: VALOR (R$)
A77: A | B77: Substituto na cobertura de Férias | H77: 0.0833 | I77: =$I$29*H77 -> 399.28022
A78: B | B78: Substituto na cobertura de Ausências Legais | H78: 0.0082 | I78: =$I$29*H78 -> 39.304896
A79: C | B79: Substituto na cobertura de Licença-Paternidade | H79: 0.0002 | I79: =$I$29*H79 -> 0.958656
A80: D | B80: Substituto na cobertura de Ausência por acidente de trabalho | H80: 0.0003 | I80: =$I$29*H80 -> 1.437984
A81: E | B81: Substituto na cobertura de Afastamento Maternidade | H81: 0.0061 | I81: =H81*K81 -> 4.2828054 | J81: base de cálculo | K81: =I33+I34+I51+I52+I53 -> 702.09924
A82: F | B82: Substituto na cobertura de Outras ausências (especificar) | H82: 0 | I82: =$I$29*H82 -> 0
A83: TOTAL SUBMÓDULO 4.1 | H83: =TRUNC(SUM(H77:H82),4) -> 0.0981 | I83: =TRUNC(SUM(I77:I82),2) -> 445.26
A85: Submódulo 4.2 - Intrajornada | H85: % | I85: VALOR (R$)
A86: A | B86: Substituto na cobertura de Intervalo para repouso ou alimentação | H86: 0 | I86: =$I$29*H86 -> 0
A87: TOTAL SUBMÓDULO 4.2 | H87: =TRUNC(SUM(H86),4) -> 0 | I87: =TRUNC(SUM(I86),2) -> 0
A89: QUADRO-RESUMO DO MÓDULO 4 - CUSTO DE REPOSIÇÃO DO PROFISSIONAL AUSENTE
A90: Módulo 4 - Custo de Reposição do Profissional Ausente | I90: VALOR (R$)
A91: 4.1 | B91: Substituto nas Ausências Legais | I91: =I83 -> 445.26
A92: 4.2 | B92: Substituto na intrajornada | I92: =I87 -> 0
A93: TOTAL DO MÓDULO 4 | I93: =TRUNC(SUM(I91:I92),2) -> 445.26
A95: MÓDULO 5 – INSUMOS DIVERSOS
A96: 5 | B96: INSUMOS DIVERSOS | I96: VALOR (R$)
A97: A | B97: Uniformes | H97: - | I97: =Uniformes!E7 -> 58.799927
A98: B | B98: Materiais | H98: - | I98: -
A99: C | B99: Equipamentos | H99: - | I99: -
A100: D | B100: Outros (especificar) | H100: - | I100: -
A101: TOTAL DO MÓDULO 5 | H101: - | I101: =TRUNC(SUM(I97:I100),2) -> 58.79
A103: MÓDULO 6 – CUSTOS INDIRETOS, TRIBUTOS E LUCRO
A104: 6 | B104: CUSTOS INDIRETOS, TRIBUTOS E LUCRO | H104: % | I104: VALOR (R$)
A105: A | B105: Custos Indiretos | H105: 0.03 | I105: =TRUNC(H105*I128,2) -> 269.1
A106: B | B106: Lucro | H106: 0.0679 | I106: =TRUNC(H106*(I105+I128),2) -> 627.33 | J106: =SUM(I105:I106) -> 896.43
A107: C | B107: TRIBUTOS
A108: C.1 | B108: PIS | H108: 0.0165 | I108: =TRUNC(H108*I117,2) -> 189.85
A109: C.2 | B109: COFINS | H109: 0.076 | I109: =TRUNC(H109*I117,2) -> 874.46
A110: C.3 | B110: ISS | H110: 0.05 | I110: =TRUNC(H110*I117,2) -> 575.3 | J110: =SUM(I108:I110) -> 1639.61
A111: TOTAL DO MÓDULO 6 | H111: =SUM(H105:H110) -> 0.2404 | I111: =TRUNC(SUM(I105:I110),2) -> 2536.04
A113: a) | B113: To = Tributos % | H113: =TRUNC(H108+H109+H110,4) -> 0.1425
A115: b) | B115: Po = ( Total dos Módulos 1 a 5 ) + ( Custos indiretos ) + ( Lucro ) | I115: =TRUNC(I128+I105+I106,2) -> 9866.5
A117: c) | B117: P1 = Po / (1 - To) | I117: =TRUNC(I115/(1-H113),2) -> 11506.12
...

Sheet Nutricionista Diarista 
A2: PLANILHA 53 - NUTRICIONISTA DIARISTA (CONTROLE DE QUALIDADE E PLANEJAMENTO)
A4: Discriminação dos Serviços
A5: A | B5: Data de apresentação da proposta
A6: B | B6: Município | H6: Rio de Janeiro
A7: C | B7: SINDICATO DOS NUTRICIONISTAS DO ESTADO DO RIO DE JANEIRO | H7: 2023-2024
A8: D | B8: Nº de meses de execução contratual | H8: 12
A10: Identificação do Serviço
A11: Tipo de Serviço | C11: Unidade de Medida | E11: Quantidade total a contratar (em função da unidade de medida)
A12: Alimentação | C12: Nº Refeições | E12: 2
A14: Dados para composição dos custos referentes à mão-de-obra
A15: 1 | B15: Tipo de serviço (mesmo serviço com características distintas) | H15: Nutricionista Diarista
A16: 2 | B16: Classificação Brasileira de Ocupações (CBO) | H16: 2237-10
A17: 3 | B17: Salário Nominativo da Categoria Profissional | H17: 4100.8
A18: 4 | B18: Categoria profissional (vinculada à execução contratual) | H18: Nutricionista
A19: 5 | B19: Data base da categoria (dia/mês/ano) | H19: 44927
A21: MÓDULO 1 - COMPOSIÇÃO DA REMUNERAÇÃO
A22: 1 | B22: COMPOSIÇÃO DA REMUNERAÇÃO | H22: % | I22: VALOR (R$)
A23: A | B23: Salário Base | I23: =H17 -> 4100.8
A24: B | B24: Adicional Periculosidade | I24: 0
A25: C | B25: Adicional Insalubridade | H25: 0.2 | I25: =1412*H25 -> 282.4
A26: D | B26: Adicional Noturno | I26: 0
A27: E | B27: Adicional de Hora Noturna Reduzida | I27: 0
A28: F | B28: Outros - Gratificação - 15% sobre salário base | H28: 0.15 | I28: =I23*H28 -> 615.12
A29: TOTAL DO MÓDULO 1 | I29: =TRUNC(SUM(I23:I28),2) -> 4998.32
A31: MÓDULO 2 – ENCARGOS E BENEFÍCIOS ANUAIS, MENSAIS E DIÁRIOS
A32: Submódulo 2.1 - 13º Salário, Férias e Adicional de Férias | H32: % | I32: VALOR (R$)
A33: A | B33: 13 (Décimo-terceiro) salário | H33: 0.0833 | I33: =$I$29*H33 -> 416.36006
A34: B | B34: Férias e Adicional de Férias | H34: 0.0278 | I34: =H34*I29 -> 138.9533
A35: TOTAL SUBMÓDULO 2.1 | H35: =TRUNC(SUM(H33:H34),4) -> 0.1111 | I35: =TRUNC(SUM(I33:I34),2) -> 555.31
J36: base 2.2 | K36: =I29+I35+I93 -> 6017.89
A37: Submódulo 2.2 - GPS, FGTS e Outras Contribuições | H37: % | I37: VALOR (R$) | J37: Total do mod 1+total submodulo 2.1+total mod 4
A38: A | B38: INSS | H38: 0.2 | I38: =H38*$K$36 -> 1203.578
A39: B | B39: Salário Educação | H39: 0.025 | I39: =H39*$K$36 -> 150.44725
A40: C | B40: SAT (Seguro Acidente de Trabalho) | H40: =0.02*0.843 -> 0.01686 | I40: =H40*$K$36 -> 101.46163
A41: D | B41: SESC ou SESI | H41: 0.015 | I41: =H41*$K$36 -> 90.26835
A42: E | B42: SENAI - SENAC | H42: 0.01 | I42: =H42*$K$36 -> 60.1789
A43: F | B43: SEBRAE | H43: 0.006 | I43: =H43*$K$36 -> 36.10734
A44: G | B44: INCRA | H44: 0.002 | I44: =H44*$K$36 -> 12.03578
A45: H | B45: FGTS | H45: 0.08 | I45: =H45*$K$36 -> 481.4312
A46: TOTAL SUBMÓDULO 2.2 | H46: =SUM(H38:H45) -> 0.35486 | I46: =TRUNC(SUM(I38:I45),2) -> 2135.5
A48: Submódulo 2.3 - Benefícios Mensais e Diários | I48: VALOR (R$)
A49: A | B49: Transporte | H49: - | I49: =(8.55*2*22)-(0.06*I23) -> 130.152
A50: B | B50: Vale Compras ou Cesta Básica (Cláusula 16) | H50: - | I50: =' Nutricionista RT SET FEC PLANT'!I50 -> 225.1
A51: C | B51: Desconto da Mensalidade Associativa (Clausula 8 do CCT) | H51: - | I51: =' Nutricionista RT SET FEC PLANT'!I51 -> 21.666667
A52: D | B52: Gratificação Natalina (Cláusula 15) | H52: - | I52: =' Nutricionista RT SET FEC PLANT'!I52 -> 9.3791667
A53: E | B53: Amparo Sindical Social Familiar (Clausula 19) | H53: - | I53: =' Nutricionista RT SET FEC PLANT'!I53 -> 138.52
A54: F | B54: Benefício e Cidadania e Lifecard Assist (Cláusulas 20 e 21) | H54: - | I54: =' Nutricionista RT SET FEC PLANT'!I54 -> 97.9
A55: G | B55: Dia do Nutricionista (Clausula 30) + Benefício Assistencial (Cláusulas 42) + Contribuição Assistencial Patronal e Taxa Negocial Patronal (Cláusula 43 e 45) | I55: =' Nutricionista RT SET FEC PLANT'!I55 -> 419.924
A56: TOTAL SUBMÓDULO 2.3 | I56: =SUM(I49:I55) -> 1042.6418
A58: QUADRO-RESUMO DO MÓDULO 2 - ENCARGOS, BENEFÍCIOS ANUAIS, MENSAIS E DIÁRIOS
A59: Módulo 2 - Encargos, Benefícios Anuais, Mensais e Diários | I59: VALOR (R$)
A60: 2.1 | B60: 13º Salário, Férias e Adicional de Férias | I60: =I35 -> 555.31
A61: 2.2 | B61: GPS, FGTS e Outras Contribuições | I61: =I46 -> 2135.5
A62: 2.3 | B62: Benefícios Mensais e Diários | I62: =I56 -> 1042.6418
A63: TOTAL DO MÓDULO 2 | I63: =TRUNC(SUM(I60:I62),2) -> 3733.45
A65: MÓDULO 3 – PROVISÃO PARA RESCISÃO
A66: 3 | B66: PROVISÃO PARA RESCISÃO | H66: % | I66: VALOR (R$)
A67: A | B67: Aviso Prévio Indenizado | H67: 0.0042 | I67: =$I$29*H67 -> 20.992944
A68: B | B68: Incidência do FGTS sobre Aviso Prévio Indenizado | H68: =0.08*H67 -> 0.000336 | I68: =H68*I29 -> 1.6794355
A69: C | B69: Multa do FGTS e Contribuição Social sobre o Aviso Prévio Indenizado | H69: =0.5*H68 -> 0.000168 | I69: =$I$29*H69 -> 0.83971776
A70: D | B70: Aviso Prévio Trabalhado | H70: 0.0194 | I70: =$I$29*H70 -> 96.967408
A71: E | B71: Incidência de GPS, FGTS e outras contribuições sobre o Aviso Prévio Trabalhado (alterado pela IN 07/2018) | H71: =H46*H70 -> 0.006884284 | I71: =$I$29*H71 -> 34.409854
A72: F | B72: Multa do FGTS e Contribuição Social sobre o Aviso Prévio Trabalhado. | H72: =0.5*0.08*H70 -> 0.000776 | I72: =$I$29*H72 -> 3.8786963
A73: TOTAL DO MÓDULO 3 | H73: =TRUNC(SUM(H67:H72),4) -> 0.0317 | I73: =TRUNC(SUM(I67:I72),2) -> 158.76
A75: MÓDULO 4 – CUSTO DE REPOSIÇÃO DO PROFISSIONAL AUSENTE
A76: Submódulo 4.1 - Ausências Legais | H76: % | I76: VALOR (R$)
A77: A | B77: Substituto na cobertura de Férias | H77: 0.0833 | I77: =$I$29*H77 -> 416.36006
A78: B | B78: Substituto na cobertura de Ausências Legais | H78: 0.0082 | I78: =$I$29*H78 -> 40.986224
A79: C | B79: Substituto na cobertura de Licença-Paternidade | H79: 0.0002 | I79: =$I$29*H79 -> 0.999664
A80: D | B80: Substituto na cobertura de Ausência por acidente de trabalho | H80: 0.0003 | I80: =$I$29*H80 -> 1.499496
A81: E | B81: Substituto na cobertura de Afastamento Maternidade | H81: 0.0061 | I81: =H81*K81 -> 4.421763 | J81: base de cálculo | K81: =I33+I34+I51+I52+I53 -> 724.87919
A82: F | B82: Substituto na cobertura de Outras ausências (especificar) | H82: 0 | I82: =$I$29*H82 -> 0
A83: TOTAL SUBMÓDULO 4.1 | H83: =TRUNC(SUM(H77:H82),4) -> 0.0981 | I83: =TRUNC(SUM(I77:I82),2) -> 464.26
A85: Submódulo 4.2 - Intrajornada | H85: % | I85: VALOR (R$)
A86: A | B86: Substituto na cobertura de Intervalo para repouso ou alimentação | H86: 0 | I86: =$I$29*H86 -> 0
A87: TOTAL SUBMÓDULO 4.2 | H87: =TRUNC(SUM(H86),4) -> 0 | I87: =TRUNC(SUM(I86),2) -> 0
A89: QUADRO-RESUMO DO MÓDULO 4 - CUSTO DE REPOSIÇÃO DO PROFISSIONAL AUSENTE
A90: Módulo 4 - Custo de Reposição do Profissional Ausente | I90: VALOR (R$)
A91: 4.1 | B91: Substituto nas Ausências Legais | I91: =I83 -> 464.26
A92: 4.2 | B92: Substituto na intrajornada | I92: =I87 -> 0
A93: TOTAL DO MÓDULO 4 | I93: =TRUNC(SUM(I91:I92),2) -> 464.26
A95: MÓDULO 5 – INSUMOS DIVERSOS
A96: 5 | B96: INSUMOS DIVERSOS | I96: VALOR (R$)
A97: A | B97: Uniformes | H97: - | I97: =Uniformes!E7 -> 58.799927
A98: B | B98: Materiais | H98: - | I98: -
A99: C | B99: Equipamentos | H99: - | I99: -
A100: D | B100: Outros (especificar) | H100: - | I100: -
A101: TOTAL DO MÓDULO 5 | H101: - | I101: =TRUNC(SUM(I97:I100),2) -> 58.79
A103: MÓDULO 6 – CUSTOS INDIRETOS, TRIBUTOS E LUCRO
A104: 6 | B104: CUSTOS INDIRETOS, TRIBUTOS E LUCRO | H104: % | I104: VALOR (R$)
A105: A | B105: Custos Indiretos | H105: 0.03 | I105: =TRUNC(H105*I128,2) -> 282.4
A106: B | B106: Lucro | H106: 0.0679 | I106: =TRUNC(H106*(I105+I128),2) -> 658.35 | J106: =SUM(I105:I106) -> 940.75
A107: C | B107: TRIBUTOS
A108: C.1 | B108: PIS | H108: 0.0165 | I108: =TRUNC(H108*I117,2) -> 199.23
A109: C.2 | B109: COFINS | H109: 0.076 | I109: =TRUNC(H109*I117,2) -> 917.7
A110: C.3 | B110: ISS | H110: 0.05 | I110: =TRUNC(H110*I117,2) -> 603.75 | J110: =SUM(I108:I110) -> 1720.68
A111: TOTAL DO MÓDULO 6 | H111: =SUM(H105:H110) -> 0.2404 | I111: =TRUNC(SUM(I105:I110),2) -> 2661.43
A113: a) | B113: To = Tributos % | H113: =TRUNC(H108+H109+H110,4) -> 0.1425
A115: b) | B115: Po = ( Total dos Módulos 1 a 5 ) + ( Custos indiretos ) + ( Lucro ) | I115: =TRUNC(I128+I105+I106,2) -> 10354.33
A117: c) | B117: P1 = Po / (1 - To) | I117: =TRUNC(I115/(1-H113),2) -> 12075.02
...

Sheet Tec em Nutrição Plant noturno
A2: PLANILHA 54 - TÉCNICO EM NUTRIÇÃO PLANTONISTA NOTURNO
A4: Discriminação dos Serviços
A5: A | B5: Data de apresentação da proposta
A6: B | B6: Município | H6: Rio de Janeiro
A7: C | B7: SALÁRIO.COM.BR | H7: 2024
A8: D | B8: Nº de meses de execução contratual | H8: 12
A10: Identificação do Serviço
A11: Tipo de Serviço | C11: Unidade de Medida | E11: Quantidade total a contratar (em função da unidade de medida)
A12: Alimentação | C12: Nº Refeições | E12: 2
A14: Dados para composição dos custos referentes à mão-de-obra
A15: 1 | B15: Tipo de serviço (mesmo serviço com características distintas) | H15: Tecnico em Nutrição Plantonista Noturno
A16: 2 | B16: Classificação Brasileira de Ocupações (CBO) | H16: 3252-10
A17: 3 | B17: Salário Nominativo da Categoria Profissional | H17: 2002.14
A18: 4 | B18: Categoria profissional (vinculada à execução contratual) | H18: Tecnico em Nutrição
A19: 5 | B19: Data base da categoria (dia/mês/ano) | H19: 2024
A21: MÓDULO 1 - COMPOSIÇÃO DA REMUNERAÇÃO
A22: 1 | B22: COMPOSIÇÃO DA REMUNERAÇÃO | H22: % | I22: VALOR (R$)
A23: A | B23: Salário Base | I23: =H17 -> 2002.14
A24: B | B24: Adicional Periculosidade | I24: 0
A25: C | B25: Adicional Insalubridade | H25: 0.2 | I25: =1412*H25 -> 282.4
A26: D | B26: Adicional Noturno | H26: 0.2 | I26: =H26*I23 -> 400.428
A27: E | B27: Adicional de Hora Noturna Reduzida | I27: 0
A28: F | B28: Outros (especificar) | I28: 0
A29: TOTAL DO MÓDULO 1 | I29: =TRUNC(SUM(I23:I28),2) -> 2684.96
A31: MÓDULO 2 – ENCARGOS E BENEFÍCIOS ANUAIS, MENSAIS E DIÁRIOS
A32: Submódulo 2.1 - 13º Salário, Férias e Adicional de Férias | H32: % | I32: VALOR (R$)
A33: A | B33: 13 (Décimo-terceiro) salário | H33: 0.0833 | I33: =$I$29*H33 -> 223.65717
A34: B | B34: Férias e Adicional de Férias | H34: 0.0278 | I34: =H34*I29 -> 74.641888
A35: TOTAL SUBMÓDULO 2.1 | H35: =TRUNC(SUM(H33:H34),4) -> 0.1111 | I35: =TRUNC(SUM(I33:I34),2) -> 298.29
J36: base 2.2 | K36: =I29+I35+I93 -> 3232.74
A37: Submódulo 2.2 - GPS, FGTS e Outras Contribuições | H37: % | I37: VALOR (R$) | J37: Total do mod 1+total submodulo 2.1+total mod 4
A38: A | B38: INSS | H38: 0.2 | I38: =H38*$K$36 -> 646.548
A39: B | B39: Salário Educação | H39: 0.025 | I39: =H39*$K$36 -> 80.8185
A40: C | B40: SAT (Seguro Acidente de Trabalho) | H40: =0.02*0.843 -> 0.01686 | I40: =H40*$K$36 -> 54.503996
A41: D | B41: SESC ou SESI | H41: 0.015 | I41: =H41*$K$36 -> 48.4911
A42: E | B42: SENAI - SENAC | H42: 0.01 | I42: =H42*$K$36 -> 32.3274
A43: F | B43: SEBRAE | H43: 0.006 | I43: =H43*$K$36 -> 19.39644
A44: G | B44: INCRA | H44: 0.002 | I44: =H44*$K$36 -> 6.46548
A45: H | B45: FGTS | H45: 0.08 | I45: =H45*$K$36 -> 258.6192
A46: TOTAL SUBMÓDULO 2.2 | H46: =SUM(H38:H45) -> 0.35486 | I46: =TRUNC(SUM(I38:I45),2) -> 1147.17
A48: Submódulo 2.3 - Benefícios Mensais e Diários | I48: VALOR (R$)
A49: A | B49: Transporte | H49: - | I49: =(8.55*2*16)-(0.06*I23) -> 153.4716
A50: B | B50: Vale Compras ou Cesta Básica (Cláusula 16 do Sindicato dos Nutricionistas do RJ) | H50: - | I50: =' Nutricionista RT SET FEC PLANT'!I50 -> 225.1
A51: C | B51: Desconto da Mensalidade Associativa (Clausula 8 do CCT do Sindicato dos Nutricionistas do RJ) | H51: - | I51: 0
A52: D | B52: Gratificação Natalina (Cláusula 15 do Sindicato dos Nutricionistas do RJ) | H52: - | I52: =' Nutricionista RT SET FEC PLANT'!I52 -> 9.3791667
A53: E | B53: Benefício e Cidadania e Lifecard Assist (Cláusulas 20 e 21 do Sindicato dos Nutricionistas do RJ) | H53: - | I53: =' Nutricionista RT SET FEC PLANT'!I54 -> 97.9
A54: F | H54: - | I54: 0
A55: G | B55: Outros | H55: - | I55: 0
A56: TOTAL SUBMÓDULO 2.3 | I56: =SUM(I49:I55) -> 485.85077
A58: QUADRO-RESUMO DO MÓDULO 2 - ENCARGOS, BENEFÍCIOS ANUAIS, MENSAIS E DIÁRIOS
A59: Módulo 2 - Encargos, Benefícios Anuais, Mensais e Diários | I59: VALOR (R$)
A60: 2.1 | B60: 13º Salário, Férias e Adicional de Férias | I60: =I35 -> 298.29
A61: 2.2 | B61: GPS, FGTS e Outras Contribuições | I61: =I46 -> 1147.17
A62: 2.3 | B62: Benefícios Mensais e Diários | I62: =I56 -> 485.85077
A63: TOTAL DO MÓDULO 2 | I63: =TRUNC(SUM(I60:I62),2) -> 1931.31
A65: MÓDULO 3 – PROVISÃO PARA RESCISÃO
A66: 3 | B66: PROVISÃO PARA RESCISÃO | H66: % | I66: VALOR (R$)
A67: A | B67: Aviso Prévio Indenizado | H67: 0.0042 | I67: =$I$29*H67 -> 11.276832
A68: B | B68: Incidência do FGTS sobre Aviso Prévio Indenizado | H68: =0.08*H67 -> 0.000336 | I68: =H68*I29 -> 0.90214656
A69: C | B69: Multa do FGTS e Contribuição Social sobre o Aviso Prévio Indenizado | H69: =0.5*H68 -> 0.000168 | I69: =$I$29*H69 -> 0.45107328
A70: D | B70: Aviso Prévio Trabalhado | H70: 0.0194 | I70: =$I$29*H70 -> 52.088224
A71: E | B71: Incidência de GPS, FGTS e outras contribuições sobre o Aviso Prévio Trabalhado (alterado pela IN 07/2018) | H71: =H46*H70 -> 0.006884284 | I71: =$I$29*H71 -> 18.484027
A72: F | B72: Multa do FGTS e Contribuição Social sobre o Aviso Prévio Trabalhado. | H72: =0.5*0.08*H70 -> 0.000776 | I72: =$I$29*H72 -> 2.083529
A73: TOTAL DO MÓDULO 3 | H73: =TRUNC(SUM(H67:H72),4) -> 0.0317 | I73: =TRUNC(SUM(I67:I72),2) -> 85.28
A75: MÓDULO 4 – CUSTO DE REPOSIÇÃO DO PROFISSIONAL AUSENTE
A76: Submódulo 4.1 - Ausências Legais | H76: % | I76: VALOR (R$)
A77: A | B77: Substituto na cobertura de Férias | H77: 0.0833 | I77: =$I$29*H77 -> 223.65717
A78: B | B78: Substituto na cobertura de Ausências Legais | H78: 0.0082 | I78: =$I$29*H78 -> 22.016672
A79: C | B79: Substituto na cobertura de Licença-Paternidade | H79: 0.0002 | I79: =$I$29*H79 -> 0.536992
A80: D | B80: Substituto na cobertura de Ausência por acidente de trabalho | H80: 0.0003 | I80: =$I$29*H80 -> 0.805488
A81: E | B81: Substituto na cobertura de Afastamento Maternidade | H81: 0.0061 | I81: =H81*K81 -> 2.4740272 | J81: base de cálculo | K81: =I33+I34+I51+I52+I53 -> 405.57822
A82: F | B82: Substituto na cobertura de Outras ausências (especificar) | H82: 0 | I82: =$I$29*H82 -> 0
A83: TOTAL SUBMÓDULO 4.1 | H83: =TRUNC(SUM(H77:H82),4) -> 0.0981 | I83: =TRUNC(SUM(I77:I82),2) -> 249.49
A85: Submódulo 4.2 - Intrajornada | H85: % | I85: VALOR (R$)
A86: A | B86: Substituto na cobertura de Intervalo para repouso ou alimentação | H86: 0 | I86: =$I$29*H86 -> 0
A87: TOTAL SUBMÓDULO 4.2 | H87: =TRUNC(SUM(H86),4) -> 0 | I87: =TRUNC(SUM(I86),2) -> 0
A89: QUADRO-RESUMO DO MÓDULO 4 - CUSTO DE REPOSIÇÃO DO PROFISSIONAL AUSENTE
A90: Módulo 4 - Custo de Reposição do Profissional Ausente | I90: VALOR (R$)
A91: 4.1 | B91: Substituto nas Ausências Legais | I91: =I83 -> 249.49
A92: 4.2 | B92: Substituto na intrajornada | I92: =I87 -> 0
A93: TOTAL DO MÓDULO 4 | I93: =TRUNC(SUM(I91:I92),2) -> 249.49
A95: MÓDULO 5 – INSUMOS DIVERSOS
A96: 5 | B96: INSUMOS DIVERSOS | I96: VALOR (R$)
A97: A | B97: Uniformes | H97: - | I97: =Uniformes!E7 -> 58.799927
A98: B | B98: Materiais | H98: - | I98: -
A99: C | B99: Equipamentos | H99: - | I99: -
A100: D | B100: Outros (especificar) | H100: - | I100: -
A101: TOTAL DO MÓDULO 5 | H101: - | I101: =TRUNC(SUM(I97:I100),2) -> 58.79
A103: MÓDULO 6 – CUSTOS INDIRETOS, TRIBUTOS E LUCRO
A104: 6 | B104: CUSTOS INDIRETOS, TRIBUTOS E LUCRO | H104: % | I104: VALOR (R$)
A105: A | B105: Custos Indiretos | H105: 0.03 | I105: =TRUNC(H105*I128,2) -> 150.29
A106: B | B106: Lucro | H106: 0.0679 | I106: =TRUNC(H106*(I105+I128),2) -> 350.37 | J106: =SUM(I105:I106) -> 500.66
A107: C | B107: TRIBUTOS
A108: C.1 | B108: PIS | H108: 0.0165 | I108: =TRUNC(H108*I117,2) -> 106.03
A109: C.2 | B109: COFINS | H109: 0.076 | I109: =TRUNC(H109*I117,2) -> 488.39
A110: C.3 | B110: ISS | H110: 0.05 | I110: =TRUNC(H110*I117,2) -> 321.31 | J110: =SUM(I108:I110) -> 915.73
A111: TOTAL DO MÓDULO 6 | H111: =SUM(H105:H110) -> 0.2404 | I111: =TRUNC(SUM(I105:I110),2) -> 1416.39
A113: a) | B113: To = Tributos % | H113: =TRUNC(H108+H109+H110,4) -> 0.1425
A115: b) | B115: Po = ( Total dos Módulos 1 a 5 ) + ( Custos indiretos ) + ( Lucro ) | I115: =TRUNC(I128+I105+I106,2) -> 5510.49
A117: c) | B117: P1 = Po / (1 - To) | I117: =TRUNC(I115/(1-H113),2) -> 6426.22
...

Sheet Tecnico em Nutrição Plantonista
A2: PLANILHA 55 - TÉCNICO EM NUTRIÇÃO PLANTONISTA
A4: Discriminação dos Serviços
A5: A | B5: Data de apresentação da proposta
A6: B | B6: Município | H6: Rio de Janeiro
A7: C | B7: SALÁRIO.COM.BR | H7: 2024
A8: D | B8: Nº de meses de execução contratual | H8: 12
A10: Identificação do Serviço
A11: Tipo de Serviço | C11: Unidade de Medida | E11: Quantidade total a contratar (em função da unidade de medida)
A12: Alimentação | C12: Nº Refeições | E12: 10
A14: Dados para composição dos custos referentes à mão-de-obra
A15: 1 | B15: Tipo de serviço (mesmo serviço com características distintas) | H15: Tecnico em Nutrição Plantonista
A16: 2 | B16: Classificação Brasileira de Ocupações (CBO) | H16: 3252-10
A17: 3 | B17: Salário Nominativo da Categoria Profissional | H17: 2002.14
A18: 4 | B18: Categoria profissional (vinculada à execução contratual) | H18: Tecnico em Nutrição
A19: 5 | B19: Data base da categoria (dia/mês/ano) | H19: 2024
A21: MÓDULO 1 - COMPOSIÇÃO DA REMUNERAÇÃO
A22: 1 | B22: COMPOSIÇÃO DA REMUNERAÇÃO | H22: % | I22: VALOR (R$)
A23: A | B23: Salário Base | I23: =H17 -> 2002.14
A24: B | B24: Adicional Periculosidade | I24: 0
A25: C | B25: Adicional Insalubridade | H25: 0.2 | I25: =1412*H25 -> 282.4
A26: D | B26: Adicional Noturno | I26: 0
A27: E | B27: Adicional de Hora Noturna Reduzida | I27: 0
A28: F | B28: Outros (especificar) | I28: 0
A29: TOTAL DO MÓDULO 1 | I29: =TRUNC(SUM(I23:I28),2) -> 2284.54
A31: MÓDULO 2 – ENCARGOS E BENEFÍCIOS ANUAIS, MENSAIS E DIÁRIOS
A32: Submódulo 2.1 - 13º Salário, Férias e Adicional de Férias | H32: % | I32: VALOR (R$)
A33: A | B33: 13 (Décimo-terceiro) salário | H33: 0.0833 | I33: =$I$29*H33 -> 190.30218
A34: B | B34: Férias e Adicional de Férias | H34: 0.0278 | I34: =H34*I29 -> 63.510212
A35: TOTAL SUBMÓDULO 2.1 | H35: =TRUNC(SUM(H33:H34),4) -> 0.1111 | I35: =TRUNC(SUM(I33:I34),2) -> 253.81
J36: base 2.2 | K36: =I29+I35+I93 -> 2750.73
A37: Submódulo 2.2 - GPS, FGTS e Outras Contribuições | H37: % | I37: VALOR (R$) | J37: Total do mod 1+total submodulo 2.1+total mod 4
A38: A | B38: INSS | H38: 0.2 | I38: =H38*$K$36 -> 550.146
A39: B | B39: Salário Educação | H39: 0.025 | I39: =H39*$K$36 -> 68.76825
A40: C | B40: SAT (Seguro Acidente de Trabalho) | H40: =0.02*0.843 -> 0.01686 | I40: =H40*$K$36 -> 46.377308
A41: D | B41: SESC ou SESI | H41: 0.015 | I41: =H41*$K$36 -> 41.26095
A42: E | B42: SENAI - SENAC | H42: 0.01 | I42: =H42*$K$36 -> 27.5073
A43: F | B43: SEBRAE | H43: 0.006 | I43: =H43*$K$36 -> 16.50438
A44: G | B44: INCRA | H44: 0.002 | I44: =H44*$K$36 -> 5.50146
A45: H | B45: FGTS | H45: 0.08 | I45: =H45*$K$36 -> 220.0584
A46: TOTAL SUBMÓDULO 2.2 | H46: =SUM(H38:H45) -> 0.35486 | I46: =TRUNC(SUM(I38:I45),2) -> 976.12
A48: Submódulo 2.3 - Benefícios Mensais e Diários | I48: VALOR (R$)
A49: A | B49: Transporte | H49: - | I49: =(8.55*2*16)-(0.06*I23) -> 153.4716
A50: B | B50: Vale Compras ou Cesta Básica (Cláusula 16 do Sindicato dos Nutricionistas do RJ) | H50: - | I50: =' Nutricionista RT SET FEC PLANT'!I50 -> 225.1
A51: C | B51: Desconto da Mensalidade Associativa (Clausula 8 do CCT do Sindicato dos Nutricionistas do RJ) | H51: - | I51: 0
A52: D | B52: Gratificação Natalina (Cláusula 15 do Sindicato dos Nutricionistas do RJ) | H52: - | I52: =' Nutricionista RT SET FEC PLANT'!I52 -> 9.3791667
A53: E | B53: Benefício e Cidadania e Lifecard Assist (Cláusulas 20 e 21 do Sindicato dos Nutricionistas do RJ) | H53: - | I53: =' Nutricionista RT SET FEC PLANT'!I54 -> 97.9
A54: F | H54: - | I54: 0
A55: G | B55: Outros | H55: - | I55: 0
A56: TOTAL SUBMÓDULO 2.3 | I56: =SUM(I49:I55) -> 485.85077
A58: QUADRO-RESUMO DO MÓDULO 2 - ENCARGOS, BENEFÍCIOS ANUAIS, MENSAIS E DIÁRIOS
A59: Módulo 2 - Encargos, Benefícios Anuais, Mensais e Diários | I59: VALOR (R$)
A60: 2.1 | B60: 13º Salário, Férias e Adicional de Férias | I60: =I35 -> 253.81
A61: 2.2 | B61: GPS, FGTS e Outras Contribuições | I61: =I46 -> 976.12
A62: 2.3 | B62: Benefícios Mensais e Diários | I62: =I56 -> 485.85077
A63: TOTAL DO MÓDULO 2 | I63: =TRUNC(SUM(I60:I62),2) -> 1715.78
A65: MÓDULO 3 – PROVISÃO PARA RESCISÃO
A66: 3 | B66: PROVISÃO PARA RESCISÃO | H66: % | I66: VALOR (R$)
A67: A | B67: Aviso Prévio Indenizado | H67: 0.0042 | I67: =$I$29*H67 -> 9.595068
A68: B | B68: Incidência do FGTS sobre Aviso Prévio Indenizado | H68: =0.08*H67 -> 0.000336 | I68: =H68*I29 -> 0.76760544
A69: C | B69: Multa do FGTS e Contribuição Social sobre o Aviso Prévio Indenizado | H69: =0.5*H68 -> 0.000168 | I69: =$I$29*H69 -> 0.38380272
A70: D | B70: Aviso Prévio Trabalhado | H70: 0.0194 | I70: =$I$29*H70 -> 44.320076
A71: E | B71: Incidência de GPS, FGTS e outras contribuições sobre o Aviso Prévio Trabalhado (alterado pela IN 07/2018) | H71: =H46*H70 -> 0.006884284 | I71: =$I$29*H71 -> 15.727422
A72: F | B72: Multa do FGTS e Contribuição Social sobre o Aviso Prévio Trabalhado. | H72: =0.5*0.08*H70 -> 0.000776 | I72: =$I$29*H72 -> 1.772803
A73: TOTAL DO MÓDULO 3 | H73: =TRUNC(SUM(H67:H72),4) -> 0.0317 | I73: =TRUNC(SUM(I67:I72),2) -> 72.56
A75: MÓDULO 4 – CUSTO DE REPOSIÇÃO DO PROFISSIONAL AUSENTE
A76: Submódulo 4.1 - Ausências Legais | H76: % | I76: VALOR (R$)
A77: A | B77: Substituto na cobertura de Férias | H77: 0.0833 | I77: =$I$29*H77 -> 190.30218
A78: B | B78: Substituto na cobertura de Ausências Legais | H78: 0.0082 | I78: =$I$29*H78 -> 18.733228
A79: C | B79: Substituto na cobertura de Licença-Paternidade | H79: 0.0002 | I79: =$I$29*H79 -> 0.456908
A80: D | B80: Substituto na cobertura de Ausência por acidente de trabalho | H80: 0.0003 | I80: =$I$29*H80 -> 0.685362
A81: E | B81: Substituto na cobertura de Afastamento Maternidade | H81: 0.0061 | I81: =H81*K81 -> 2.2026585 | J81: base de cálculo | K81: =I33+I34+I51+I52+I53 -> 361.09156
A82: F | B82: Substituto na cobertura de Outras ausências (especificar) | H82: 0 | I82: =$I$29*H82 -> 0
A83: TOTAL SUBMÓDULO 4.1 | H83: =TRUNC(SUM(H77:H82),4) -> 0.0981 | I83: =TRUNC(SUM(I77:I82),2) -> 212.38
A85: Submódulo 4.2 - Intrajornada | H85: % | I85: VALOR (R$)
A86: A | B86: Substituto na cobertura de Intervalo para repouso ou alimentação | H86: 0 | I86: =$I$29*H86 -> 0
A87: TOTAL SUBMÓDULO 4.2 | H87: =TRUNC(SUM(H86),4) -> 0 | I87: =TRUNC(SUM(I86),2) -> 0
A89: QUADRO-RESUMO DO MÓDULO 4 - CUSTO DE REPOSIÇÃO DO PROFISSIONAL AUSENTE
A90: Módulo 4 - Custo de Reposição do Profissional Ausente | I90: VALOR (R$)
A91: 4.1 | B91: Substituto nas Ausências Legais | I91: =I83 -> 212.38
A92: 4.2 | B92: Substituto na intrajornada | I92: =I87 -> 0
A93: TOTAL DO MÓDULO 4 | I93: =TRUNC(SUM(I91:I92),2) -> 212.38
A95: MÓDULO 5 – INSUMOS DIVERSOS
A96: 5 | B96: INSUMOS DIVERSOS | I96: VALOR (R$)
A97: A | B97: Uniformes | H97: - | I97: =Uniformes!E7 -> 58.799927
A98: B | B98: Materiais | H98: - | I98: -
A99: C | B99: Equipamentos | H99: - | I99: -
A100: D | B100: Outros (especificar) | H100: - | I100: -
A101: TOTAL DO MÓDULO 5 | H101: - | I101: =TRUNC(SUM(I97:I100),2) -> 58.79
A103: MÓDULO 6 – CUSTOS INDIRETOS, TRIBUTOS E LUCRO
A104: 6 | B104: CUSTOS INDIRETOS, TRIBUTOS E LUCRO | H104: % | I104: VALOR (R$)
A105: A | B105: Custos Indiretos | H105: 0.03 | I105: =TRUNC(H105*I128,2) -> 130.32
A106: B | B106: Lucro | H106: 0.0679 | I106: =TRUNC(H106*(I105+I128),2) -> 303.8 | J106: =SUM(I105:I106) -> 434.12
A107: C | B107: TRIBUTOS
A108: C.1 | B108: PIS | H108: 0.0165 | I108: =TRUNC(H108*I117,2) -> 91.94
A109: C.2 | B109: COFINS | H109: 0.076 | I109: =TRUNC(H109*I117,2) -> 423.48
A110: C.3 | B110: ISS | H110: 0.05 | I110: =TRUNC(H110*I117,2) -> 278.61 | J110: =SUM(I108:I110) -> 794.03
A111: TOTAL DO MÓDULO 6 | H111: =SUM(H105:H110) -> 0.2404 | I111: =TRUNC(SUM(I105:I110),2) -> 1228.15
A113: a) | B113: To = Tributos % | H113: =TRUNC(H108+H109+H110,4) -> 0.1425
A115: b) | B115: Po = ( Total dos Módulos 1 a 5 ) + ( Custos indiretos ) + ( Lucro ) | I115: =TRUNC(I128+I105+I106,2) -> 4778.17
A117: c) | B117: P1 = Po / (1 - To) | I117: =TRUNC(I115/(1-H113),2) -> 5572.2
...

Sheet Tecnico Nutrição Diarista
A2: PLANILHA 56 - TÉCNICO EM NUTRIÇÃO DIARISTA
A4: Discriminação dos Serviços
A5: A | B5: Data de apresentação da proposta
A6: B | B6: Município | H6: Rio de Janeiro
A7: C | B7: SALÁRIO.COM.BR | H7: 2024
A8: D | B8: Nº de meses de execução contratual | H8: 12
A10: Identificação do Serviço
A11: Tipo de Serviço | C11: Unidade de Medida | E11: Quantidade total a contratar (em função da unidade de medida)
A12: Alimentação | C12: Nº Refeições | E12: 2
A14: Dados para composição dos custos referentes à mão-de-obra
A15: 1 | B15: Tipo de serviço (mesmo serviço com características distintas) | H15: Tecnico em Nutrição Diarista
A16: 2 | B16: Classificação Brasileira de Ocupações (CBO) | H16: 3252-10
A17: 3 | B17: Salário Nominativo da Categoria Profissional | H17: 2002.14
A18: 4 | B18: Categoria profissional (vinculada à execução contratual) | H18: Tecnico em Nutrição
A19: 5 | B19: Data base da categoria (dia/mês/ano) | H19: 2024
A21: MÓDULO 1 - COMPOSIÇÃO DA REMUNERAÇÃO
A22: 1 | B22: COMPOSIÇÃO DA REMUNERAÇÃO | H22: % | I22: VALOR (R$)
A23: A | B23: Salário Base | I23: =H17 -> 2002.14
A24: B | B24: Adicional Periculosidade | I24: 0
A25: C | B25: Adicional Insalubridade | H25: 0.2 | I25: =1412*H25 -> 282.4
A26: D | B26: Adicional Noturno | I26: =H26*I23 -> 0
A27: E | B27: Adicional de Hora Noturna Reduzida | I27: 0
A28: F | B28: Outros (especificar) | I28: 0
A29: TOTAL DO MÓDULO 1 | I29: =TRUNC(SUM(I23:I28),2) -> 2284.54
A31: MÓDULO 2 – ENCARGOS E BENEFÍCIOS ANUAIS, MENSAIS E DIÁRIOS
A32: Submódulo 2.1 - 13º Salário, Férias e Adicional de Férias | H32: % | I32: VALOR (R$)
A33: A | B33: 13 (Décimo-terceiro) salário | H33: 0.0833 | I33: =$I$29*H33 -> 190.30218
A34: B | B34: Férias e Adicional de Férias | H34: 0.0278 | I34: =H34*I29 -> 63.510212
A35: TOTAL SUBMÓDULO 2.1 | H35: =TRUNC(SUM(H33:H34),4) -> 0.1111 | I35: =TRUNC(SUM(I33:I34),2) -> 253.81
J36: base 2.2 | K36: =I29+I35+I93 -> 2750.73
A37: Submódulo 2.2 - GPS, FGTS e Outras Contribuições | H37: % | I37: VALOR (R$) | J37: Total do mod 1+total submodulo 2.1+total mod 4
A38: A | B38: INSS | H38: 0.2 | I38: =H38*$K$36 -> 550.146
A39: B | B39: Salário Educação | H39: 0.025 | I39: =H39*$K$36 -> 68.76825
A40: C | B40: SAT (Seguro Acidente de Trabalho) | H40: =0.02*0.843 -> 0.01686 | I40: =H40*$K$36 -> 46.377308
A41: D | B41: SESC ou SESI | H41: 0.015 | I41: =H41*$K$36 -> 41.26095
A42: E | B42: SENAI - SENAC | H42: 0.01 | I42: =H42*$K$36 -> 27.5073
A43: F | B43: SEBRAE | H43: 0.006 | I43: =H43*$K$36 -> 16.50438
A44: G | B44: INCRA | H44: 0.002 | I44: =H44*$K$36 -> 5.50146
A45: H | B45: FGTS | H45: 0.08 | I45: =H45*$K$36 -> 220.0584
A46: TOTAL SUBMÓDULO 2.2 | H46: =SUM(H38:H45) -> 0.35486 | I46: =TRUNC(SUM(I38:I45),2) -> 976.12
A48: Submódulo 2.3 - Benefícios Mensais e Diários | I48: VALOR (R$)
A49: A | B49: Transporte | H49: - | I49: =(8.55*2*22)-(0.06*I23) -> 256.0716
A50: B | B50: Vale Compras ou Cesta Básica (Cláusula 16 do Sindicato dos Nutricionistas do RJ) | H50: - | I50: =' Nutricionista RT SET FEC PLANT'!I50 -> 225.1
A51: C | B51: Desconto da Mensalidade Associativa (Clausula 8 do CCT do Sindicato dos Nutricionistas do RJ) | H51: - | I51: 0
A52: D | B52: Gratificação Natalina (Cláusula 15 do Sindicato dos Nutricionistas do RJ) | H52: - | I52: =' Nutricionista RT SET FEC PLANT'!I52 -> 9.3791667
A53: E | B53: Benefício e Cidadania e Lifecard Assist (Cláusulas 20 e 21 do Sindicato dos Nutricionistas do RJ) | H53: - | I53: =' Nutricionista RT SET FEC PLANT'!I54 -> 97.9
A54: F | H54: - | I54: 0
A55: G | B55: Outros | H55: - | I55: 0
A56: TOTAL SUBMÓDULO 2.3 | I56: =SUM(I49:I55) -> 588.45077
A58: QUADRO-RESUMO DO MÓDULO 2 - ENCARGOS, BENEFÍCIOS ANUAIS, MENSAIS E DIÁRIOS
A59: Módulo 2 - Encargos, Benefícios Anuais, Mensais e Diários | I59: VALOR (R$)
A60: 2.1 | B60: 13º Salário, Férias e Adicional de Férias | I60: =I35 -> 253.81
A61: 2.2 | B61: GPS, FGTS e Outras Contribuições | I61: =I46 -> 976.12
A62: 2.3 | B62: Benefícios Mensais e Diários | I62: =I56 -> 588.45077
A63: TOTAL DO MÓDULO 2 | I63: =TRUNC(SUM(I60:I62),2) -> 1818.38
A65: MÓDULO 3 – PROVISÃO PARA RESCISÃO
A66: 3 | B66: PROVISÃO PARA RESCISÃO | H66: % | I66: VALOR (R$)
A67: A | B67: Aviso Prévio Indenizado | H67: 0.0042 | I67: =$I$29*H67 -> 9.595068
A68: B | B68: Incidência do FGTS sobre Aviso Prévio Indenizado | H68: =0.08*H67 -> 0.000336 | I68: =H68*I29 -> 0.76760544
A69: C | B69: Multa do FGTS e Contribuição Social sobre o Aviso Prévio Indenizado | H69: =0.5*H68 -> 0.000168 | I69: =$I$29*H69 -> 0.38380272
A70: D | B70: Aviso Prévio Trabalhado | H70: 0.0194 | I70: =$I$29*H70 -> 44.320076
A71: E | B71: Incidência de GPS, FGTS e outras contribuições sobre o Aviso Prévio Trabalhado (alterado pela IN 07/2018) | H71: =H46*H70 -> 0.006884284 | I71: =$I$29*H71 -> 15.727422
A72: F | B72: Multa do FGTS e Contribuição Social sobre o Aviso Prévio Trabalhado. | H72: =0.5*0.08*H70 -> 0.000776 | I72: =$I$29*H72 -> 1.772803
A73: TOTAL DO MÓDULO 3 | H73: =TRUNC(SUM(H67:H72),4) -> 0.0317 | I73: =TRUNC(SUM(I67:I72),2) -> 72.56
A75: MÓDULO 4 – CUSTO DE REPOSIÇÃO DO PROFISSIONAL AUSENTE
A76: Submódulo 4.1 - Ausências Legais | H76: % | I76: VALOR (R$)
A77: A | B77: Substituto na cobertura de Férias | H77: 0.0833 | I77: =$I$29*H77 -> 190.30218
A78: B | B78: Substituto na cobertura de Ausências Legais | H78: 0.0082 | I78: =$I$29*H78 -> 18.733228
A79: C | B79: Substituto na cobertura de Licença-Paternidade | H79: 0.0002 | I79: =$I$29*H79 -> 0.456908
A80: D | B80: Substituto na cobertura de Ausência por acidente de trabalho | H80: 0.0003 | I80: =$I$29*H80 -> 0.685362
A81: E | B81: Substituto na cobertura de Afastamento Maternidade | H81: 0.0061 | I81: =H81*K81 -> 2.2026585 | J81: base de cálculo | K81: =I33+I34+I51+I52+I53 -> 361.09156
A82: F | B82: Substituto na cobertura de Outras ausências (especificar) | H82: 0 | I82: =$I$29*H82 -> 0
A83: TOTAL SUBMÓDULO 4.1 | H83: =TRUNC(SUM(H77:H82),4) -> 0.0981 | I83: =TRUNC(SUM(I77:I82),2) -> 212.38
A85: Submódulo 4.2 - Intrajornada | H85: % | I85: VALOR (R$)
A86: A | B86: Substituto na cobertura de Intervalo para repouso ou alimentação | H86: 0 | I86: =$I$29*H86 -> 0
A87: TOTAL SUBMÓDULO 4.2 | H87: =TRUNC(SUM(H86),4) -> 0 | I87: =TRUNC(SUM(I86),2) -> 0
A89: QUADRO-RESUMO DO MÓDULO 4 - CUSTO DE REPOSIÇÃO DO PROFISSIONAL AUSENTE
A90: Módulo 4 - Custo de Reposição do Profissional Ausente | I90: VALOR (R$)
A91: 4.1 | B91: Substituto nas Ausências Legais | I91: =I83 -> 212.38
A92: 4.2 | B92: Substituto na intrajornada | I92: =I87 -> 0
A93: TOTAL DO MÓDULO 4 | I93: =TRUNC(SUM(I91:I92),2) -> 212.38
A95: MÓDULO 5 – INSUMOS DIVERSOS
A96: 5 | B96: INSUMOS DIVERSOS | I96: VALOR (R$)
A97: A | B97: Uniformes | H97: - | I97: =Uniformes!E7 -> 58.799927
A98: B | B98: Materiais | H98: - | I98: -
A99: C | B99: Equipamentos | H99: - | I99: -
A100: D | B100: Outros (especificar) | H100: - | I100: -
A101: TOTAL DO MÓDULO 5 | H101: - | I101: =TRUNC(SUM(I97:I100),2) -> 58.79
A103: MÓDULO 6 – CUSTOS INDIRETOS, TRIBUTOS E LUCRO
A104: 6 | B104: CUSTOS INDIRETOS, TRIBUTOS E LUCRO | H104: % | I104: VALOR (R$)
A105: A | B105: Custos Indiretos | H105: 0.03 | I105: =TRUNC(H105*I128,2) -> 133.39
A106: B | B106: Lucro | H106: 0.0679 | I106: =TRUNC(H106*(I105+I128),2) -> 310.98 | J106: =SUM(I105:I106) -> 444.37
A107: C | B107: TRIBUTOS
A108: C.1 | B108: PIS | H108: 0.0165 | I108: =TRUNC(H108*I117,2) -> 94.11
A109: C.2 | B109: COFINS | H109: 0.076 | I109: =TRUNC(H109*I117,2) -> 433.48
A110: C.3 | B110: ISS | H110: 0.05 | I110: =TRUNC(H110*I117,2) -> 285.19 | J110: =SUM(I108:I110) -> 812.78
A111: TOTAL DO MÓDULO 6 | H111: =SUM(H105:H110) -> 0.2404 | I111: =TRUNC(SUM(I105:I110),2) -> 1257.15
A113: a) | B113: To = Tributos % | H113: =TRUNC(H108+H109+H110,4) -> 0.1425
A115: b) | B115: Po = ( Total dos Módulos 1 a 5 ) + ( Custos indiretos ) + ( Lucro ) | I115: =TRUNC(I128+I105+I106,2) -> 4891.02
A117: c) | B117: P1 = Po / (1 - To) | I117: =TRUNC(I115/(1-H113),2) -> 5703.81
...

Sheet Mecânico de Refrigeração
A2: PLANILHA 57 - MECÂNICO DE REFRIGERAÇÃO DIARISTA
A4: Discriminação dos Serviços
A5: A | B5: Data de apresentação da proposta
A6: B | B6: Município | H6: Rio de Janeiro
A7: C | B7: SINDISTAL | H7: 2024-2026
A8: D | B8: Nº de meses de execução contratual | H8: 12
A10: Identificação do Serviço
A11: Tipo de Serviço | C11: Unidade de Medida | E11: Quantidade total a contratar (em função da unidade de medida)
A12: Alimentação | C12: Profissional | E12: 1
A14: Dados para composição dos custos referentes à mão-de-obra
A15: 1 | B15: Tipo de serviço (mesmo serviço com características distintas) | H15: Mecânico de Refrigeração Diarista
A16: 2 | B16: Classificação Brasileira de Ocupações (CBO) | H16: 7257-05
A17: 3 | B17: Salário Nominativo da Categoria Profissional | H17: 2219.8
A18: 4 | B18: Categoria profissional (vinculada à execução contratual) | H18: Mecânico de Refrigeração
A19: 5 | B19: Data base da categoria (dia/mês/ano) | H19: 45352
A21: MÓDULO 1 - COMPOSIÇÃO DA REMUNERAÇÃO
A22: 1 | B22: COMPOSIÇÃO DA REMUNERAÇÃO | H22: % | I22: VALOR (R$)
A23: A | B23: Salário Base | I23: =H17 -> 2219.8
A24: B | B24: Adicional Periculosidade | H24: 0.3 | I24: =I23*H24 -> 665.94
A25: C | B25: Adicional Insalubridade | H25: 0.2 | I25: 0
A26: D | B26: Adicional Noturno | I26: =H26*I23 -> 0
A27: E | B27: Adicional de Hora Noturna Reduzida | I27: 0
A28: F | B28: Outros (especificar) | I28: 0
A29: TOTAL DO MÓDULO 1 | I29: =TRUNC(SUM(I23:I28),2) -> 2885.74
A31: MÓDULO 2 – ENCARGOS E BENEFÍCIOS ANUAIS, MENSAIS E DIÁRIOS
A32: Submódulo 2.1 - 13º Salário, Férias e Adicional de Férias | H32: % | I32: VALOR (R$)
A33: A | B33: 13 (Décimo-terceiro) salário | H33: 0.0833 | I33: =$I$29*H33 -> 240.38214
A34: B | B34: Férias e Adicional de Férias | H34: 0.0278 | I34: =H34*I29 -> 80.223572
A35: TOTAL SUBMÓDULO 2.1 | H35: =TRUNC(SUM(H33:H34),4) -> 0.1111 | I35: =TRUNC(SUM(I33:I34),2) -> 320.6
J36: base 2.2 | K36: =I29+I35+I93 -> 3474.05
A37: Submódulo 2.2 - GPS, FGTS e Outras Contribuições | H37: % | I37: VALOR (R$) | J37: Total do mod 1+total submodulo 2.1+total mod 4
A38: A | B38: INSS | H38: 0.2 | I38: =H38*$K$36 -> 694.81
A39: B | B39: Salário Educação | H39: 0.025 | I39: =H39*$K$36 -> 86.85125
A40: C | B40: SAT (Seguro Acidente de Trabalho) | H40: =0.02*0.843 -> 0.01686 | I40: =H40*$K$36 -> 58.572483
A41: D | B41: SESC ou SESI | H41: 0.015 | I41: =H41*$K$36 -> 52.11075
A42: E | B42: SENAI - SENAC | H42: 0.01 | I42: =H42*$K$36 -> 34.7405
A43: F | B43: SEBRAE | H43: 0.006 | I43: =H43*$K$36 -> 20.8443
A44: G | B44: INCRA | H44: 0.002 | I44: =H44*$K$36 -> 6.9481
A45: H | B45: FGTS | H45: 0.08 | I45: =H45*$K$36 -> 277.924
A46: TOTAL SUBMÓDULO 2.2 | H46: =SUM(H38:H45) -> 0.35486 | I46: =TRUNC(SUM(I38:I45),2) -> 1232.8
A48: Submódulo 2.3 - Benefícios Mensais e Diários | I48: VALOR (R$)
A49: A | B49: Transporte | H49: - | I49: =(8.55*2*22)-(0.06*I23) -> 243.012
A50: B | B50: Auxílio-Refeição/Alimentação (Cláusula 10 da CCT) | H50: - | I50: ='Tec. Manutenção'!I50 -> 368
A51: C | B51: Assistência Médica e Familiar | H51: - | I51: 0
A52: D | B52: Benefício Social Familiar | H52: - | I52: 0
A53: E | B53: Contribuição Assistencial Profissional (Cláusula 39 da CCT) | H53: - | I53: =I23*2% -> 44.396
A54: F | B54: Contribuição Retributiva Negocial (Cláusula 40 da CCT) | H54: - | I54: =I23*6%/12 -> 11.099
A55: G | B55: Outros ( adicional de liderança) | H55: - | I55: 0
A56: TOTAL SUBMÓDULO 2.3 | I56: =SUM(I49:I55) -> 666.507
A58: QUADRO-RESUMO DO MÓDULO 2 - ENCARGOS, BENEFÍCIOS ANUAIS, MENSAIS E DIÁRIOS
A59: Módulo 2 - Encargos, Benefícios Anuais, Mensais e Diários | I59: VALOR (R$)
A60: 2.1 | B60: 13º Salário, Férias e Adicional de Férias | I60: =I35 -> 320.6
A61: 2.2 | B61: GPS, FGTS e Outras Contribuições | I61: =I46 -> 1232.8
A62: 2.3 | B62: Benefícios Mensais e Diários | I62: =I56 -> 666.507
A63: TOTAL DO MÓDULO 2 | I63: =TRUNC(SUM(I60:I62),2) -> 2219.9
A65: MÓDULO 3 – PROVISÃO PARA RESCISÃO
A66: 3 | B66: PROVISÃO PARA RESCISÃO | H66: % | I66: VALOR (R$)
A67: A | B67: Aviso Prévio Indenizado | H67: 0.0042 | I67: =$I$29*H67 -> 12.120108
A68: B | B68: Incidência do FGTS sobre Aviso Prévio Indenizado | H68: =0.08*H67 -> 0.000336 | I68: =H68*I29 -> 0.96960864
A69: C | B69: Multa do FGTS e Contribuição Social sobre o Aviso Prévio Indenizado | H69: =0.5*H68 -> 0.000168 | I69: =$I$29*H69 -> 0.48480432
A70: D | B70: Aviso Prévio Trabalhado | H70: 0.0194 | I70: =$I$29*H70 -> 55.983356
A71: E | B71: Incidência de GPS, FGTS e outras contribuições sobre o Aviso Prévio Trabalhado (alterado pela IN 07/2018) | H71: =H46*H70 -> 0.006884284 | I71: =$I$29*H71 -> 19.866254
A72: F | B72: Multa do FGTS e Contribuição Social sobre o Aviso Prévio Trabalhado. | H72: =0.5*0.08*H70 -> 0.000776 | I72: =$I$29*H72 -> 2.2393342
A73: TOTAL DO MÓDULO 3 | H73: =TRUNC(SUM(H67:H72),4) -> 0.0317 | I73: =TRUNC(SUM(I67:I72),2) -> 91.66
A75: MÓDULO 4 – CUSTO DE REPOSIÇÃO DO PROFISSIONAL AUSENTE
A76: Submódulo 4.1 - Ausências Legais | H76: % | I76: VALOR (R$)
A77: A | B77: Substituto na cobertura de Férias | H77: 0.0833 | I77: =$I$29*H77 -> 240.38214
A78: B | B78: Substituto na cobertura de Ausências Legais | H78: 0.0082 | I78: =$I$29*H78 -> 23.663068
A79: C | B79: Substituto na cobertura de Licença-Paternidade | H79: 0.0002 | I79: =$I$29*H79 -> 0.577148
A80: D | B80: Substituto na cobertura de Ausência por acidente de trabalho | H80: 0.0003 | I80: =$I$29*H80 -> 0.865722
A81: E | B81: Substituto na cobertura de Afastamento Maternidade | H81: 0.0061 | I81: =H81*K81 -> 2.2265105 | J81: base de cálculo | K81: =I33+I34+I51+I52+I53 -> 365.00171
A82: F | B82: Substituto na cobertura de Outras ausências (especificar) | H82: 0 | I82: =$I$29*H82 -> 0
A83: TOTAL SUBMÓDULO 4.1 | H83: =TRUNC(SUM(H77:H82),4) -> 0.0981 | I83: =TRUNC(SUM(I77:I82),2) -> 267.71
A85: Submódulo 4.2 - Intrajornada | H85: % | I85: VALOR (R$)
A86: A | B86: Substituto na cobertura de Intervalo para repouso ou alimentação | H86: 0 | I86: =$I$29*H86 -> 0
A87: TOTAL SUBMÓDULO 4.2 | H87: =TRUNC(SUM(H86),4) -> 0 | I87: =TRUNC(SUM(I86),2) -> 0
A89: QUADRO-RESUMO DO MÓDULO 4 - CUSTO DE REPOSIÇÃO DO PROFISSIONAL AUSENTE
A90: Módulo 4 - Custo de Reposição do Profissional Ausente | I90: VALOR (R$)
A91: 4.1 | B91: Substituto nas Ausências Legais | I91: =I83 -> 267.71
A92: 4.2 | B92: Substituto na intrajornada | I92: =I87 -> 0
A93: TOTAL DO MÓDULO 4 | I93: =TRUNC(SUM(I91:I92),2) -> 267.71
A95: MÓDULO 5 – INSUMOS DIVERSOS
A96: 5 | B96: INSUMOS DIVERSOS | I96: VALOR (R$)
A97: A | B97: Uniformes | H97: - | I97: =Uniformes!E88 -> 82.438089
A98: B | B98: Materiais | H98: - | I98: -
A99: C | B99: Equipamentos | H99: - | I99: -
A100: D | B100: Outros (especificar) | H100: - | I100: -
A101: TOTAL DO MÓDULO 5 | H101: - | I101: =TRUNC(SUM(I97:I100),2) -> 82.43
A103: MÓDULO 6 – CUSTOS INDIRETOS, TRIBUTOS E LUCRO
A104: 6 | B104: CUSTOS INDIRETOS, TRIBUTOS E LUCRO | H104: % | I104: VALOR (R$)
A105: A | B105: Custos Indiretos | H105: 0.03 | I105: =TRUNC(H105*I128,2) -> 166.42
A106: B | B106: Lucro | H106: 0.0679 | I106: =TRUNC(H106*(I105+I128),2) -> 387.97 | J106: =SUM(I105:I106) -> 554.39
A107: C | B107: TRIBUTOS
A108: C.1 | B108: PIS | H108: 0.0165 | I108: =TRUNC(H108*I117,2) -> 117.41
A109: C.2 | B109: COFINS | H109: 0.076 | I109: =TRUNC(H109*I117,2) -> 540.8
A110: C.3 | B110: ISS | H110: 0.05 | I110: =TRUNC(H110*I117,2) -> 355.79 | J110: =SUM(I108:I110) -> 1014
A111: TOTAL DO MÓDULO 6 | H111: =SUM(H105:H110) -> 0.2404 | I111: =TRUNC(SUM(I105:I110),2) -> 1568.39
A113: a) | B113: To = Tributos % | H113: =TRUNC(H108+H109+H110,4) -> 0.1425
A115: b) | B115: Po = ( Total dos Módulos 1 a 5 ) + ( Custos indiretos ) + ( Lucro ) | I115: =TRUNC(I128+I105+I106,2) -> 6101.83
A117: c) | B117: P1 = Po / (1 - To) | I117: =TRUNC(I115/(1-H113),2) -> 7115.83
...

Sheet Magarefe plantonista 
A2: PLANILHA 57 - MAGAREFE PLANTONISTA
A4: Discriminação dos Serviços
A5: A | B5: Data de apresentação da proposta
A6: B | B6: Município | H6: Rio de Janeiro
A7: C | B7: Sindicato dosTrabalhadores nas Empresas de Refeições Coletivas, Refeições Rápidas (FAST FOOD) e Afins do Estado do Rio de Janeiro - SINDIREFEIÇÕES-RJ | H7: 2024
A8: D | B8: Nº de meses de execução contratual | H8: 12
A10: Identificação do Serviço
A11: Tipo de Serviço | C11: Unidade de Medida | E11: Quantidade total a contratar (em função da unidade de medida)
A12: Alimentação | C12: Nº Refeições | E12: 2
A14: Dados para composição dos custos referentes à mão-de-obra
A15: 1 | B15: Tipo de serviço (mesmo serviço com características distintas) | H15: Magarefe Plantonista
A16: 2 | B16: Classificação Brasileira de Ocupações (CBO) | H16: 8485-20
A17: 3 | B17: Salário Nominativo da Categoria Profissional | H17: 1929.4
A18: 4 | B18: Categoria profissional (vinculada à execução contratual) | H18: Magarefe
A19: 5 | B19: Data base da categoria (dia/mês/ano) | H19: 2024
A21: MÓDULO 1 - COMPOSIÇÃO DA REMUNERAÇÃO
A22: 1 | B22: COMPOSIÇÃO DA REMUNERAÇÃO | H22: % | I22: VALOR (R$)
A23: A | B23: Salário Base | I23: =H17 -> 1929.4
A24: B | B24: Adicional Periculosidade | I24: 0
A25: C | B25: Adicional Insalubridade | H25: 0.2 | I25: =1412*H25 -> 282.4
A26: D | B26: Adicional Noturno | I26: =H26*I23 -> 0
A27: E | B27: Adicional de Hora Noturna Reduzida | I27: 0
A28: F | B28: Outros (especificar) | I28: 0
A29: TOTAL DO MÓDULO 1 | I29: =TRUNC(SUM(I23:I28),2) -> 2211.8
A31: MÓDULO 2 – ENCARGOS E BENEFÍCIOS ANUAIS, MENSAIS E DIÁRIOS
A32: Submódulo 2.1 - 13º Salário, Férias e Adicional de Férias | H32: % | I32: VALOR (R$)
A33: A | B33: 13 (Décimo-terceiro) salário | H33: 0.0833 | I33: =$I$29*H33 -> 184.24294
A34: B | B34: Férias e Adicional de Férias | H34: 0.0278 | I34: =H34*I29 -> 61.48804
A35: TOTAL SUBMÓDULO 2.1 | H35: =TRUNC(SUM(H33:H34),4) -> 0.1111 | I35: =TRUNC(SUM(I33:I34),2) -> 245.73
J36: base 2.2 | K36: =I29+I35+I93 -> 2662.96
A37: Submódulo 2.2 - GPS, FGTS e Outras Contribuições | H37: % | I37: VALOR (R$) | J37: Total do mod 1+total submodulo 2.1+total mod 4
A38: A | B38: INSS | H38: 0.2 | I38: =H38*$K$36 -> 532.592
A39: B | B39: Salário Educação | H39: 0.025 | I39: =H39*$K$36 -> 66.574
A40: C | B40: SAT (Seguro Acidente de Trabalho) | H40: =0.02*0.843 -> 0.01686 | I40: =H40*$K$36 -> 44.897506
A41: D | B41: SESC ou SESI | H41: 0.015 | I41: =H41*$K$36 -> 39.9444
A42: E | B42: SENAI - SENAC | H42: 0.01 | I42: =H42*$K$36 -> 26.6296
A43: F | B43: SEBRAE | H43: 0.006 | I43: =H43*$K$36 -> 15.97776
A44: G | B44: INCRA | H44: 0.002 | I44: =H44*$K$36 -> 5.32592
A45: H | B45: FGTS | H45: 0.08 | I45: =H45*$K$36 -> 213.0368
A46: TOTAL SUBMÓDULO 2.2 | H46: =SUM(H38:H45) -> 0.35486 | I46: =TRUNC(SUM(I38:I45),2) -> 944.97
A48: Submódulo 2.3 - Benefícios Mensais e Diários | I48: VALOR (R$)
A49: A | B49: Transporte (onibus intermunicipal + barcas = $ 8,55) fonte ->www.cartaoriocard.com.br | H49: - | I49: =(4.3*2*16)-(0.06*I23) -> 21.836
A50: B | B50: Vale Compras (Cláusula 15 da CCT) | H50: - | I50: ='Serv Limp Plant Diurno'!I50 -> 234.1
A51: C | B51: Taxa Negocial Sindicato Patronal (Cláusula 44 da CCT) | H51: - | I51: 5
A52: D | B52: Contribuição Assistencial Patronal (Cláusulas 42) | H52: - | I52: =(I23*2.7%)-(52.09*0.4) -> 31.2578
A53: E | B53: Contribuição Assistencial dos Empregados (Cláusula 41 da CCT) | H53: - | I53: ='Serv Limp Plant Diurno'!I53 -> 37.808333
A54: F | B54: Benefício Assistencial (Cláusula 40 da CCT) | H54: - | I54: ='Serv Limp Plant Diurno'!I54 -> 33.583333
A55: G | B55: Outros - Gratificação Natalina (Cláusula 14 da CCT) | H55: - | I55: ='Serv Limp Plant Diurno'!I55 -> 8.4583333
A56: TOTAL SUBMÓDULO 2.3 | I56: =SUM(I49:I55) -> 372.0438
A58: QUADRO-RESUMO DO MÓDULO 2 - ENCARGOS, BENEFÍCIOS ANUAIS, MENSAIS E DIÁRIOS
A59: Módulo 2 - Encargos, Benefícios Anuais, Mensais e Diários | I59: VALOR (R$)
A60: 2.1 | B60: 13º Salário, Férias e Adicional de Férias | I60: =I35 -> 245.73
A61: 2.2 | B61: GPS, FGTS e Outras Contribuições | I61: =I46 -> 944.97
A62: 2.3 | B62: Benefícios Mensais e Diários | I62: =I56 -> 372.0438
A63: TOTAL DO MÓDULO 2 | I63: =TRUNC(SUM(I60:I62),2) -> 1562.74
A65: MÓDULO 3 – PROVISÃO PARA RESCISÃO
A66: 3 | B66: PROVISÃO PARA RESCISÃO | H66: % | I66: VALOR (R$)
A67: A | B67: Aviso Prévio Indenizado | H67: 0.0042 | I67: =$I$29*H67 -> 9.28956
A68: B | B68: Incidência do FGTS sobre Aviso Prévio Indenizado | H68: =0.08*H67 -> 0.000336 | I68: =H68*I29 -> 0.7431648
A69: C | B69: Multa do FGTS e Contribuição Social sobre o Aviso Prévio Indenizado | H69: =0.5*H68 -> 0.000168 | I69: =$I$29*H69 -> 0.3715824
A70: D | B70: Aviso Prévio Trabalhado | H70: 0.0194 | I70: =$I$29*H70 -> 42.90892
A71: E | B71: Incidência de GPS, FGTS e outras contribuições sobre o Aviso Prévio Trabalhado (alterado pela IN 07/2018) | H71: =H46*H70 -> 0.006884284 | I71: =$I$29*H71 -> 15.226659
A72: F | B72: Multa do FGTS e Contribuição Social sobre o Aviso Prévio Trabalhado. | H72: =0.5*0.08*H70 -> 0.000776 | I72: =$I$29*H72 -> 1.7163568
A73: TOTAL DO MÓDULO 3 | H73: =TRUNC(SUM(H67:H72),4) -> 0.0317 | I73: =TRUNC(SUM(I67:I72),2) -> 70.25
A75: MÓDULO 4 – CUSTO DE REPOSIÇÃO DO PROFISSIONAL AUSENTE
A76: Submódulo 4.1 - Ausências Legais | H76: % | I76: VALOR (R$)
A77: A | B77: Substituto na cobertura de Férias | H77: 0.0833 | I77: =$I$29*H77 -> 184.24294
A78: B | B78: Substituto na cobertura de Ausências Legais | H78: 0.0082 | I78: =$I$29*H78 -> 18.13676
A79: C | B79: Substituto na cobertura de Licença-Paternidade | H79: 0.0002 | I79: =$I$29*H79 -> 0.44236
A80: D | B80: Substituto na cobertura de Ausência por acidente de trabalho | H80: 0.0003 | I80: =$I$29*H80 -> 0.66354
A81: E | B81: Substituto na cobertura de Afastamento Maternidade | H81: 0.0061 | I81: =H81*K81 -> 1.9507624 | J81: base de cálculo | K81: =I33+I34+I51+I52+I53 -> 319.79711
A82: F | B82: Substituto na cobertura de Outras ausências (especificar) | H82: 0 | I82: =$I$29*H82 -> 0
A83: TOTAL SUBMÓDULO 4.1 | H83: =TRUNC(SUM(H77:H82),4) -> 0.0981 | I83: =TRUNC(SUM(I77:I82),2) -> 205.43
A85: Submódulo 4.2 - Intrajornada | H85: % | I85: VALOR (R$)
A86: A | B86: Substituto na cobertura de Intervalo para repouso ou alimentação | H86: 0 | I86: =$I$29*H86 -> 0
A87: TOTAL SUBMÓDULO 4.2 | H87: =TRUNC(SUM(H86),4) -> 0 | I87: =TRUNC(SUM(I86),2) -> 0
A89: QUADRO-RESUMO DO MÓDULO 4 - CUSTO DE REPOSIÇÃO DO PROFISSIONAL AUSENTE
A90: Módulo 4 - Custo de Reposição do Profissional Ausente | I90: VALOR (R$)
A91: 4.1 | B91: Substituto nas Ausências Legais | I91: =I83 -> 205.43
A92: 4.2 | B92: Substituto na intrajornada | I92: =I87 -> 0
A93: TOTAL DO MÓDULO 4 | I93: =TRUNC(SUM(I91:I92),2) -> 205.43
A95: MÓDULO 5 – INSUMOS DIVERSOS
A96: 5 | B96: INSUMOS DIVERSOS | I96: VALOR (R$)
A97: A | B97: Uniformes | H97: - | I97: =Uniformes!E42 -> 90.675631
A98: B | B98: Materiais | H98: - | I98: -
A99: C | B99: Equipamentos | H99: - | I99: -
A100: D | B100: Outros (especificar) | H100: - | I100: -
A101: TOTAL DO MÓDULO 5 | H101: - | I101: =TRUNC(SUM(I97:I100),2) -> 90.67
A103: MÓDULO 6 – CUSTOS INDIRETOS, TRIBUTOS E LUCRO
A104: 6 | B104: CUSTOS INDIRETOS, TRIBUTOS E LUCRO | H104: % | I104: VALOR (R$)
A105: A | B105: Custos Indiretos | H105: 0.03 | I105: =TRUNC(H105*I128,2) -> 124.22
A106: B | B106: Lucro | H106: 0.0679 | I106: =TRUNC(H106*(I105+I128),2) -> 289.6 | J106: =SUM(I105:I106) -> 413.82
A107: C | B107: TRIBUTOS
A108: C.1 | B108: PIS | H108: 0.0165 | I108: =TRUNC(H108*I117,2) -> 87.64
A109: C.2 | B109: COFINS | H109: 0.076 | I109: =TRUNC(H109*I117,2) -> 403.68
A110: C.3 | B110: ISS | H110: 0.05 | I110: =TRUNC(H110*I117,2) -> 265.58 | J110: =SUM(I108:I110) -> 756.9
A111: TOTAL DO MÓDULO 6 | H111: =SUM(H105:H110) -> 0.2404 | I111: =TRUNC(SUM(I105:I110),2) -> 1170.72
A113: a) | B113: To = Tributos % | H113: =TRUNC(H108+H109+H110,4) -> 0.1425
A115: b) | B115: Po = ( Total dos Módulos 1 a 5 ) + ( Custos indiretos ) + ( Lucro ) | I115: =TRUNC(I128+I105+I106,2) -> 4554.71
A117: c) | B117: P1 = Po / (1 - To) | I117: =TRUNC(I115/(1-H113),2) -> 5311.61
...

Sheet Uniformes
A1: PLANILHA 186 - RELAÇÃO DE UNIFORMES POR CARGO UNIFORMES - Nutricionista / Técnico em Nutrição
A2: ITEM | B2: CUSTO UNITÁRIO (R$) | C2: VIDA ÚTIL (MESES) | D2: QTD | E2: CUSTO MENSAL (R$)
A3: Jaleco branco | B3: 96.701571 | C3: 4 | D3: 3 | E3: =B3*D3/12 -> 24.175393
A4: Rede de malha fina | B4: 8.5956952 | C4: 1 | D4: 12 | E4: =B4*D4/12 -> 8.5956952
A5: Meia social | B5: 7.4137871 | C5: 4 | D5: 3 | E5: =B5*D5/12 -> 1.8534468
A6: Calçados fechados | B6: 96.701571 | C6: 4 | D6: 3 | E6: =B6*D6/12 -> 24.175393
A7: Custo Total Mensal | E7: =SUM(E3:E6) -> 58.799927
A9: UNIFORMES - Assistente Administrativo e Motorista
A10: ITEM | B10: CUSTO UNITÁRIO (R$) | C10: VIDA ÚTIL (MESES) | D10: QTD | E10: CUSTO MENSAL (R$)
A11: Calça social | B11: 64.467714 | C11: 4 | D11: 3 | E11: =B11*D11/12 -> 16.116929
A12: Blusa ou camisa social com manga curta | B12: 59.095405 | C12: 4 | D12: 3 | E12: =B12*D12/12 -> 14.773851
A13: Rede de malha fina | B13: 8.5956952 | C13: 1 | D13: 12 | E13: =B13*D13/12 -> 8.5956952
A14: Meia social | B14: 7.4137871 | C14: 4 | D14: 3 | E14: =B14*D14/12 -> 1.8534468
A15: Calçados fechados | B15: 96.701571 | C15: 4 | D15: 3 | E15: =B15*D15/12 -> 24.175393
A16: Custo Total Mensal | E16: =SUM(E11:E15) -> 65.515314
A18: UNIFORMES - Almoxarife e Auxiliar de Almoxarife
A19: ITEM | B19: CUSTO UNITÁRIO (R$) | C19: VIDA ÚTIL (MESES) | D19: QTD | E19: CUSTO MENSAL (R$)
A20: Calça de brim com cordão e elástico | B20: 59.095405 | C20: 4 | D20: 3 | E20: =B20*D20/12 -> 14.773851
A21: Camisa de brim sem botões e sem bolsos | B21: 55.872019 | C21: 4 | D21: 3 | E21: =B21*D21/12 -> 13.968005
A22: Rede de malha fina | B22: 8.5956952 | C22: 1 | D22: 12 | E22: =B22*D22/12 -> 8.5956952
B23: 0 | E23: =B23*D23/12 -> 0
A24: Meia | B24: 7.4137871 | C24: 4 | D24: 3 | E24: =B24*D24/12 -> 1.8534468
A25: Avental impermeável com amarras | B25: 36.531705 | C25: 4 | D25: 3 | E25: =B25*D25/12 -> 9.1329261
A26: Luvas reforçadas para baixas temperaturas | B26: 53.723095 | C26: 6 | D26: 2 | E26: =B26*D26/12 -> 8.9538492
A27: Japona forrada e reforçada com capuz | B27: 107.44619 | C27: 12 | D27: 1 | E27: =B27*D27/12 -> 8.9538492
A28: Cinto de Proteção Lombar | B28: 68.765562 | C28: 4 | D28: 3 | E28: =B28*D28/12 -> 17.19139
A29: Botas antiderrapantes | B29: 81.659104 | C29: 4 | D29: 3 | E29: =B29*D29/12 -> 20.414776
A30: Custo Total Mensal | E30: =SUM(E20:E29) -> 103.83779
A32: UNIFORMES - Magarefe
A33: ITEM | B33: CUSTO UNITÁRIO (R$) | C33: VIDA ÚTIL (MESES) | D33: QTD | E33: CUSTO MENSAL (R$)
A34: Calça de brim com cordão e elástico | B34: 59.095405 | C34: 4 | D34: 3 | E34: =B34*D34/12 -> 14.773851
A35: Camisa de brim sem botões e sem bolsos | B35: 55.872019 | C35: 4 | D35: 3 | E35: =B35*D35/12 -> 13.968005
A36: Rede de malha fina | B36: 8.5956952 | C36: 1 | D36: 12 | E36: =B36*D36/12 -> 8.5956952
B37: 0 | E37: =B37*D37/12 -> 0
A38: Meia | B38: 7.4137871 | C38: 4 | D38: 3 | E38: =B38*D38/12 -> 1.8534468
A39: Avental impermeável com amarras | B39: 36.531705 | C39: 4 | D39: 3 | E39: =B39*D39/12 -> 9.1329261
A40: Luvas de malha de aço | B40: 263.24317 | C40: 12 | D40: 1 | E40: =B40*D40/12 -> 21.93693
A41: Botas antiderrapantes | B41: 81.659104 | C41: 4 | D41: 3 | E41: =B41*D41/12 -> 20.414776
A42: Custo Total Mensal | E42: =SUM(E34:E41) -> 90.675631
A45: UNIFORMES - Cozinheiro e Auxiliar de Cozinheiro
A46: ITEM | B46: CUSTO UNITÁRIO (R$) | C46: VIDA ÚTIL (MESES) | D46: QTD | E46: CUSTO MENSAL (R$)
A47: Calça de brim com cordão e elástico | B47: 59.095405 | C47: 4 | D47: 3 | E47: =B47*D47/12 -> 14.773851
A48: Camisa de brim sem botões e sem bolsos | B48: 55.872019 | C48: 4 | D48: 3 | E48: =B48*D48/12 -> 13.968005
A49: Rede de malha fina | B49: 8.5956952 | C49: 1 | D49: 12 | E49: =B49*D49/12 -> 8.5956952
B50: 0 | E50: =B50*D50/12 -> 0
A51: Meia | B51: 7.4137871 | C51: 4 | D51: 3 | E51: =B51*D51/12 -> 1.8534468
A52: Luva de Kevlar | B52: 135.3822 | C52: 4 | D52: 3 | E52: =B52*D52/12 -> 33.84555
A53: Avental térmico anti-chamas | B53: 128.93543 | C53: 4 | D53: 3 | E53: =B53*D53/12 -> 32.233857
A54: Sapatos antiderrapantes | B54: 81.659104 | C54: 4 | D54: 3 | E54: =B54*D54/12 -> 20.414776
A55: Custo Total Mensal | E55: =SUM(E47:E54) -> 125.68518
A57: UNIFORMES - Copeiros
A58: ITEM | B58: CUSTO UNITÁRIO (R$) | C58: VIDA ÚTIL (MESES) | D58: QTD | E58: CUSTO MENSAL (R$)
A59: Calça de brim com cordão e elástico | B59: 59.095405 | C59: 4 | D59: 3 | E59: =B59*D59/12 -> 14.773851
A60: Camisa de brim sem botões e sem bolsos | B60: 55.872019 | C60: 4 | D60: 3 | E60: =B60*D60/12 -> 13.968005
A61: Touca de rede com aba | B61: 26.861548 | C61: 1 | D61: 12 | E61: =B61*D61/12 -> 26.861548
A62: Meia | B62: 7.4137871 | C62: 4 | D62: 3 | E62: =B62*D62/12 -> 1.8534468
A63: Avental tecido com amarras | B63: 37.606167 | C63: 4 | D63: 3 | E63: =B63*D63/12 -> 9.4015416
A64: Sapatos antiderrapantes | B64: 81.659104 | C64: 4 | D64: 3 | E64: =B64*D64/12 -> 20.414776
A65: Custo Total Mensal | E65: =SUM(E59:E64) -> 87.273168
A67: UNIFORMES - Servente de Limpeza
A68: ITEM | B68: CUSTO UNITÁRIO (R$) | C68: VIDA ÚTIL (MESES) | D68: QTD | E68: CUSTO MENSAL (R$)
A69: Calça de brim com cordão e elástico | B69: 59.095405 | C69: 4 | D69: 3 | E69: =B69*D69/12 -> 14.773851
A70: Camisa de brim sem botões e sem bolsos | B70: 55.872019 | C70: 4 | D70: 3 | E70: =B70*D70/12 -> 13.968005
A71: Rede de malha fina | B71: 8.5956952 | C71: 1 | D71: 12 | E71: =B71*D71/12 -> 8.5956952
B72: 0 | E72: =B72*D72/12 -> 0
A73: Meia | B73: 7.4137871 | C73: 4 | D73: 3 | E73: =B73*D73/12 -> 1.8534468
A74: Avental impermeável com amarras | B74: 36.531705 | C74: 4 | D74: 3 | E74: =B74*D74/12 -> 9.1329261
A75: Luvas de borracha reforçada | B75: 19.340314 | C75: 1 | D75: 12 | E75: =B75*D75/12 -> 19.340314
A76: Botas antiderrapantes | B76: 81.659104 | C76: 4 | D76: 3 | E76: =B76*D76/12 -> 20.414776
A77: Custo Total Mensal | E77: =SUM(E69:E76) -> 88.079014
A79: UNIFORMES - Técnico Manutenção Predial e Auxiliar Mecânico de Refrigeração
A80: ITEM | B80: CUSTO UNITÁRIO (R$) | C80: VIDA ÚTIL (MESES) | D80: QTD | E80: CUSTO MENSAL (R$)
A81: Macacão de brim com manga comprida | B81: 126.7865 | C81: 6 | D81: 2 | E81: =B81*D81/12 -> 21.131084
A82: Boné | B82: 21.489238 | C82: 6 | D82: 2 | E82: =B82*D82/12 -> 3.5815397
A83: Rede de malha fina | B83: 8.5956952 | C83: 1 | D83: 12 | E83: =B83*D83/12 -> 8.5956952
A84: Meia social | B84: 7.4137871 | C84: 4 | D84: 3 | E84: =B84*D84/12 -> 1.8534468
A85: Óculos de segurança | B85: 3.2233857 | C85: 6 | D85: 2 | E85: =B85*D85/12 -> 0.53723095
A86: Luva raspa fatiada | B86: 16.116929 | C86: 4 | D86: 3 | E86: =B86*D86/12 -> 4.0292321
A87: Botas antiderrapantes e anti choque elétrico | B87: 170.83944 | C87: 4 | D87: 3 | E87: =B87*D87/12 -> 42.709861
A88: Custo Total Mensal | E88: =SUM(E81:E87) -> 82.438089
A89: UNIFORMES - Cozinheiro Lider
A90: ITEM | B90: CUSTO UNITÁRIO (R$) | C90: VIDA ÚTIL (MESES) | D90: QTD | E90: CUSTO MENSAL (R$)
A91: Calça de brim com cordão e elástico | B91: 59.095405 | C91: 4 | D91: 3 | E91: =B91*D91/12 -> 14.773851
A92: Dolmã | B92: 85.956952 | C92: 4 | D92: 3 | E92: =B92*D92/12 -> 21.489238
A93: Rede de malha fina | B93: 8.5956952 | C93: 1 | D93: 12 | E93: =B93*D93/12 -> 8.5956952
A94: Touca de Chefe | B94: 26.861548 | C94: 4 | D94: 3 | E94: =B94*D94/12 -> 6.7153869
A95: Meia | B95: 7.4137871 | C95: 4 | D95: 3 | E95: =B95*D95/12 -> 1.8534468
A96: Luva de Kevlar | B96: 135.3822 | C96: 12 | D96: 1 | E96: =B96*D96/12 -> 11.28185
A97: Avental tecido com amarras | B97: 37.606167 | C97: 4 | D97: 3 | E97: =B97*D97/12 -> 9.4015416
A98: Sapatos antiderrapantes | B98: 81.659104 | C98: 4 | D98: 3 | E98: =B98*D98/12 -> 20.414776
A99: Custo Total Mensal | E99: =SUM(E91:E98) -> 94.525786
A102: Valores retirados do processo E-26/008/3282/2019 corrigidos pelo índice IPCA de 05/2022 a 01/2024 na Calculadora do Cidadão - https://www3.bcb.gov.br/CALCIDADAO/publico/exibirFormCorrecaoValores.do?method=exibirFormCorrecaoValores&aba=1#
